Workbook
Name d: [1]DATOS!$H$4:$H$12
Name dep: [1]DATOS!$D$3:$D$6
Name Deportes1: [2]DATOS!$H$4:$H$12
Name Deportes1: [3]DATOS!$H$4:$H$12
Name Deportes2: [2]DATOS!$I$4:$I$11
Name Deportes2: [3]DATOS!$I$4:$I$11
Name Deportes3: [2]DATOS!$K$4:$K$8
Name Deportes3: [3]DATOS!$K$4:$K$8
Name FF: [4]DATOS!$K$4:$K$8
Name INCLUIYENTE: [5]DATOS!$H$4:$H$12
Name INCLUYENTE: [5]DATOS!$J$4:$J$12
Name JUVENTUD: [6]DATOS!$J$4:$J$12
Name OTRPO: [7]DATOS!$D$3:$D$6
Name Proyecto: [2]DATOS!$D$3:$D$6
Name Proyecto: [3]DATOS!$D$3:$D$6
Name Recreacion: [2]DATOS!$J$4:$J$12
Name Recreacion: [3]DATOS!$J$4:$J$12
Name TEC: [8]DATOS!$I$4:$I$11

Sheet 04 JUNIO 
A1: ZONA NORTE
A2: RUTAS CICLOVÍA 40 M3 | I2: LUDICA CICLOVÍA, ESCUELA DE LA BICI, ADICIONALES 25 M3 | R2: CONOS CICLOVÍA 25 M3
A3: CORREDOR | B3: # OPERARIOS | C3: # CAMIONES | D3: MODELO | E3: DISPONIBILIDAD | F3: TIPO DE SERVICIO | G3: $ | I3: ZONA | J3: CORREDOR | K3: # OPERARIOS | L3: # CAMIONES | M3: MODELO | N3: DISPONIBILIDAD | O3: TIPO DE SERVICIO | P3: $ | R3: ZONA | S3: CORREDOR | T3: # OPERARIOS | U3: # CAMIONES | V3: MODELO | W3: DISPONIBILIDAD | X3: TIPO DE SERVICIO | Y3: $
A4: NORTE 1 | B4: =+IF(F4=0,0,MID(F4,LEN(F4)-3,1)) -> 4 | C4: 1 | D4: 2014-2020 | E4: =+IF(F4=0,0,CONCATENATE(MID(F4,FIND("-",F4,1)+1,4),"ORAS")) -> 15 HORAS | F4: 1.CAMION TIPO40m³-15 HORAS-4 OP | G4: =+IF(F4="","",VLOOKUP(F4,$H$140:$I$192,2,FALSE)) -> 582964 | I4: CENTRO | J4: ESCUELA | K4: 3 | L4: 1 | M4: 2014-2020 | N4: =+IF(O4=0,0,CONCATENATE(MID(O4,FIND("-",O4,1)+1,4),"ORAS")) -> 15 HORAS | O4: 17.CAMION TIPO25m³-15 HORAS-3 OP | P4: =+IF(O4="","",VLOOKUP(O4,$H$140:$I$192,2,FALSE)) -> 443323 | R4: CENTRO | S4: CENTRO 5 CAMION 1 UNICONOS | T4: =+IF(X4=0,0,MID(X4,LEN(X4)-3,1)) -> 3 | U4: 1 | V4: 2014-2020 | W4: =+IF(X4=0,0,CONCATENATE(MID(X4,FIND("-",X4,1)+1,4),"ORAS")) -> 15 HORAS | X4: 17.CAMION TIPO25m³-15 HORAS-3 OP | Y4: =+IF(X4="","",VLOOKUP(X4,$H$140:$I$192,2,FALSE)) -> 443323
A5: NORTE 2 | B5: =+IF(F5=0,0,MID(F5,LEN(F5)-3,1)) -> 3 | C5: 1 | D5: 2014-2020 | E5: =+IF(F5=0,0,CONCATENATE(MID(F5,FIND("-",F5,1)+1,4),"ORAS")) -> 15 HORAS | F5: 2.CAMION TIPO40m³-15 HORAS-3 OP | G5: =+IF(F5="","",VLOOKUP(F5,$H$140:I$192,2,FALSE)) -> 514916 | I5: CENTRO | J5: CAMIONETA FURGONADA PENDONES CALLE 26 | K5: 0 | L5: 1 | M5: 2014-2020 | N5: =+IF(O5=0,0,CONCATENATE(MID(O5,FIND("-",O5,1)+1,4),"ORAS")) -> 15 HORAS | O5: 31.CAMION TIPOFURGON-15 HORAS | P5: =+IF(O5="","",VLOOKUP(O5,$H$140:$I$192,2,FALSE)) -> 239262 | R5: CENTRO | S5: CENTRO 5 CAMION 2 UNICONOS | T5: =+IF(X5=0,0,MID(X5,LEN(X5)-3,1)) -> 3 | U5: 1 | V5: 2014-2020 | W5: =+IF(X5=0,0,CONCATENATE(MID(X5,FIND("-",X5,1)+1,4),"ORAS")) -> 15 HORAS | X5: 17.CAMION TIPO25m³-15 HORAS-3 OP | Y5: =+IF(X5="","",VLOOKUP(X5,$H$140:$I$192,2,FALSE)) -> 443323
A6: NORTE 3 | B6: =+IF(F6=0,0,MID(F6,LEN(F6)-3,1)) -> 3 | C6: 1 | D6: 2014-2020 | E6: =+IF(F6=0,0,CONCATENATE(MID(F6,FIND("-",F6,1)+1,4),"ORAS")) -> 15 HORAS | F6: 2.CAMION TIPO40m³-15 HORAS-3 OP | G6: =+IF(F6="","",VLOOKUP(F6,$H$140:I$192,2,FALSE)) -> 514916 | I6: CENTRO | J6: ATN | K6: 4 | L6: 1 | M6: 2014-2020 | N6: =+IF(O6=0,0,CONCATENATE(MID(O6,FIND("-",O6,1)+1,4),"ORAS")) -> 15 HORAS | O6: 16.CAMION TIPO25m³-15 HORAS-4 OP | P6: =+IF(O6="","",VLOOKUP(O6,$H$140:$I$192,2,FALSE)) -> 501739 | R6: CENTRO | S6: CENTRO 4 CAMION 3 UNICONOS | T6: =+IF(X6=0,0,MID(X6,LEN(X6)-3,1)) -> 3 | U6: 1 | V6: 2014-2020 | W6: =+IF(X6=0,0,CONCATENATE(MID(X6,FIND("-",X6,1)+1,4),"ORAS")) -> 15 HORAS | X6: 17.CAMION TIPO25m³-15 HORAS-3 OP | Y6: =+IF(X6="","",VLOOKUP(X6,$H$140:$I$192,2,FALSE)) -> 443323
A7: NORTE 4 | B7: =+IF(F7=0,0,MID(F7,LEN(F7)-3,1)) -> 3 | C7: 1 | D7: 2014-2020 | E7: =+IF(F7=0,0,CONCATENATE(MID(F7,FIND("-",F7,1)+1,4),"ORAS")) -> 15 HORAS | F7: 2.CAMION TIPO40m³-15 HORAS-3 OP | G7: =+IF(F7="","",VLOOKUP(F7,$H$140:I$192,2,FALSE)) -> 514916 | I7: CENTRO | J7: CICLOPASEO POLONIA | K7: 2 | L7: 1 | M7: 2014-2020 | N7: =+IF(O7=0,0,CONCATENATE(MID(O7,FIND("-",O7,1)+1,4),"ORAS")) -> 09 HORAS | O7: 22.CAMION TIPO25m³-09 HORAS-3 OP | P7: =+IF(O7="","",VLOOKUP(O7,$H$140:$I$192,2,FALSE)) -> 386383 | X7: 0 | Y7: =+IF(X7="","",VLOOKUP(X7,$H$140:$I$186,2,FALSE)) -> 0
A8: NORTE 5 ZONA 1 | B8: =+IF(F8=0,0,MID(F8,LEN(F8)-3,1)) -> 3 | C8: 1 | D8: 2014-2020 | E8: =+IF(F8=0,0,CONCATENATE(MID(F8,FIND("-",F8,1)+1,4),"ORAS")) -> 15 HORAS | F8: 2.CAMION TIPO40m³-15 HORAS-3 OP | G8: =+IF(F8="","",VLOOKUP(F8,$H$140:I$192,2,FALSE)) -> 514916 | N8: =+IF(O8=0,0,CONCATENATE(MID(O8,FIND("-",O8,1)+1,4),"ORAS")) -> 0 | O8: 0 | P8: =+IF(O8="","",VLOOKUP(O8,$H$140:$I$192,2,FALSE)) -> 0 | U8: =+U4+U5+U6+U7 -> 3
A9: NORTE 5 ZONA 2 | B9: =+IF(F9=0,0,MID(F9,LEN(F9)-3,1)) -> 3 | C9: 1 | D9: 2014-2020 | E9: =+IF(F9=0,0,CONCATENATE(MID(F9,FIND("-",F9,1)+1,4),"ORAS")) -> 15 HORAS | F9: 2.CAMION TIPO40m³-15 HORAS-3 OP | G9: =+IF(F9="","",VLOOKUP(F9,$H$140:I$192,2,FALSE)) -> 514916
A10: NORTE 1 MALETINES | B10: =+IF(F10=0,0,MID(F10,LEN(F10)-3,1)) -> 4 | C10: 1 | D10: 2014-2020 | E10: =+IF(F10=0,0,CONCATENATE(MID(F10,FIND("-",F10,1)+1,4),"ORAS")) -> 15 HORAS | F10: 1.CAMION TIPO40m³-15 HORAS-4 OP | G10: =+IF(F10="","",VLOOKUP(F10,$H$140:I$192,2,FALSE)) -> 582964
A11: NORTE 1 DIVISORES | B11: =+IF(F11=0,0,MID(F11,LEN(F11)-3,1)) -> 4 | C11: 1 | D11: 2014-2020 | E11: =+IF(F11=0,0,CONCATENATE(MID(F11,FIND("-",F11,1)+1,4),"ORAS")) -> 15 HORAS | F11: 1.CAMION TIPO40m³-15 HORAS-4 OP | G11: =+IF(F11="","",VLOOKUP(F11,$H$140:$I$192,2,FALSE)) -> 582964
B13: =+B10+B9+B8+B7+B6+B5+B4+B11 -> 27 | C13: =+C10+C9+C8+C7+C6+C5+C4 -> 7 | G13: =SUM(G4:G12) -> 4323472 | R13: OPERARIOS ADICIONALES
A14: RUTAS CICLOVÍA 25 M3 | R14: ZONA | S14: CORREDOR | T14: # OPERARIOS | U14: # CAMIONES | V14: MODELO | W14: DISPONIBILIDAD | X14: TIPO DE SERVICIO | Y14: $
A15: CORREDOR | B15: # OPERARIOS | C15: # CAMIONES | D15: MODELO | E15: DISPONIBILIDAD | F15: TIPO DE SERVICIO | G15: $ | R15: CENTRO | S15: APOYO CICLOVÍA | T15: 3 | U15: 0 | V15: NA | W15: =+IF(X15=0,0,CONCATENATE(MID(X15,FIND("-",X15,1)+1,4),"ORAS")) -> 08 HORAS | X15: 41.OPERARIO-08 HORAS | Y15: =+(IF(X15="","",VLOOKUP(X15,$H$140:$I$192,2,FALSE)))*T15 -> 160731
B16: =+IF(F16=0,0,MID(F16,LEN(F16)-3,1)) -> 0 | E16: =+IF(F16=0,0,CONCATENATE(MID(F16,FIND("-",F16,1)+1,4),"ORAS")) -> 0 | F16: 0 | G16: =+IF(F16="","",VLOOKUP(F16,$H$140:I$192,2,FALSE)) -> 0 | I16: ATN CICLOVÍA, ESCUELA DE LA BICI, ADICIONALES 40 M3 | R16: CENTRO | S16: ADICIONALES | T16: 3 | U16: 0 | V16: NA | W16: =+IF(X16=0,0,CONCATENATE(MID(X16,FIND("-",X16,1)+1,4),"ORAS")) -> 08 HORAS | X16: 41.OPERARIO-08 HORAS | Y16: =+(IF(X16="","",VLOOKUP(X16,$H$140:$I$192,2,FALSE)))*T16 -> 160731
I17: ZONA | J17: CORREDOR | K17: # OPERARIOS | L17: # CAMIONES | M17: MODELO | N17: DISPONIBILIDAD | O17: TIPO DE SERVICIO | P17: $
I18: CENTRO | J18: CICLOVIA INTERNACIONAL | K18: 3 | L18: 1 | M18: 2014-2020 | N18: =+IF(O18=0,0,CONCATENATE(MID(O18,FIND("-",O18,1)+1,4),"ORAS")) -> 09 HORAS | O18: 7.CAMION TIPO40m³-09 HORAS-3 OP | P18: =+IF(O18="","",VLOOKUP(O18,$H$140:$I$192,2,FALSE)) -> 450204 | R18: CAMIONETA 4 X4 DOBLE CABINA CON PLATON
O19: 0 | P19: =+IF(O19="","",VLOOKUP(O19,$H$140:$I$192,2,FALSE)) -> 0 | R19: ZONA | S19: CORREDOR | T19: # OPERARIOS | U19: # CAMIONES | V19: MODELO | W19: DISPONIBILIDAD | X19: TIPO DE SERVICIO | Y19: $
R20: NORTE | S20: APOYO CICLOVÍA | T20: NA | U20: NA | V20: 2014-2020 | W20: =+IF(X20=0,0,CONCATENATE(MID(X20,FIND("-",X20,1)+1,4),"ORAS")) -> 15 HORAS | X20: 34.4X4-15 HORAS | Y20: =+IF(X20="","",VLOOKUP(X20,$H$140:$I$192,2,FALSE)) -> 373234
R21: NORTE | S21: APOYO CICLOVÍA | T21: NA | U21: NA | V21: 2014-2020 | W21: =+IF(X21=0,0,CONCATENATE(MID(X21,FIND("-",X21,1)+1,4),"ORAS")) -> 15 HORAS | X21: 34.4X4-15 HORAS | Y21: =+IF(X21="","",VLOOKUP(X21,$H$140:$I$192,2,FALSE)) -> 373234
R22: CENTRO | S22: APOYO CICLOVÍA | T22: NA | U22: 1 | V22: 2014-2020 | W22: =+IF(X22=0,0,CONCATENATE(MID(X22,FIND("-",X22,1)+1,4),"ORAS")) -> 15 HORAS | X22: 31.CAMION TIPOFURGON-15 HORAS | Y22: =+IF(X22="","",VLOOKUP(X22,$H$140:$I$192,2,FALSE)) -> 239262
A23: valor total | B23: =SUM(B4:B13)+B16+B17+B18+B19+B20+B22 -> 27 | C23: =+C4+C5+C6+C7+C8+C9+C10+C16 -> 7 | G23: =SUM(G13,G16:G22) -> 4323472 | R23: CENTRO | S23: APOYO CICLOVÍA | T23: NA | U23: NA | V23: 2014-2020 | W23: =+IF(X23=0,0,CONCATENATE(MID(X23,FIND("-",X23,1)+1,4),"ORAS")) -> 15 HORAS | X23: 34.4X4-15 HORAS | Y23: =+IF(X23="","",VLOOKUP(X23,$H$140:$I$192,2,FALSE)) -> 373234
A24: ZONA CENTRO | R24: SUR | S24: APOYO CICLOVÍA | T24: NA | U24: NA | V24: 2014-2020 | W24: =+IF(X24=0,0,CONCATENATE(MID(X24,FIND("-",X24,1)+1,4),"ORAS")) -> 15 HORAS | X24: 34.4X4-15 HORAS | Y24: =+IF(X24="","",VLOOKUP(X24,$H$140:$I$192,2,FALSE)) -> 373234
A25: RUTAS CICLOVÍA 40 M3 | X25: 0 | Y25: =+IF(X25="","",VLOOKUP(X25,$H$140:$I$192,2,FALSE)) -> 0
A26: CORREDOR | B26: # OPERARIOS | C26: # CAMIONES | D26: MODELO | E26: DISPONIBILIDAD | F26: TIPO DE SERVICIO | G26: $ | J26: TOTAL | K26: =SUM(K4:K15,K18:K25) -> 12 | L26: =SUM(L4:L25) -> 5 | P26: =SUM(P4:P25) -> 2020911 | X26: 0 | Y26: =+IF(X26="","",VLOOKUP(X26,$H$140:$I$192,2,FALSE)) -> 0
A27: CENTRO 1 | B27: =+IF(F27=0,0,MID(F27,LEN(F27)-3,1)) -> 3 | C27: 1 | D27: 2014-2020 | E27: =+IF(F27=0,0,CONCATENATE(MID(F27,FIND("-",F27,1)+1,4),"ORAS")) -> 15 HORAS | F27: 2.CAMION TIPO40m³-15 HORAS-3 OP | G27: =+IF(F27="","",VLOOKUP(F27,$H$140:I$192,2,FALSE)) -> 514916
A28: CENTRO 2 | B28: =+IF(F28=0,0,MID(F28,LEN(F28)-3,1)) -> 4 | C28: 1 | D28: 2014-2020 | E28: =+IF(F28=0,0,CONCATENATE(MID(F28,FIND("-",F28,1)+1,4),"ORAS")) -> 15 HORAS | F28: 1.CAMION TIPO40m³-15 HORAS-4 OP | G28: =+IF(F28="","",VLOOKUP(F28,$H$140:I$192,2,FALSE)) -> 582964
A29: CENTRO 4 | B29: =+IF(F29=0,0,MID(F29,LEN(F29)-3,1)) -> 3 | C29: 1 | D29: 2014-2020 | E29: =+IF(F29=0,0,CONCATENATE(MID(F29,FIND("-",F29,1)+1,4),"ORAS")) -> 15 HORAS | F29: 2.CAMION TIPO40m³-15 HORAS-3 OP | G29: =+IF(F29="","",VLOOKUP(F29,$H$140:I$192,2,FALSE)) -> 514916 | S29: TOTAL | T29: =T4+T5+T6+T15+T16 -> 15 | U29: =SUM(U4:U7,U22) -> 4 | Y29: =SUM(Y4:Y26) -> 3383629
A30: CENTRO 5 | B30: 3 | C30: 1 | D30: 2014-2020 | E30: =+IF(F30=0,0,CONCATENATE(MID(F30,FIND("-",F30,1)+1,4),"ORAS")) -> 15 HORAS | F30: 2.CAMION TIPO40m³-15 HORAS-3 OP | G30: =+IF(F30="","",VLOOKUP(F30,$H$140:I$192,2,FALSE)) -> 514916
A33: RUTAS CICLOVÍA 25 M3
B34: # OPERARIOS | C34: # CAMIONES | D34: MODELO | F34: TIPO DE SERVICIO | G34: $
A35: CENTRO 3 ZONA 1 | B35: =+IF(F35=0,0,MID(F35,LEN(F35)-3,1)) -> 3 | C35: 1 | D35: 2014-2020 | E35: =+IF(F35=0,0,CONCATENATE(MID(F35,FIND("-",F35,1)+1,4),"ORAS")) -> 15 HORAS | F35: 17.CAMION TIPO25m³-15 HORAS-3 OP | G35: =+IF(F35="","",VLOOKUP(F35,$H$140:I$192,2,FALSE)) -> 443323
A36: CENTRO 3 ZONA 2 | B36: =+IF(F36=0,0,MID(F36,LEN(F36)-3,1)) -> 3 | C36: 1 | D36: 2014-2020 | E36: =+IF(F36=0,0,CONCATENATE(MID(F36,FIND("-",F36,1)+1,4),"ORAS")) -> 15 HORAS | F36: 17.CAMION TIPO25m³-15 HORAS-3 OP | G36: =+IF(F36="","",VLOOKUP(F36,$H$140:I$192,2,FALSE)) -> 443323
A37: CENTRO 6 ZONA 1 | B37: =+IF(F37=0,0,MID(F37,LEN(F37)-3,1)) -> 3 | C37: 1 | D37: 2014-2020 | E37: =+IF(F37=0,0,CONCATENATE(MID(F37,FIND("-",F37,1)+1,4),"ORAS")) -> 15 HORAS | F37: 17.CAMION TIPO25m³-15 HORAS-3 OP | G37: =+IF(F37="","",VLOOKUP(F37,$H$140:I$192,2,FALSE)) -> 443323
A38: CENTRO 6 ZONA 2 | B38: =+IF(F38=0,0,MID(F38,LEN(F38)-3,1)) -> 3 | C38: 1 | D38: 2014-2020 | E38: =+IF(F38=0,0,CONCATENATE(MID(F38,FIND("-",F38,1)+1,4),"ORAS")) -> 15 HORAS | F38: 17.CAMION TIPO25m³-15 HORAS-3 OP | G38: =+IF(F38="","",VLOOKUP(F38,$H$140:I$192,2,FALSE)) -> 443323
E39: =+IF(F39=0,0,CONCATENATE(MID(F39,FIND("-",F39,1)+1,4),"ORAS")) -> 0 | F39: 0 | G39: =+IF(F39="","",VLOOKUP(F39,$H$140:I$192,2,FALSE)) -> 0
A41: valor total | B41: =+B27+B28+B29+B35+B36+B37+B38+B39+B30 -> 25 | C41: =SUM(C27:C32)+C35+C36+C37+C38+C39+C40 -> 8 | E41: =+IF(F41=0,0,CONCATENATE(MID(F41,FIND("-",F41,1)+1,3),"ORAS")) -> 0 | G41: =SUM(G27:G32,G35:G40) -> 3901004
A42: ZONA SUR
A43: RUTAS CICLOVÍA 40 M3
A44: CORREDOR | B44: # OPERARIOS | C44: # CAMIONES | D44: MODELO | E44: DISPONIBILIDAD | F44: TIPO DE SERVICIO | G44: $
A53: RUTAS CICLOVÍA 25 M3
A54: CORREDOR | B54: # OPERARIOS | C54: # CAMIONES | D54: MODELO | E54: DISPONIBILIDAD | F54: TIPO DE SERVICIO | G54: $
A55: SUR 1 ZONA 1 | B55: =+IF(F55=0,0,MID(F55,LEN(F55)-3,1)) -> 3 | C55: 1 | D55: 2014-2020 | E55: =+IF(F55=0,0,CONCATENATE(MID(F55,FIND("-",F55,1)+1,4),"ORAS")) -> 15 HORAS | F55: 17.CAMION TIPO25m³-15 HORAS-3 OP | G55: =+IF(F55="","",VLOOKUP(F55,$H$140:I$192,2,FALSE)) -> 443323
A56: SUR 1 ZONA 2 | B56: =+IF(F56=0,0,MID(F56,LEN(F56)-3,1)) -> 3 | C56: 1 | D56: 2014-2020 | E56: =+IF(F56=0,0,CONCATENATE(MID(F56,FIND("-",F56,1)+1,4),"ORAS")) -> 15 HORAS | F56: 17.CAMION TIPO25m³-15 HORAS-3 OP | G56: =+IF(F56="","",VLOOKUP(F56,$H$140:I$192,2,FALSE)) -> 443323
A57: SUR 1 MALETINES | B57: =+IF(F57=0,0,MID(F57,LEN(F57)-3,1)) -> 3 | C57: 1 | D57: 2014-2020 | E57: =+IF(F57=0,0,CONCATENATE(MID(F57,FIND("-",F57,1)+1,4),"ORAS")) -> 15 HORAS | F57: 17.CAMION TIPO25m³-15 HORAS-3 OP | G57: =+IF(F57="","",VLOOKUP(F57,$H$140:I$192,2,FALSE)) -> 443323
A58: SUR 2 | B58: =+IF(F58=0,0,MID(F58,LEN(F58)-3,1)) -> 3 | C58: 1 | D58: 2014-2020 | E58: =+IF(F58=0,0,CONCATENATE(MID(F58,FIND("-",F58,1)+1,4),"ORAS")) -> 15 HORAS | F58: 17.CAMION TIPO25m³-15 HORAS-3 OP | G58: =+IF(F58="","",VLOOKUP(F58,$H$140:I$192,2,FALSE)) -> 443323
A59: SUR 2 CANECAS 1 | B59: =+IF(F59=0,0,MID(F59,LEN(F59)-3,1)) -> 3 | C59: 1 | D59: 2014-2020 | E59: =+IF(F59=0,0,CONCATENATE(MID(F59,FIND("-",F59,1)+1,4),"ORAS")) -> 15 HORAS | F59: 17.CAMION TIPO25m³-15 HORAS-3 OP | G59: =+IF(F59="","",VLOOKUP(F59,$H$140:I$192,2,FALSE)) -> 443323
A60: SUR 2 CANECAS 2 | B60: =+IF(F60=0,0,MID(F60,LEN(F60)-3,1)) -> 3 | C60: 1 | D60: 2014-2020 | E60: =+IF(F60=0,0,CONCATENATE(MID(F60,FIND("-",F60,1)+1,4),"ORAS")) -> 15 HORAS | F60: 17.CAMION TIPO25m³-15 HORAS-3 OP | G60: =+IF(F60="","",VLOOKUP(F60,$H$140:I$192,2,FALSE)) -> 443323
A61: SUR 2 CANECAS 3 | B61: =+IF(F61=0,0,MID(F61,LEN(F61)-3,1)) -> 3 | C61: 1 | D61: 2014-2020 | E61: =+IF(F61=0,0,CONCATENATE(MID(F61,FIND("-",F61,1)+1,4),"ORAS")) -> 15 HORAS | F61: 17.CAMION TIPO25m³-15 HORAS-3 OP | G61: =+IF(F61="","",VLOOKUP(F61,$H$140:I$192,2,FALSE)) -> 443323
A62: SUR 2 CANECAS 4 | B62: =+IF(F62=0,0,MID(F62,LEN(F62)-3,1)) -> 3 | C62: 1 | D62: 2014-2020 | E62: =+IF(F62=0,0,CONCATENATE(MID(F62,FIND("-",F62,1)+1,4),"ORAS")) -> 15 HORAS | F62: 17.CAMION TIPO25m³-15 HORAS-3 OP | G62: =+IF(F62="","",VLOOKUP(F62,$H$140:I$192,2,FALSE)) -> 443323
A63: SUR 3 ZONA 1 | B63: =+IF(F63=0,0,MID(F63,LEN(F63)-3,1)) -> 2 | C63: 1 | D63: 2014-2020 | E63: =+IF(F63=0,0,CONCATENATE(MID(F63,FIND("-",F63,1)+1,4),"ORAS")) -> 15 HORAS | F63: 18.CAMION TIPO25m³-15 HORAS-2 OP | G63: =+IF(F63="","",VLOOKUP(F63,$H$140:I$192,2,FALSE)) -> 388652
A64: SUR 3 ZONA 2 | B64: =+IF(F64=0,0,MID(F64,LEN(F64)-3,1)) -> 3 | C64: 1 | D64: 2014-2020 | E64: =+IF(F64=0,0,CONCATENATE(MID(F64,FIND("-",F64,1)+1,4),"ORAS")) -> 15 HORAS | F64: 17.CAMION TIPO25m³-15 HORAS-3 OP | G64: =+IF(F64="","",VLOOKUP(F64,$H$140:I$192,2,FALSE)) -> 443323
A66: valor total | B66: =B47+B48+B49+B50+B51+B52+B55+B56+B57+B58+B59+B60+B61+B62+B63+B64 -> 29 | C66: =SUM(C47:C52,C55:C65) -> 10 | G66: =SUM(G47:G52,G55:G65) -> 4378559
A68: TOTAL | B68: =B66+B41+B23 -> 81 | C68: =C66+C41+C23 -> 25 | G68: =SUM(G23,G41,G66) -> 12603035
J69: GRAN TOTAL OPERA | K69: =K26+B68+T29+AB26 -> 108
J70: GRAN TOTAL CAMIONES | K70: =L26+C68+U29+AC26 -> 34 | M70: ZONA NORTE | N70: ZONA CENTRO | O70: ZONA SUR
J71: VALOR $ | K71: =SUM(G68,P26,Y29) -> 18007575 | M71: =SUM(G4:G12,G16:G22,Y20:Y21) -> 5069940 | N71: =SUM(G27:G32,G35:G40,P4:P15,P18:P25,Y4:Y7,Y15:Y16,Y22:Y23) -> 8185842 | O71: =SUM(G47:G52,G55:G64,Y24) -> 4751793 | P71: =SUM(M71:O71) -> 18007575
A73: OTRAS NOVEDADES DE JORNADA
A74: MOVIMIENTOS: * SE REQUIERE QUE LOS TRES OPERARI@S PARA APOYO DE CICLOVÍA LLEGUEN A PLAZA DE LOS ARTESANOS Carrera 60 #63A-52 A LAS 10:00 AM Y ESTEN DISPONIBLES 05:00 PM. ENCARGADO LUIS MARTINEZ 3124158470. * LA CAMIONETA FURGONADA DE PENDONES DE CALLE 26 DEBE LLEGAR A LAS 4:00 AM A LA PLAZA DE ARTESANOS, JUNTO CON LOS DOS OPERARIOS ADICIONALES. *SE RECUERDA QUE PARA LOS CORREDORES DE LA CALLE 26 SU HORA DE CIERRE SON LAS 6:30 AM COMO HORA MAXIMA, POR LO CUAL ESTOS CORREDORES DE ACUERDO LA PLAN DE MANEJO DE TRANSITO - PMT SE DEBEN HABLITAR A LA HORA NARRADA, POR FAVOR HACER LOS AJUSTES CORRESPONDIENTES PARA QUE ESTOS CAMIONES DISTRIBUYAN EL MATERIAL ANTES, Y FINALICEN EN UN HORARIO ANTES DE LAS 6:30 HRS PARA EL CAMIÓN DE RUTA, GARATIZANDO EL CIERRE PARA QUE LOS VEHICULOS DE CONOS PUEDAN DISTRIBUIR DESDE LAS 6:30 AM Y COMO MAXIMO HASTA LAS 7:00 AM. *PARA ALGUNOS VEHICULOS SALE MATERIAL ADICIONAL POR FAVOR TENER MUY ENCUENTA EL CUBICAJE DE CADA UNO DE LOS VEHICULOS. *SE CAMBIO EL MATERIAL PARA LOS CORREDORES DE N1, N2, N3, C1, C4 Y C5 SE SOLCITA SOCIALIZAR CON LOS OPERARIOS DE ESTAS RUTAS EL BUEN TRATO DEL MATERIAL, ENTENDIENDO QUE ES NUEVO. *SE SOLICTA NUEVAMENTE SOCIALIZAR CON LOS OPERARIOS QUE DEBEN DEJAR LOS ELEMENTOS CARGADOS EN LAS CABINAS COMO, TULAS, PALETAS Y CINTAS EN LA PAZA 4 EN LOS STANDS. LOS CUALES FUERON SOCIALIZADOS EL 19 DE MARZO 2023 CON LOS COORDINADORES DE LA EMPRESA. CAMIONETA 1: CAMIONETA DEBE LLEGAR A LAS 4:00 AM A PLAZA DE LOS ARTESANOS QUEDA DISPONIBLE. ENCARGADO KEVIN SILVA 3214765973 CAMIONETA 2: CAMIONETA DEBE LLEGAR A LAS 10:00 AM A PLAZA DE LOS ARTESANOS QUEDA DISPONIBLE. ENCARGADO DANIELA RATIVA 3505967621 CAMIONETA 3: CAMIONETA DEBE LLEGAR A LAS 4:00 AM A PLAZA DE LOS ARTESANOS QUEDA DISPONIBLE. ENCARGADO FELIPE CAMELO 3134952714 CAMIONETA 4: CAMIONETA DEBE LLEGAR A LAS 4:00 AM A PLAZA DE LOS ARTESANOS QUEDA DISPONIBLE. ENVARGADO ANDRES LIZARAZO 3193068226 FURGONADA: CAMIONETA DEBE LLEGAR A LAS 5:30 AM A PLAZA DE LOS ARTESANOS, QUEDA DISPONIBLE. ENCARGADO DANIELA RATIVA 3505967621 ESCUELA DE LA BICI: EL VEHÍCULO DE ESCUELA. SE ACALARA QUE DEBEN COMUNICARSE CON EL TALENTO HUMANO DE EL PROGRAMA DE ESCUELA DE LA BICICLETA SERGIO PRIETO CEL 3167160204, LO ANTERIOR PARA COORDINAR LOS PUNTOS Y LOS DESPLAZAMIENTOS. VEHICULO POR 15 HORAS ATN: EL CAMIÓN DE ATN DEBE LLEGAR A PLAZA DE LOS ARTESANOS A LAS 7 AM, POSTERIORMENTE DRIGIRSE A LOS PUNTOS; CONTACTAR A JULIETTE ARROYO 3012802342, SERVICIO POR 15 HORAS. C1 - AV. BOYACPA X CALLE 64 C S1 - CARRERA 78 X CALLE 41 A SUR EL CICLOPARQUEADERO DE LA CALLE 80 SE DEBE IR EN EL CAMIÓN DE DIVISORES Y DEBE DESCARGARSE EN LA AV BOYACA CON CALLE 80, POR FAVOR CORDINADOR DE LA ZONA NORTE ESTAR MUY PENDIENTE. CICLOPASEO POLONIA: DEBE LLEGAR A PLAZA DE ARTESANOS A LAS 6:00 AM, Y REALIZAR EL CARGUE DE 32 BICICLETAS CON SUS RESPECTIVOS CASCOS, PARA POSTERIORMENTE DIRIGIRSE A PARQUE EL VIRREY DEBE ESTAR ANTES DE LAS 8:00 AM. SERCIVIO POR 9 HORAS. CICLOVIA INTERNACIONAL: DEBE LLEGAR A LAS 7:00 AM A PLAZA DE ARTESANOS Y DESPLZARSE AL AEROPUERTO INTERNACIONAL EL DORADO POSTERIORMENTE REALIZAR LA RECOLECCIÓN SOBRE LAS 14:00 HRS. SERVICIO POR 9 HORAS. DISPONIBLES: SE DEBE DEJAR DOS CAMIONES DE 25m2 CON 3 OPERARIOS LOS CUALES DEBEN REGRESAR A LA PLAZA DE LOS ARTESANOS A LAS 8:30 AM, ENCARGADO EDDY CAMACHO 3163678143. LUDICA Y PEDAGOGIA: LA CAMIONETA FURGONADA DEBE LLEGAR COMO DE COSTUMBRE 5:30 AM, CARGAR LOS ELEMENTOS DE LA ACTIVIDAD Y DIRIGIRSE A LA AV BOYACA CON CARERA 24. DE ACUERDO A LAS POSIBLES MARCHAS QUE SE PUEDAN PRESENTAR CON LAS FUERZAS MILITARES, ES POSIBLE QUE DESAHBILITE ALGUNOS CORREDORES, ESTAR MUY PRESTOS PARA LA DESHABILITACIÓN.
A94: Apoyan Guardaines ATN Norte 4, Norte 2 y Norte 3 Apoan Guardianes ATN Norte 1, Centro 1 y Centro 5 Apoyan Guardianes ATN Centro 4, Centro 3 y Sur 3 Apoyan Guardianes ATN Sur 1, Sur 2 y Centro 2
J139: TIPO DE DISPONIBILIDAD | K139: OPERARIOS
F140: 0 | G140: 0 | H140: 0 | I140: 0 | J140: 0 | K140: 0 | L140: 0 | M140: 0 | N140: =+CONCATENATE(G140,"VEHICULO",M140) -> 0VEHICULO0
F141: 40m³-15H-4OP | G141: 1. | H141: 1.CAMION TIPO40m³-15 HORAS-4 OP | I141: 582964 | J141: C | K141: 4 | L141: 1 SENCILLO 15H 4OP | M141: . | N141: =+CONCATENATE(G141,F141) -> 1.40m³-15H-4OP
F142: 40m³-15H-3OP | G142: 2. | H142: 2.CAMION TIPO40m³-15 HORAS-3 OP | I142: 514916 | J142: C | K142: 3 | L142: 2 SENCILLO 15H 3OP | M142: . | N142: =+CONCATENATE(G142,F142) -> 2.40m³-15H-3OP
F143: 40m³-15H-2OP | G143: 3. | H143: 3.CAMION TIPO40m³-15 HORAS-2 OP | I143: 448638 | J143: C | K143: 2 | L143: 3 SENCILLO 15H 2OP | M143: . | N143: =+CONCATENATE(G143,F143) -> 3.40m³-15H-2OP
F144: 40m³-15H-1OP | G144: 4. | H144: 4.CAMION TIPO40m³-15 HORAS-1 OP | I144: 381163 | J144: C | K144: 1 | L144: 4 SENCILLO 15H 1OP | M144: . | N144: =+CONCATENATE(G144,F144) -> 4.40m³-15H-1OP
F145: 40m³-15H-0OP | G145: 5. | H145: 5.CAMION TIPO40m³-15 HORAS-0 OP | I145: 321680 | J145: C | K145: 0 | L145: 5 SENCILLO 15H 0OP | M145: . | N145: =+CONCATENATE(G145,F145) -> 5.40m³-15H-0OP
F146: 40m³-9H-4OP | G146: 6. | H146: 6.CAMION TIPO40m³-09 HORAS-4 OP | I146: 509192 | J146: M | K146: 4 | L146: 6 SENCILLO M 4OP | M146: . | N146: =+CONCATENATE(G146,F146) -> 6.40m³-9H-4OP
F147: 40m³-9H-3OP | G147: 7. | H147: 7.CAMION TIPO40m³-09 HORAS-3 OP | I147: 450204 | J147: M | K147: 3 | L147: 7 SENCILLO M 3OP | M147: . | N147: =+CONCATENATE(G147,F147) -> 7.40m³-9H-3OP
F148: 40m³-9H-2OP | G148: 8. | H148: 8.CAMION TIPO40m³-09 HORAS-2 OP | I148: 392186 | J148: M | K148: 2 | L148: 8 SENCILLO M 2OP | M148: . | N148: =+CONCATENATE(G148,F148) -> 8.40m³-9H-2OP
F149: 40m³-9H-1OP | G149: 9. | H149: 9.CAMION TIPO40m³-09 HORAS-1 OP | I149: 329397 | J149: M | K149: 1 | L149: 9 SENCILLO M 1OP | M149: . | N149: =+CONCATENATE(G149,F149) -> 9.40m³-9H-1OP
F150: 40m³-9H-0OP | G150: 10. | H150: 10.CAMION TIPO40m³-09 HORAS-0 OP | I150: 280919 | J150: M | K150: 0 | L150: 10 SENCILLO M 0OP | M150: . | N150: =+CONCATENATE(G150,F150) -> 10.40m³-9H-0OP
F151: 40m³-4H-4OP | G151: 11. | H151: 11.CAMION TIPO40m³-04 HORAS-4 OP | I151: 420585 | J151: R | K151: 4 | L151: 11 SENCILLO R 4OP | M151: . | N151: =+CONCATENATE(G151,F151) -> 11.40m³-4H-4OP
F152: 40m³-4H-3OP | G152: 12. | H152: 12.CAMION TIPO40m³-04 HORAS-3 OP | I152: 369327 | J152: R | K152: 3 | L152: 12 SENCILLO R 3OP | M152: . | N152: =+CONCATENATE(G152,F152) -> 12.40m³-4H-3OP
... F182: OPERARIO-6-H | G182: 42. | H182: 42.OPERARIO-06 HORAS | I182: 41562 | J182: H | K182: 0 | L182: 42 OPERARIO 6 H | M182: . | N182: =+CONCATENATE(G182,F182) -> 42.OPERARIO-6-H
F183: BOGOTA-REGION-40m³- | G183: 43. | H183: 43.BOGOTA-REGION-40m³-9 HORAS | I183: 628232 | N183: =+CONCATENATE(G183,F183) -> 43.BOGOTA-REGION-40m³-
F184: BOGOTA-REGION-25m³- | G184: 44. | H184: 44.BOGOTA-REGION-25m³-9 HORAS | I184: 562619 | N184: =+CONCATENATE(G184,F184) -> 44.BOGOTA-REGION-25m³-
F185: BOGOTA-REGION-FURGON- | G185: 45. | H185: 45.BOGOTA-REGION-FURGON-9 HORAS | I185: 418264 | N185: =+CONCATENATE(G185,F185) -> 45.BOGOTA-REGION-FURGON-
F186: BOGOTA-REGION-4X4 | G186: 46. | H186: 46.BOGOTA-REGION-4X4-9 HORAS | I186: 288714 | N186: =+CONCATENATE(G186,F186) -> 46.BOGOTA-REGION-4X4
H187: 47. 6 OPERARIO-06 HORAS | I187: =41562*6 -> 249372 | J187: H | N187: =+CONCATENATE(G187,F187)
H188: 48. 8 OPERARIO-06 HORAS | I188: =41562*8 -> 332496 | J188: H
H189: 49. 10 OPERARIO-06 HORAS | I189: =41562*8 -> 332496 | J189: H
H190: 50. 6 OPERARIO-08 HORAS | I190: =53577*10 -> 535770 | J190: H
H191: 51. 8 OPERARIO-08 HORAS | I191: =53577*8 -> 428616 | J191: H
H192: 52. 10 OPERARIO-08 HORAS | I192: =53577*10 -> 535770 | J192: H

Sheet 11 JUNIO
A1: ZONA NORTE
A2: RUTAS CICLOVÍA 40 M3 | I2: LUDICA CICLOVÍA, ESCUELA DE LA BICI, ADICIONALES 25 M3 | R2: CONOS CICLOVÍA 25 M3
A3: CORREDOR | B3: # OPERARIOS | C3: # CAMIONES | D3: MODELO | E3: DISPONIBILIDAD | F3: TIPO DE SERVICIO | G3: $ | I3: ZONA | J3: CORREDOR | K3: # OPERARIOS | L3: # CAMIONES | M3: MODELO | N3: DISPONIBILIDAD | O3: TIPO DE SERVICIO | P3: $ | R3: ZONA | S3: CORREDOR | T3: # OPERARIOS | U3: # CAMIONES | V3: MODELO | W3: DISPONIBILIDAD | X3: TIPO DE SERVICIO | Y3: $
A4: NORTE 1 | B4: =+IF(F4=0,0,MID(F4,LEN(F4)-3,1)) -> 4 | C4: 1 | D4: 2014-2020 | E4: =+IF(F4=0,0,CONCATENATE(MID(F4,FIND("-",F4,1)+1,4),"ORAS")) -> 15 HORAS | F4: 1.CAMION TIPO40m³-15 HORAS-4 OP | G4: =+IF(F4="","",VLOOKUP(F4,$H$140:$I$192,2,FALSE)) -> 582964 | I4: CENTRO | J4: ESCUELA | K4: 3 | L4: 1 | M4: 2014-2020 | N4: =+IF(O4=0,0,CONCATENATE(MID(O4,FIND("-",O4,1)+1,4),"ORAS")) -> 15 HORAS | O4: 17.CAMION TIPO25m³-15 HORAS-3 OP | P4: =+IF(O4="","",VLOOKUP(O4,$H$140:$I$192,2,FALSE)) -> 443323 | R4: CENTRO | S4: CENTRO 5 CAMION 1 UNICONOS | T4: =+IF(X4=0,0,MID(X4,LEN(X4)-3,1)) -> 4 | U4: 1 | V4: 2014-2020 | W4: =+IF(X4=0,0,CONCATENATE(MID(X4,FIND("-",X4,1)+1,4),"ORAS")) -> 15 HORAS | X4: 16.CAMION TIPO25m³-15 HORAS-4 OP | Y4: =+IF(X4="","",VLOOKUP(X4,$H$140:$I$192,2,FALSE)) -> 501739
A5: NORTE 2 | B5: =+IF(F5=0,0,MID(F5,LEN(F5)-3,1)) -> 4 | C5: 1 | D5: 2014-2020 | E5: =+IF(F5=0,0,CONCATENATE(MID(F5,FIND("-",F5,1)+1,4),"ORAS")) -> 15 HORAS | F5: 1.CAMION TIPO40m³-15 HORAS-4 OP | G5: =+IF(F5="","",VLOOKUP(F5,$H$140:I$192,2,FALSE)) -> 582964 | I5: CENTRO | J5: CAMIONETA FURGONADA PENDONES CALLE 26 | K5: 0 | L5: 1 | M5: 2014-2020 | N5: =+IF(O5=0,0,CONCATENATE(MID(O5,FIND("-",O5,1)+1,4),"ORAS")) -> 15 HORAS | O5: 31.CAMION TIPOFURGON-15 HORAS | P5: =+IF(O5="","",VLOOKUP(O5,$H$140:$I$192,2,FALSE)) -> 239262 | R5: CENTRO | S5: CENTRO 5 CAMION 2 UNICONOS | T5: =+IF(X5=0,0,MID(X5,LEN(X5)-3,1)) -> 4 | U5: 1 | V5: 2014-2020 | W5: =+IF(X5=0,0,CONCATENATE(MID(X5,FIND("-",X5,1)+1,4),"ORAS")) -> 15 HORAS | X5: 16.CAMION TIPO25m³-15 HORAS-4 OP | Y5: =+IF(X5="","",VLOOKUP(X5,$H$140:$I$192,2,FALSE)) -> 501739
A6: NORTE 3 | B6: =+IF(F6=0,0,MID(F6,LEN(F6)-3,1)) -> 3 | C6: 1 | D6: 2014-2020 | E6: =+IF(F6=0,0,CONCATENATE(MID(F6,FIND("-",F6,1)+1,4),"ORAS")) -> 15 HORAS | F6: 2.CAMION TIPO40m³-15 HORAS-3 OP | G6: =+IF(F6="","",VLOOKUP(F6,$H$140:I$192,2,FALSE)) -> 514916 | I6: CENTRO | J6: ATN | K6: 4 | L6: 1 | M6: 2014-2020 | N6: =+IF(O6=0,0,CONCATENATE(MID(O6,FIND("-",O6,1)+1,4),"ORAS")) -> 15 HORAS | O6: 16.CAMION TIPO25m³-15 HORAS-4 OP | P6: =+IF(O6="","",VLOOKUP(O6,$H$140:$I$192,2,FALSE)) -> 501739 | R6: CENTRO | S6: CENTRO 4 CAMION 3 UNICONOS | T6: =+IF(X6=0,0,MID(X6,LEN(X6)-3,1)) -> 4 | U6: 1 | V6: 2014-2020 | W6: =+IF(X6=0,0,CONCATENATE(MID(X6,FIND("-",X6,1)+1,4),"ORAS")) -> 15 HORAS | X6: 16.CAMION TIPO25m³-15 HORAS-4 OP | Y6: =+IF(X6="","",VLOOKUP(X6,$H$140:$I$192,2,FALSE)) -> 501739
A7: NORTE 4 | B7: =+IF(F7=0,0,MID(F7,LEN(F7)-3,1)) -> 3 | C7: 1 | D7: 2014-2020 | E7: =+IF(F7=0,0,CONCATENATE(MID(F7,FIND("-",F7,1)+1,4),"ORAS")) -> 15 HORAS | F7: 2.CAMION TIPO40m³-15 HORAS-3 OP | G7: =+IF(F7="","",VLOOKUP(F7,$H$140:I$192,2,FALSE)) -> 514916 | I7: CENTRO | J7: ENTREGA DE MODULOS | K7: 4 | L7: 1 | M7: 2014-2020 | N7: =+IF(O7=0,0,CONCATENATE(MID(O7,FIND("-",O7,1)+1,4),"ORAS")) -> 15 HORAS | O7: 16.CAMION TIPO25m³-15 HORAS-4 OP | P7: =+IF(O7="","",VLOOKUP(O7,$H$140:$I$192,2,FALSE)) -> 501739 | X7: 0 | Y7: =+IF(X7="","",VLOOKUP(X7,$H$140:$I$186,2,FALSE)) -> 0
A8: NORTE 5 ZONA 1 | B8: =+IF(F8=0,0,MID(F8,LEN(F8)-3,1)) -> 3 | C8: 1 | D8: 2014-2020 | E8: =+IF(F8=0,0,CONCATENATE(MID(F8,FIND("-",F8,1)+1,4),"ORAS")) -> 15 HORAS | F8: 2.CAMION TIPO40m³-15 HORAS-3 OP | G8: =+IF(F8="","",VLOOKUP(F8,$H$140:I$192,2,FALSE)) -> 514916 | I8: CENTRO | J8: SERVICIO SOCIAL | K8: 3 | L8: 1 | M8: 2014-2020 | N8: =+IF(O8=0,0,CONCATENATE(MID(O8,FIND("-",O8,1)+1,4),"ORAS")) -> 09 HORAS | O8: 23.CAMION TIPO25m³-09 HORAS-2 OP | P8: =+IF(O8="","",VLOOKUP(O8,$H$140:$I$192,2,FALSE)) -> 345928 | U8: =+U4+U5+U6+U7 -> 3
A9: NORTE 5 ZONA 2 | B9: =+IF(F9=0,0,MID(F9,LEN(F9)-3,1)) -> 3 | C9: 1 | D9: 2014-2020 | E9: =+IF(F9=0,0,CONCATENATE(MID(F9,FIND("-",F9,1)+1,4),"ORAS")) -> 15 HORAS | F9: 2.CAMION TIPO40m³-15 HORAS-3 OP | G9: =+IF(F9="","",VLOOKUP(F9,$H$140:I$192,2,FALSE)) -> 514916
A10: NORTE 1 MALETINES | B10: =+IF(F10=0,0,MID(F10,LEN(F10)-3,1)) -> 4 | C10: 1 | D10: 2014-2020 | E10: =+IF(F10=0,0,CONCATENATE(MID(F10,FIND("-",F10,1)+1,4),"ORAS")) -> 15 HORAS | F10: 1.CAMION TIPO40m³-15 HORAS-4 OP | G10: =+IF(F10="","",VLOOKUP(F10,$H$140:I$192,2,FALSE)) -> 582964
A11: NORTE 1 DIVISORES | B11: =+IF(F11=0,0,MID(F11,LEN(F11)-3,1)) -> 4 | C11: 1 | D11: 2014-2020 | E11: =+IF(F11=0,0,CONCATENATE(MID(F11,FIND("-",F11,1)+1,4),"ORAS")) -> 15 HORAS | F11: 1.CAMION TIPO40m³-15 HORAS-4 OP | G11: =+IF(F11="","",VLOOKUP(F11,$H$140:$I$192,2,FALSE)) -> 582964
B13: =+B10+B9+B8+B7+B6+B5+B4+B11 -> 28 | C13: =+C10+C9+C8+C7+C6+C5+C4 -> 7 | G13: =SUM(G4:G12) -> 4391520 | R13: OPERARIOS ADICIONALES
A14: RUTAS CICLOVÍA 25 M3 | R14: ZONA | S14: CORREDOR | T14: # OPERARIOS | U14: # CAMIONES | V14: MODELO | W14: DISPONIBILIDAD | X14: TIPO DE SERVICIO | Y14: $
A15: CORREDOR | B15: # OPERARIOS | C15: # CAMIONES | D15: MODELO | E15: DISPONIBILIDAD | F15: TIPO DE SERVICIO | G15: $ | R15: CENTRO | S15: APOYO CICLOVÍA | T15: 2 | U15: 0 | V15: NA | W15: =+IF(X15=0,0,CONCATENATE(MID(X15,FIND("-",X15,1)+1,4),"ORAS")) -> 08 HORAS | X15: 41.OPERARIO-08 HORAS | Y15: =+(IF(X15="","",VLOOKUP(X15,$H$140:$I$192,2,FALSE)))*T15 -> 107154
B16: =+IF(F16=0,0,MID(F16,LEN(F16)-3,1)) -> 0 | E16: =+IF(F16=0,0,CONCATENATE(MID(F16,FIND("-",F16,1)+1,4),"ORAS")) -> 0 | F16: 0 | G16: =+IF(F16="","",VLOOKUP(F16,$H$140:I$192,2,FALSE)) -> 0 | I16: ATN CICLOVÍA, ESCUELA DE LA BICI, ADICIONALES 40 M3 | R16: CENTRO | S16: ADICIONALES | T16: 2 | U16: 0 | V16: NA | W16: =+IF(X16=0,0,CONCATENATE(MID(X16,FIND("-",X16,1)+1,4),"ORAS")) -> 08 HORAS | X16: 41.OPERARIO-08 HORAS | Y16: =+(IF(X16="","",VLOOKUP(X16,$H$140:$I$192,2,FALSE)))*T16 -> 107154
I17: ZONA | J17: CORREDOR | K17: # OPERARIOS | L17: # CAMIONES | M17: MODELO | N17: DISPONIBILIDAD | O17: TIPO DE SERVICIO | P17: $
N18: =+IF(O18=0,0,CONCATENATE(MID(O18,FIND("-",O18,1)+1,4),"ORAS")) -> 0 | O18: 0 | P18: =+IF(O18="","",VLOOKUP(O18,$H$140:$I$192,2,FALSE)) -> 0 | R18: CAMIONETA 4 X4 DOBLE CABINA CON PLATON
O19: 0 | P19: =+IF(O19="","",VLOOKUP(O19,$H$140:$I$192,2,FALSE)) -> 0 | R19: ZONA | S19: CORREDOR | T19: # OPERARIOS | U19: # CAMIONES | V19: MODELO | W19: DISPONIBILIDAD | X19: TIPO DE SERVICIO | Y19: $
R20: NORTE | S20: APOYO CICLOVÍA | T20: NA | U20: NA | V20: 2014-2020 | W20: =+IF(X20=0,0,CONCATENATE(MID(X20,FIND("-",X20,1)+1,4),"ORAS")) -> 15 HORAS | X20: 34.4X4-15 HORAS | Y20: =+IF(X20="","",VLOOKUP(X20,$H$140:$I$192,2,FALSE)) -> 373234
R21: NORTE | S21: APOYO CICLOVÍA | T21: NA | U21: NA | V21: 2014-2020 | W21: =+IF(X21=0,0,CONCATENATE(MID(X21,FIND("-",X21,1)+1,4),"ORAS")) -> 15 HORAS | X21: 34.4X4-15 HORAS | Y21: =+IF(X21="","",VLOOKUP(X21,$H$140:$I$192,2,FALSE)) -> 373234
R22: CENTRO | S22: APOYO CICLOVÍA | T22: NA | U22: 1 | V22: 2014-2020 | W22: =+IF(X22=0,0,CONCATENATE(MID(X22,FIND("-",X22,1)+1,4),"ORAS")) -> 15 HORAS | X22: 31.CAMION TIPOFURGON-15 HORAS | Y22: =+IF(X22="","",VLOOKUP(X22,$H$140:$I$192,2,FALSE)) -> 239262
A23: valor total | B23: =SUM(B4:B13)+B16+B17+B18+B19+B20+B22 -> 28 | C23: =+C4+C5+C6+C7+C8+C9+C10+C16 -> 7 | G23: =SUM(G13,G16:G22) -> 4391520 | R23: CENTRO | S23: APOYO CICLOVÍA | T23: NA | U23: NA | V23: 2014-2020 | W23: =+IF(X23=0,0,CONCATENATE(MID(X23,FIND("-",X23,1)+1,4),"ORAS")) -> 15 HORAS | X23: 34.4X4-15 HORAS | Y23: =+IF(X23="","",VLOOKUP(X23,$H$140:$I$192,2,FALSE)) -> 373234
A24: ZONA CENTRO | R24: SUR | S24: APOYO CICLOVÍA | T24: NA | U24: NA | V24: 2014-2020 | W24: =+IF(X24=0,0,CONCATENATE(MID(X24,FIND("-",X24,1)+1,4),"ORAS")) -> 15 HORAS | X24: 34.4X4-15 HORAS | Y24: =+IF(X24="","",VLOOKUP(X24,$H$140:$I$192,2,FALSE)) -> 373234
A25: RUTAS CICLOVÍA 40 M3 | X25: 0 | Y25: =+IF(X25="","",VLOOKUP(X25,$H$140:$I$192,2,FALSE)) -> 0
A26: CORREDOR | B26: # OPERARIOS | C26: # CAMIONES | D26: MODELO | E26: DISPONIBILIDAD | F26: TIPO DE SERVICIO | G26: $ | J26: TOTAL | K26: =SUM(K4:K15,K18:K25) -> 14 | L26: =SUM(L4:L25) -> 5 | P26: =SUM(P4:P25) -> 2031991 | X26: 0 | Y26: =+IF(X26="","",VLOOKUP(X26,$H$140:$I$192,2,FALSE)) -> 0
A27: CENTRO 1 | B27: =+IF(F27=0,0,MID(F27,LEN(F27)-3,1)) -> 3 | C27: 1 | D27: 2014-2020 | E27: =+IF(F27=0,0,CONCATENATE(MID(F27,FIND("-",F27,1)+1,4),"ORAS")) -> 15 HORAS | F27: 2.CAMION TIPO40m³-15 HORAS-3 OP | G27: =+IF(F27="","",VLOOKUP(F27,$H$140:I$192,2,FALSE)) -> 514916
A28: CENTRO 2 | B28: =+IF(F28=0,0,MID(F28,LEN(F28)-3,1)) -> 4 | C28: 1 | D28: 2014-2020 | E28: =+IF(F28=0,0,CONCATENATE(MID(F28,FIND("-",F28,1)+1,4),"ORAS")) -> 15 HORAS | F28: 1.CAMION TIPO40m³-15 HORAS-4 OP | G28: =+IF(F28="","",VLOOKUP(F28,$H$140:I$192,2,FALSE)) -> 582964
A29: CENTRO 4 | B29: =+IF(F29=0,0,MID(F29,LEN(F29)-3,1)) -> 3 | C29: 1 | D29: 2014-2020 | E29: =+IF(F29=0,0,CONCATENATE(MID(F29,FIND("-",F29,1)+1,4),"ORAS")) -> 15 HORAS | F29: 2.CAMION TIPO40m³-15 HORAS-3 OP | G29: =+IF(F29="","",VLOOKUP(F29,$H$140:I$192,2,FALSE)) -> 514916 | S29: TOTAL | T29: =T4+T5+T6+T15+T16 -> 16 | U29: =SUM(U4:U7,U22) -> 4 | Y29: =SUM(Y4:Y26) -> 3451723
A30: CENTRO 5 | B30: 3 | C30: 1 | D30: 2014-2020 | E30: =+IF(F30=0,0,CONCATENATE(MID(F30,FIND("-",F30,1)+1,4),"ORAS")) -> 15 HORAS | F30: 2.CAMION TIPO40m³-15 HORAS-3 OP | G30: =+IF(F30="","",VLOOKUP(F30,$H$140:I$192,2,FALSE)) -> 514916
A33: RUTAS CICLOVÍA 25 M3
B34: # OPERARIOS | C34: # CAMIONES | D34: MODELO | F34: TIPO DE SERVICIO | G34: $
A35: CENTRO 3 ZONA 1 | B35: =+IF(F35=0,0,MID(F35,LEN(F35)-3,1)) -> 3 | C35: 1 | D35: 2014-2020 | E35: =+IF(F35=0,0,CONCATENATE(MID(F35,FIND("-",F35,1)+1,4),"ORAS")) -> 15 HORAS | F35: 17.CAMION TIPO25m³-15 HORAS-3 OP | G35: =+IF(F35="","",VLOOKUP(F35,$H$140:I$192,2,FALSE)) -> 443323
A36: CENTRO 3 ZONA 2 | B36: =+IF(F36=0,0,MID(F36,LEN(F36)-3,1)) -> 3 | C36: 1 | D36: 2014-2020 | E36: =+IF(F36=0,0,CONCATENATE(MID(F36,FIND("-",F36,1)+1,4),"ORAS")) -> 15 HORAS | F36: 17.CAMION TIPO25m³-15 HORAS-3 OP | G36: =+IF(F36="","",VLOOKUP(F36,$H$140:I$192,2,FALSE)) -> 443323
A37: CENTRO 6 ZONA 1 | B37: =+IF(F37=0,0,MID(F37,LEN(F37)-3,1)) -> 3 | C37: 1 | D37: 2014-2020 | E37: =+IF(F37=0,0,CONCATENATE(MID(F37,FIND("-",F37,1)+1,4),"ORAS")) -> 15 HORAS | F37: 17.CAMION TIPO25m³-15 HORAS-3 OP | G37: =+IF(F37="","",VLOOKUP(F37,$H$140:I$192,2,FALSE)) -> 443323
A38: CENTRO 6 ZONA 2 | B38: =+IF(F38=0,0,MID(F38,LEN(F38)-3,1)) -> 3 | C38: 1 | D38: 2014-2020 | E38: =+IF(F38=0,0,CONCATENATE(MID(F38,FIND("-",F38,1)+1,4),"ORAS")) -> 15 HORAS | F38: 17.CAMION TIPO25m³-15 HORAS-3 OP | G38: =+IF(F38="","",VLOOKUP(F38,$H$140:I$192,2,FALSE)) -> 443323
E39: =+IF(F39=0,0,CONCATENATE(MID(F39,FIND("-",F39,1)+1,4),"ORAS")) -> 0 | F39: 0 | G39: =+IF(F39="","",VLOOKUP(F39,$H$140:I$192,2,FALSE)) -> 0
A41: valor total | B41: =+B27+B28+B29+B35+B36+B37+B38+B39+B30 -> 25 | C41: =SUM(C27:C32)+C35+C36+C37+C38+C39+C40 -> 8 | E41: =+IF(F41=0,0,CONCATENATE(MID(F41,FIND("-",F41,1)+1,3),"ORAS")) -> 0 | G41: =SUM(G27:G32,G35:G40) -> 3901004
A42: ZONA SUR
A43: RUTAS CICLOVÍA 40 M3
A44: CORREDOR | B44: # OPERARIOS | C44: # CAMIONES | D44: MODELO | E44: DISPONIBILIDAD | F44: TIPO DE SERVICIO | G44: $
A53: RUTAS CICLOVÍA 25 M3
A54: CORREDOR | B54: # OPERARIOS | C54: # CAMIONES | D54: MODELO | E54: DISPONIBILIDAD | F54: TIPO DE SERVICIO | G54: $
A55: SUR 1 ZONA 1 | B55: =+IF(F55=0,0,MID(F55,LEN(F55)-3,1)) -> 3 | C55: 1 | D55: 2014-2020 | E55: =+IF(F55=0,0,CONCATENATE(MID(F55,FIND("-",F55,1)+1,4),"ORAS")) -> 15 HORAS | F55: 17.CAMION TIPO25m³-15 HORAS-3 OP | G55: =+IF(F55="","",VLOOKUP(F55,$H$140:I$192,2,FALSE)) -> 443323
A56: SUR 1 ZONA 2 | B56: =+IF(F56=0,0,MID(F56,LEN(F56)-3,1)) -> 3 | C56: 1 | D56: 2014-2020 | E56: =+IF(F56=0,0,CONCATENATE(MID(F56,FIND("-",F56,1)+1,4),"ORAS")) -> 15 HORAS | F56: 17.CAMION TIPO25m³-15 HORAS-3 OP | G56: =+IF(F56="","",VLOOKUP(F56,$H$140:I$192,2,FALSE)) -> 443323
A57: SUR 1 MALETINES | B57: =+IF(F57=0,0,MID(F57,LEN(F57)-3,1)) -> 3 | C57: 1 | D57: 2014-2020 | E57: =+IF(F57=0,0,CONCATENATE(MID(F57,FIND("-",F57,1)+1,4),"ORAS")) -> 15 HORAS | F57: 17.CAMION TIPO25m³-15 HORAS-3 OP | G57: =+IF(F57="","",VLOOKUP(F57,$H$140:I$192,2,FALSE)) -> 443323
A58: SUR 2 | B58: =+IF(F58=0,0,MID(F58,LEN(F58)-3,1)) -> 3 | C58: 1 | D58: 2014-2020 | E58: =+IF(F58=0,0,CONCATENATE(MID(F58,FIND("-",F58,1)+1,4),"ORAS")) -> 15 HORAS | F58: 17.CAMION TIPO25m³-15 HORAS-3 OP | G58: =+IF(F58="","",VLOOKUP(F58,$H$140:I$192,2,FALSE)) -> 443323
A59: SUR 2 CANECAS 1 | B59: =+IF(F59=0,0,MID(F59,LEN(F59)-3,1)) -> 3 | C59: 1 | D59: 2014-2020 | E59: =+IF(F59=0,0,CONCATENATE(MID(F59,FIND("-",F59,1)+1,4),"ORAS")) -> 15 HORAS | F59: 17.CAMION TIPO25m³-15 HORAS-3 OP | G59: =+IF(F59="","",VLOOKUP(F59,$H$140:I$192,2,FALSE)) -> 443323
A60: SUR 2 CANECAS 2 | B60: =+IF(F60=0,0,MID(F60,LEN(F60)-3,1)) -> 3 | C60: 1 | D60: 2014-2020 | E60: =+IF(F60=0,0,CONCATENATE(MID(F60,FIND("-",F60,1)+1,4),"ORAS")) -> 15 HORAS | F60: 17.CAMION TIPO25m³-15 HORAS-3 OP | G60: =+IF(F60="","",VLOOKUP(F60,$H$140:I$192,2,FALSE)) -> 443323
A61: SUR 2 CANECAS 3 | B61: =+IF(F61=0,0,MID(F61,LEN(F61)-3,1)) -> 3 | C61: 1 | D61: 2014-2020 | E61: =+IF(F61=0,0,CONCATENATE(MID(F61,FIND("-",F61,1)+1,4),"ORAS")) -> 15 HORAS | F61: 17.CAMION TIPO25m³-15 HORAS-3 OP | G61: =+IF(F61="","",VLOOKUP(F61,$H$140:I$192,2,FALSE)) -> 443323
A62: SUR 2 CANECAS 4 | B62: =+IF(F62=0,0,MID(F62,LEN(F62)-3,1)) -> 3 | C62: 1 | D62: 2014-2020 | E62: =+IF(F62=0,0,CONCATENATE(MID(F62,FIND("-",F62,1)+1,4),"ORAS")) -> 15 HORAS | F62: 17.CAMION TIPO25m³-15 HORAS-3 OP | G62: =+IF(F62="","",VLOOKUP(F62,$H$140:I$192,2,FALSE)) -> 443323
A63: SUR 3 ZONA 1 | B63: =+IF(F63=0,0,MID(F63,LEN(F63)-3,1)) -> 3 | C63: 1 | D63: 2014-2020 | E63: =+IF(F63=0,0,CONCATENATE(MID(F63,FIND("-",F63,1)+1,4),"ORAS")) -> 15 HORAS | F63: 17.CAMION TIPO25m³-15 HORAS-3 OP | G63: =+IF(F63="","",VLOOKUP(F63,$H$140:I$192,2,FALSE)) -> 443323
A64: SUR 3 ZONA 2 | B64: =+IF(F64=0,0,MID(F64,LEN(F64)-3,1)) -> 3 | C64: 1 | D64: 2014-2020 | E64: =+IF(F64=0,0,CONCATENATE(MID(F64,FIND("-",F64,1)+1,4),"ORAS")) -> 15 HORAS | F64: 17.CAMION TIPO25m³-15 HORAS-3 OP | G64: =+IF(F64="","",VLOOKUP(F64,$H$140:I$192,2,FALSE)) -> 443323
A66: valor total | B66: =B47+B48+B49+B50+B51+B52+B55+B56+B57+B58+B59+B60+B61+B62+B63+B64 -> 30 | C66: =SUM(C47:C52,C55:C65) -> 10 | G66: =SUM(G47:G52,G55:G65) -> 4433230
A68: TOTAL | B68: =B66+B41+B23 -> 83 | C68: =C66+C41+C23 -> 25 | G68: =SUM(G23,G41,G66) -> 12725754
J69: GRAN TOTAL OPERA | K69: =K26+B68+T29+AB26 -> 113
J70: GRAN TOTAL CAMIONES | K70: =L26+C68+U29+AC26 -> 34 | M70: ZONA NORTE | N70: ZONA CENTRO | O70: ZONA SUR
J71: VALOR $ | K71: =SUM(G68,P26,Y29) -> 18209468 | M71: =SUM(G4:G12,G16:G22,Y20:Y21) -> 5137988 | N71: =SUM(G27:G32,G35:G40,P4:P15,P18:P25,Y4:Y7,Y15:Y16,Y22:Y23) -> 8265016 | O71: =SUM(G47:G52,G55:G64,Y24) -> 4806464 | P71: =SUM(M71:O71) -> 18209468
A73: OTRAS NOVEDADES DE JORNADA
A74: MOVIMIENTOS: * SE REQUIERE QUE LOS TRES OPERARI@S PARA APOYO DE CICLOVÍA LLEGUEN A PLAZA DE LOS ARTESANOS Carrera 60 #63A-52 A LAS 10:00 AM Y ESTEN DISPONIBLES 05:00 PM. ENCARGADO LUIS MARTINEZ 3124158470. * LA CAMIONETA FURGONADA DE PENDONES DE CALLE 26 DEBE LLEGAR A LAS 4:00 AM A LA PLAZA DE ARTESANOS, JUNTO CON LOS DOS OPERARIOS ADICIONALES. *SE RECUERDA QUE PARA LOS CORREDORES DE LA CALLE 26 SU HORA DE CIERRE SON LAS 6:30 AM COMO HORA MAXIMA, POR LO CUAL ESTOS CORREDORES DE ACUERDO LA PLAN DE MANEJO DE TRANSITO - PMT SE DEBEN HABLITAR A LA HORA NARRADA, POR FAVOR HACER LOS AJUSTES CORRESPONDIENTES PARA QUE ESTOS CAMIONES DISTRIBUYAN EL MATERIAL ANTES, Y FINALICEN EN UN HORARIO ANTES DE LAS 6:30 HRS PARA EL CAMIÓN DE RUTA, GARATIZANDO EL CIERRE PARA QUE LOS VEHICULOS DE CONOS PUEDAN DISTRIBUIR DESDE LAS 6:30 AM Y COMO MAXIMO HASTA LAS 7:00 AM. *PARA ALGUNOS VEHICULOS SALE MATERIAL ADICIONAL POR FAVOR TENER MUY ENCUENTA EL CUBICAJE DE CADA UNO DE LOS VEHICULOS. *SE CAMBIO EL MATERIAL PARA LOS CORREDORES DE N1, N2, N3, C1, C4 Y C5 SE SOLCITA SOCIALIZAR CON LOS OPERARIOS DE ESTAS RUTAS EL BUEN TRATO DEL MATERIAL, ENTENDIENDO QUE ES NUEVO. *SE SOLICTA NUEVAMENTE SOCIALIZAR CON LOS OPERARIOS QUE DEBEN DEJAR LOS ELEMENTOS CARGADOS EN LAS CABINAS COMO, TULAS, PALETAS Y CINTAS EN LA PAZA 4 EN LOS STANDS. LOS CUALES FUERON SOCIALIZADOS EL 19 DE MARZO 2023 CON LOS COORDINADORES DE LA EMPRESA. CAMIONETA 1: CAMIONETA DEBE LLEGAR A LAS 4:00 AM A PLAZA DE LOS ARTESANOS QUEDA DISPONIBLE. ENCARGADO KEVIN SILVA 3214765973 CAMIONETA 2: CAMIONETA DEBE LLEGAR A LAS 10:00 AM A PLAZA DE LOS ARTESANOS QUEDA DISPONIBLE. ENCARGADO DANIELA RATIVA 3505967621 CAMIONETA 3: CAMIONETA DEBE LLEGAR A LAS 4:00 AM A PLAZA DE LOS ARTESANOS QUEDA DISPONIBLE. ENCARGADO FELIPE CAMELO 3134952714 CAMIONETA 4: CAMIONETA DEBE LLEGAR A LAS 4:00 AM A PLAZA DE LOS ARTESANOS QUEDA DISPONIBLE. ENVARGADO KEVIN SILVA 3214765973 FURGONADA: CAMIONETA DEBE LLEGAR A LAS 5:30 AM A PLAZA DE LOS ARTESANOS, QUEDA DISPONIBLE. ENCARGADO DANIELA RATIVA 3505967621 ESCUELA DE LA BICI: EL VEHÍCULO DE ESCUELA. SE ACALARA QUE DEBEN COMUNICARSE CON EL TALENTO HUMANO DE EL PROGRAMA DE ESCUELA DE LA BICICLETA SERGIO PRIETO CEL 3167160204, LO ANTERIOR PARA COORDINAR LOS PUNTOS Y LOS DESPLAZAMIENTOS. VEHICULO POR 15 HORAS ATN: EL CAMIÓN DE ATN DEBE LLEGAR A PLAZA DE LOS ARTESANOS A LAS 7 AM, POSTERIORMENTE DRIGIRSE A LOS PUNTOS; CONTACTAR A JULIETTE ARROYO 3012802342, SERVICIO POR 15 HORAS. N3- KR 7 x CLL 102 S2- AV. BOYACA X GAITÁN CORTEZ EL CICLOPARQUEADERO DE LA CALLE 80 SE DEBE IR EN EL CAMIÓN DE DIVISORES Y DEBE DESCARGARSE EN LA AV BOYACA CON CALLE 80, POR FAVOR CORDINADOR DE LA ZONA NORTE ESTAR MUY PENDIENTE. ENTREGA DE MODULOS: DEBE LLEGAR A PLAZA DE ARTESANOS A LAS 7:00 AM, Y REALIZAR EL CARGUE DE LOS SIGUIENTE MODULOS 30 ALIMENTOS, 7 CICLOTALLER, 19 MESAS, 1 MESA DE ACCESORIOS Y10 TRÍPODES CICLOTALLER. POSTERIORMENTE DIRIGIRSE A CADA UNA DE LAS RUTAS A ENTREGAR LOS ELEMENTOS. SERVICIO POR 15 HORAS. SERVICIO SOCIAL: DEBE LLEGAR A LAS 5:00 AM CARGAR LOS SIGUIENTES ELEMENTOS, • CINTA DE CERRAMIENTO • 14 CONOS • 1 VALLA DE CERRAMIENTO • 1 CONTRAFLUJO • 1 DIVISOR CARRIL • 1 VALLA TIPO 2 • GORRA SERVICIO SOCIAL (4) • AROS O ULA ULA’S (12) • FESTONES (2) • JENGA • TRIKI POSTEIORMENTE REGRESAR A PLAZA DE ARTESANOS; CARGAR 14 BICICLETAS Y 14 CASCOS, Y DRIGIRSE A MONUMENTO REYES CATOLICOS. Y REALIZAR EL MOVIMIENTO DE MANERA INVERSA. DISPONIBLES: SE DEBE DEJAR DOS CAMIONES DE 25m2 CON 3 OPERARIOS LOS CUALES DEBEN REGRESAR A LA PLAZA DE LOS ARTESANOS A LAS 8:30 AM, ENCARGADO DANIELA RATIVA 3505967621 LUDICA Y PEDAGOGIA: LA CAMIONETA FURGONADA DEBE LLEGAR COMO DE COSTUMBRE 5:30 AM, CARGAR LOS ELEMENTOS DE LA ACTIVIDAD Y DIRIGIRSE A LA CARRERA 7 CON CALLE 28 Y AV BOYACA CON CALLE 39S PARA EL DOMINGO SE TIENE LA CARRERA DE ANTIOQUIA POR LO CUAL SE SUSPENDERA LA CARRERA 60 ENTRE CALLE 26 Y CALLE 53, ASÍ COMO LA CALLE 44 ENTRE CARRERA 50 Y CARRERA 60. VEHICULO DE C2 DEBE QUEDAR DISPONIBLE PARA LA HABILITACIÓN DE LA MISMA MANERA LOS VEHICULOS DE N5, C2 C4 LLEVAN VALLAS DE CICLOVÍA SUSPENDIDA POR EVENTO. DE ACUERDO A LAS POSIBLES MARCHAS QUE SE PUEDAN PRESENTAR CON LAS FUERZAS MILITARES, ES POSIBLE QUE DESAHBILITE ALGUNOS CORREDORES, ESTAR MUY PRESTOS PARA LA DESHABILITACIÓN.
A94: Apoyan Guardaines ATN Norte 4, Norte 2 y Norte 3 Apoan Guardianes ATN Norte 1, Centro 1 y Centro 5 Apoyan Guardianes ATN Centro 4, Centro 3 y Sur 3 Apoyan Guardianes ATN Sur 1, Sur 2 y Centro 2
J139: TIPO DE DISPONIBILIDAD | K139: OPERARIOS
F140: 0 | G140: 0 | H140: 0 | I140: 0 | J140: 0 | K140: 0 | L140: 0 | M140: 0 | N140: =+CONCATENATE(G140,"VEHICULO",M140) -> 0VEHICULO0
F141: 40m³-15H-4OP | G141: 1. | H141: 1.CAMION TIPO40m³-15 HORAS-4 OP | I141: 582964 | J141: C | K141: 4 | L141: 1 SENCILLO 15H 4OP | M141: . | N141: =+CONCATENATE(G141,F141) -> 1.40m³-15H-4OP
F142: 40m³-15H-3OP | G142: 2. | H142: 2.CAMION TIPO40m³-15 HORAS-3 OP | I142: 514916 | J142: C | K142: 3 | L142: 2 SENCILLO 15H 3OP | M142: . | N142: =+CONCATENATE(G142,F142) -> 2.40m³-15H-3OP
F143: 40m³-15H-2OP | G143: 3. | H143: 3.CAMION TIPO40m³-15 HORAS-2 OP | I143: 448638 | J143: C | K143: 2 | L143: 3 SENCILLO 15H 2OP | M143: . | N143: =+CONCATENATE(G143,F143) -> 3.40m³-15H-2OP
F144: 40m³-15H-1OP | G144: 4. | H144: 4.CAMION TIPO40m³-15 HORAS-1 OP | I144: 381163 | J144: C | K144: 1 | L144: 4 SENCILLO 15H 1OP | M144: . | N144: =+CONCATENATE(G144,F144) -> 4.40m³-15H-1OP
F145: 40m³-15H-0OP | G145: 5. | H145: 5.CAMION TIPO40m³-15 HORAS-0 OP | I145: 321680 | J145: C | K145: 0 | L145: 5 SENCILLO 15H 0OP | M145: . | N145: =+CONCATENATE(G145,F145) -> 5.40m³-15H-0OP
F146: 40m³-9H-4OP | G146: 6. | H146: 6.CAMION TIPO40m³-09 HORAS-4 OP | I146: 509192 | J146: M | K146: 4 | L146: 6 SENCILLO M 4OP | M146: . | N146: =+CONCATENATE(G146,F146) -> 6.40m³-9H-4OP
F147: 40m³-9H-3OP | G147: 7. | H147: 7.CAMION TIPO40m³-09 HORAS-3 OP | I147: 450204 | J147: M | K147: 3 | L147: 7 SENCILLO M 3OP | M147: . | N147: =+CONCATENATE(G147,F147) -> 7.40m³-9H-3OP
F148: 40m³-9H-2OP | G148: 8. | H148: 8.CAMION TIPO40m³-09 HORAS-2 OP | I148: 392186 | J148: M | K148: 2 | L148: 8 SENCILLO M 2OP | M148: . | N148: =+CONCATENATE(G148,F148) -> 8.40m³-9H-2OP
F149: 40m³-9H-1OP | G149: 9. | H149: 9.CAMION TIPO40m³-09 HORAS-1 OP | I149: 329397 | J149: M | K149: 1 | L149: 9 SENCILLO M 1OP | M149: . | N149: =+CONCATENATE(G149,F149) -> 9.40m³-9H-1OP
F150: 40m³-9H-0OP | G150: 10. | H150: 10.CAMION TIPO40m³-09 HORAS-0 OP | I150: 280919 | J150: M | K150: 0 | L150: 10 SENCILLO M 0OP | M150: . | N150: =+CONCATENATE(G150,F150) -> 10.40m³-9H-0OP
F151: 40m³-4H-4OP | G151: 11. | H151: 11.CAMION TIPO40m³-04 HORAS-4 OP | I151: 420585 | J151: R | K151: 4 | L151: 11 SENCILLO R 4OP | M151: . | N151: =+CONCATENATE(G151,F151) -> 11.40m³-4H-4OP
F152: 40m³-4H-3OP | G152: 12. | H152: 12.CAMION TIPO40m³-04 HORAS-3 OP | I152: 369327 | J152: R | K152: 3 | L152: 12 SENCILLO R 3OP | M152: . | N152: =+CONCATENATE(G152,F152) -> 12.40m³-4H-3OP
... F182: OPERARIO-6-H | G182: 42. | H182: 42.OPERARIO-06 HORAS | I182: 41562 | J182: H | K182: 0 | L182: 42 OPERARIO 6 H | M182: . | N182: =+CONCATENATE(G182,F182) -> 42.OPERARIO-6-H
F183: BOGOTA-REGION-40m³- | G183: 43. | H183: 43.BOGOTA-REGION-40m³-9 HORAS | I183: 628232 | N183: =+CONCATENATE(G183,F183) -> 43.BOGOTA-REGION-40m³-
F184: BOGOTA-REGION-25m³- | G184: 44. | H184: 44.BOGOTA-REGION-25m³-9 HORAS | I184: 562619 | N184: =+CONCATENATE(G184,F184) -> 44.BOGOTA-REGION-25m³-
F185: BOGOTA-REGION-FURGON- | G185: 45. | H185: 45.BOGOTA-REGION-FURGON-9 HORAS | I185: 418264 | N185: =+CONCATENATE(G185,F185) -> 45.BOGOTA-REGION-FURGON-
F186: BOGOTA-REGION-4X4 | G186: 46. | H186: 46.BOGOTA-REGION-4X4-9 HORAS | I186: 288714 | N186: =+CONCATENATE(G186,F186) -> 46.BOGOTA-REGION-4X4
H187: 47. 6 OPERARIO-06 HORAS | I187: =41562*6 -> 249372 | J187: H | N187: =+CONCATENATE(G187,F187)
H188: 48. 8 OPERARIO-06 HORAS | I188: =41562*8 -> 332496 | J188: H
H189: 49. 10 OPERARIO-06 HORAS | I189: =41562*8 -> 332496 | J189: H
H190: 50. 6 OPERARIO-08 HORAS | I190: =53577*10 -> 535770 | J190: H
H191: 51. 8 OPERARIO-08 HORAS | I191: =53577*8 -> 428616 | J191: H
H192: 52. 10 OPERARIO-08 HORAS | I192: =53577*10 -> 535770 | J192: H

Sheet 12 JUNIO
A1: ZONA NORTE
A2: RUTAS CICLOVÍA 40 M3 | I2: LUDICA CICLOVÍA, ESCUELA DE LA BICI, ADICIONALES 25 M3 | R2: CONOS CICLOVÍA 25 M3
A3: CORREDOR | B3: # OPERARIOS | C3: # CAMIONES | D3: MODELO | E3: DISPONIBILIDAD | F3: TIPO DE SERVICIO | G3: $ | I3: ZONA | J3: CORREDOR | K3: # OPERARIOS | L3: # CAMIONES | M3: MODELO | N3: DISPONIBILIDAD | O3: TIPO DE SERVICIO | P3: $ | R3: ZONA | S3: CORREDOR | T3: # OPERARIOS | U3: # CAMIONES | V3: MODELO | W3: DISPONIBILIDAD | X3: TIPO DE SERVICIO | Y3: $
A4: NORTE 1 | B4: =+IF(F4=0,0,MID(F4,LEN(F4)-3,1)) -> 4 | C4: 1 | D4: 2014-2020 | E4: =+IF(F4=0,0,CONCATENATE(MID(F4,FIND("-",F4,1)+1,4),"ORAS")) -> 15 HORAS | F4: 1.CAMION TIPO40m³-15 HORAS-4 OP | G4: =+IF(F4="","",VLOOKUP(F4,$H$140:$I$192,2,FALSE)) -> 582964 | I4: CENTRO | J4: ESCUELA | K4: 3 | L4: 1 | M4: 2014-2020 | N4: =+IF(O4=0,0,CONCATENATE(MID(O4,FIND("-",O4,1)+1,4),"ORAS")) -> 15 HORAS | O4: 17.CAMION TIPO25m³-15 HORAS-3 OP | P4: =+IF(O4="","",VLOOKUP(O4,$H$140:$I$192,2,FALSE)) -> 443323 | R4: CENTRO | S4: CENTRO 5 CAMION 1 UNICONOS | T4: =+IF(X4=0,0,MID(X4,LEN(X4)-3,1)) -> 4 | U4: 1 | V4: 2014-2020 | W4: =+IF(X4=0,0,CONCATENATE(MID(X4,FIND("-",X4,1)+1,4),"ORAS")) -> 15 HORAS | X4: 16.CAMION TIPO25m³-15 HORAS-4 OP | Y4: =+IF(X4="","",VLOOKUP(X4,$H$140:$I$192,2,FALSE)) -> 501739
A5: NORTE 2 | B5: =+IF(F5=0,0,MID(F5,LEN(F5)-3,1)) -> 3 | C5: 1 | D5: 2014-2020 | E5: =+IF(F5=0,0,CONCATENATE(MID(F5,FIND("-",F5,1)+1,4),"ORAS")) -> 15 HORAS | F5: 2.CAMION TIPO40m³-15 HORAS-3 OP | G5: =+IF(F5="","",VLOOKUP(F5,$H$140:I$192,2,FALSE)) -> 514916 | I5: CENTRO | J5: CAMIONETA FURGONADA PENDONES CALLE 26 | K5: 0 | L5: 1 | M5: 2014-2020 | N5: =+IF(O5=0,0,CONCATENATE(MID(O5,FIND("-",O5,1)+1,4),"ORAS")) -> 15 HORAS | O5: 31.CAMION TIPOFURGON-15 HORAS | P5: =+IF(O5="","",VLOOKUP(O5,$H$140:$I$192,2,FALSE)) -> 239262 | R5: CENTRO | S5: CENTRO 5 CAMION 2 UNICONOS | T5: =+IF(X5=0,0,MID(X5,LEN(X5)-3,1)) -> 4 | U5: 1 | V5: 2014-2020 | W5: =+IF(X5=0,0,CONCATENATE(MID(X5,FIND("-",X5,1)+1,4),"ORAS")) -> 15 HORAS | X5: 16.CAMION TIPO25m³-15 HORAS-4 OP | Y5: =+IF(X5="","",VLOOKUP(X5,$H$140:$I$192,2,FALSE)) -> 501739
A6: NORTE 3 | B6: =+IF(F6=0,0,MID(F6,LEN(F6)-3,1)) -> 3 | C6: 1 | D6: 2014-2020 | E6: =+IF(F6=0,0,CONCATENATE(MID(F6,FIND("-",F6,1)+1,4),"ORAS")) -> 15 HORAS | F6: 2.CAMION TIPO40m³-15 HORAS-3 OP | G6: =+IF(F6="","",VLOOKUP(F6,$H$140:I$192,2,FALSE)) -> 514916 | I6: CENTRO | J6: ATN | K6: 4 | L6: 1 | M6: 2014-2020 | N6: =+IF(O6=0,0,CONCATENATE(MID(O6,FIND("-",O6,1)+1,4),"ORAS")) -> 15 HORAS | O6: 16.CAMION TIPO25m³-15 HORAS-4 OP | P6: =+IF(O6="","",VLOOKUP(O6,$H$140:$I$192,2,FALSE)) -> 501739 | R6: CENTRO | S6: CENTRO 4 CAMION 3 UNICONOS | T6: =+IF(X6=0,0,MID(X6,LEN(X6)-3,1)) -> 4 | U6: 1 | V6: 2014-2020 | W6: =+IF(X6=0,0,CONCATENATE(MID(X6,FIND("-",X6,1)+1,4),"ORAS")) -> 15 HORAS | X6: 16.CAMION TIPO25m³-15 HORAS-4 OP | Y6: =+IF(X6="","",VLOOKUP(X6,$H$140:$I$192,2,FALSE)) -> 501739
A7: NORTE 4 | B7: =+IF(F7=0,0,MID(F7,LEN(F7)-3,1)) -> 3 | C7: 1 | D7: 2014-2020 | E7: =+IF(F7=0,0,CONCATENATE(MID(F7,FIND("-",F7,1)+1,4),"ORAS")) -> 15 HORAS | F7: 2.CAMION TIPO40m³-15 HORAS-3 OP | G7: =+IF(F7="","",VLOOKUP(F7,$H$140:I$192,2,FALSE)) -> 514916 | I7: CENTRO | J7: ENTREGA DE MODULOS | K7: 4 | L7: 1 | M7: 2014-2020 | N7: =+IF(O7=0,0,CONCATENATE(MID(O7,FIND("-",O7,1)+1,4),"ORAS")) -> 15 HORAS | O7: 2.CAMION TIPO40m³-15 HORAS-3 OP | P7: =+IF(O7="","",VLOOKUP(O7,$H$140:$I$192,2,FALSE)) -> 514916 | X7: 0 | Y7: =+IF(X7="","",VLOOKUP(X7,$H$140:$I$186,2,FALSE)) -> 0
A8: NORTE 5 ZONA 1 | B8: =+IF(F8=0,0,MID(F8,LEN(F8)-3,1)) -> 3 | C8: 1 | D8: 2014-2020 | E8: =+IF(F8=0,0,CONCATENATE(MID(F8,FIND("-",F8,1)+1,4),"ORAS")) -> 15 HORAS | F8: 2.CAMION TIPO40m³-15 HORAS-3 OP | G8: =+IF(F8="","",VLOOKUP(F8,$H$140:I$192,2,FALSE)) -> 514916 | O8: 0 | P8: =+IF(O8="","",VLOOKUP(O8,$H$140:$I$192,2,FALSE)) -> 0 | U8: =+U4+U5+U6+U7 -> 3
A9: NORTE 5 ZONA 2 | B9: =+IF(F9=0,0,MID(F9,LEN(F9)-3,1)) -> 3 | C9: 1 | D9: 2014-2020 | E9: =+IF(F9=0,0,CONCATENATE(MID(F9,FIND("-",F9,1)+1,4),"ORAS")) -> 15 HORAS | F9: 2.CAMION TIPO40m³-15 HORAS-3 OP | G9: =+IF(F9="","",VLOOKUP(F9,$H$140:I$192,2,FALSE)) -> 514916
A10: NORTE 1 MALETINES | B10: =+IF(F10=0,0,MID(F10,LEN(F10)-3,1)) -> 3 | C10: 1 | D10: 2014-2020 | E10: =+IF(F10=0,0,CONCATENATE(MID(F10,FIND("-",F10,1)+1,4),"ORAS")) -> 15 HORAS | F10: 2.CAMION TIPO40m³-15 HORAS-3 OP | G10: =+IF(F10="","",VLOOKUP(F10,$H$140:I$192,2,FALSE)) -> 514916
A11: NORTE 1 DIVISORES | B11: =+IF(F11=0,0,MID(F11,LEN(F11)-3,1)) -> 4 | C11: 1 | D11: 2014-2020 | E11: =+IF(F11=0,0,CONCATENATE(MID(F11,FIND("-",F11,1)+1,4),"ORAS")) -> 15 HORAS | F11: 1.CAMION TIPO40m³-15 HORAS-4 OP | G11: =+IF(F11="","",VLOOKUP(F11,$H$140:$I$192,2,FALSE)) -> 582964
B13: =+B10+B9+B8+B7+B6+B5+B4+B11 -> 26 | C13: =+C10+C9+C8+C7+C6+C5+C4 -> 7 | G13: =SUM(G4:G12) -> 4255424 | R13: OPERARIOS ADICIONALES
A14: RUTAS CICLOVÍA 25 M3 | R14: ZONA | S14: CORREDOR | T14: # OPERARIOS | U14: # CAMIONES | V14: MODELO | W14: DISPONIBILIDAD | X14: TIPO DE SERVICIO | Y14: $
A15: CORREDOR | B15: # OPERARIOS | C15: # CAMIONES | D15: MODELO | E15: DISPONIBILIDAD | F15: TIPO DE SERVICIO | G15: $ | R15: CENTRO | S15: APOYO CICLOVÍA | T15: 3 | U15: 0 | V15: NA | W15: =+IF(X15=0,0,CONCATENATE(MID(X15,FIND("-",X15,1)+1,4),"ORAS")) -> 08 HORAS | X15: 41.OPERARIO-08 HORAS | Y15: =+(IF(X15="","",VLOOKUP(X15,$H$140:$I$192,2,FALSE)))*T15 -> 160731
B16: =+IF(F16=0,0,MID(F16,LEN(F16)-3,1)) -> 0 | E16: =+IF(F16=0,0,CONCATENATE(MID(F16,FIND("-",F16,1)+1,4),"ORAS")) -> 0 | F16: 0 | G16: =+IF(F16="","",VLOOKUP(F16,$H$140:I$192,2,FALSE)) -> 0 | I16: ATN CICLOVÍA, ESCUELA DE LA BICI, ADICIONALES 40 M3 | R16: CENTRO | S16: ADICIONALES | T16: 3 | U16: 0 | V16: NA | W16: =+IF(X16=0,0,CONCATENATE(MID(X16,FIND("-",X16,1)+1,4),"ORAS")) -> 08 HORAS | X16: 41.OPERARIO-08 HORAS | Y16: =+(IF(X16="","",VLOOKUP(X16,$H$140:$I$192,2,FALSE)))*T16 -> 160731
I17: ZONA | J17: CORREDOR | K17: # OPERARIOS | L17: # CAMIONES | M17: MODELO | N17: DISPONIBILIDAD | O17: TIPO DE SERVICIO | P17: $
N18: =+IF(O18=0,0,CONCATENATE(MID(O18,FIND("-",O18,1)+1,4),"ORAS")) -> 0 | O18: 0 | P18: =+IF(O18="","",VLOOKUP(O18,$H$140:$I$192,2,FALSE)) -> 0 | R18: CAMIONETA 4 X4 DOBLE CABINA CON PLATON
O19: 0 | P19: =+IF(O19="","",VLOOKUP(O19,$H$140:$I$192,2,FALSE)) -> 0 | R19: ZONA | S19: CORREDOR | T19: # OPERARIOS | U19: # CAMIONES | V19: MODELO | W19: DISPONIBILIDAD | X19: TIPO DE SERVICIO | Y19: $
R20: NORTE | S20: APOYO CICLOVÍA | T20: NA | U20: NA | V20: 2014-2020 | W20: =+IF(X20=0,0,CONCATENATE(MID(X20,FIND("-",X20,1)+1,4),"ORAS")) -> 15 HORAS | X20: 34.4X4-15 HORAS | Y20: =+IF(X20="","",VLOOKUP(X20,$H$140:$I$192,2,FALSE)) -> 373234
R21: NORTE | S21: APOYO CICLOVÍA | T21: NA | U21: NA | V21: 2014-2020 | W21: =+IF(X21=0,0,CONCATENATE(MID(X21,FIND("-",X21,1)+1,4),"ORAS")) -> 15 HORAS | X21: 34.4X4-15 HORAS | Y21: =+IF(X21="","",VLOOKUP(X21,$H$140:$I$192,2,FALSE)) -> 373234
R22: CENTRO | S22: APOYO CICLOVÍA | T22: NA | U22: 1 | V22: 2014-2020 | W22: =+IF(X22=0,0,CONCATENATE(MID(X22,FIND("-",X22,1)+1,4),"ORAS")) -> 15 HORAS | X22: 31.CAMION TIPOFURGON-15 HORAS | Y22: =+IF(X22="","",VLOOKUP(X22,$H$140:$I$192,2,FALSE)) -> 239262
A23: valor total | B23: =SUM(B4:B13)+B16+B17+B18+B19+B20+B22 -> 26 | C23: =+C4+C5+C6+C7+C8+C9+C10+C16 -> 7 | G23: =SUM(G13,G16:G22) -> 4255424 | R23: CENTRO | S23: APOYO CICLOVÍA | T23: NA | U23: NA | V23: 2014-2020 | W23: =+IF(X23=0,0,CONCATENATE(MID(X23,FIND("-",X23,1)+1,4),"ORAS")) -> 15 HORAS | X23: 34.4X4-15 HORAS | Y23: =+IF(X23="","",VLOOKUP(X23,$H$140:$I$192,2,FALSE)) -> 373234
A24: ZONA CENTRO | R24: SUR | S24: APOYO CICLOVÍA | T24: NA | U24: NA | V24: 2014-2020 | W24: =+IF(X24=0,0,CONCATENATE(MID(X24,FIND("-",X24,1)+1,4),"ORAS")) -> 15 HORAS | X24: 34.4X4-15 HORAS | Y24: =+IF(X24="","",VLOOKUP(X24,$H$140:$I$192,2,FALSE)) -> 373234
A25: RUTAS CICLOVÍA 40 M3
A26: CORREDOR | B26: # OPERARIOS | C26: # CAMIONES | D26: MODELO | E26: DISPONIBILIDAD | F26: TIPO DE SERVICIO | G26: $ | J26: TOTAL | K26: =SUM(K4:K15,K18:K25) -> 11 | L26: =SUM(L4:L25) -> 4 | P26: =SUM(P4:P25) -> 1699240 | S26: TOTAL | T26: =T4+T5+T6+T15+T16 -> 18 | U26: =SUM(U4:U7,U22) -> 4 | Y26: =SUM(Y4:Y24) -> 3558877
A27: CENTRO 1 | B27: =+IF(F27=0,0,MID(F27,LEN(F27)-3,1)) -> 3 | C27: 1 | D27: 2014-2020 | E27: =+IF(F27=0,0,CONCATENATE(MID(F27,FIND("-",F27,1)+1,4),"ORAS")) -> 15 HORAS | F27: 2.CAMION TIPO40m³-15 HORAS-3 OP | G27: =+IF(F27="","",VLOOKUP(F27,$H$140:I$192,2,FALSE)) -> 514916
A28: CENTRO 2 | B28: =+IF(F28=0,0,MID(F28,LEN(F28)-3,1)) -> 4 | C28: 1 | D28: 2014-2020 | E28: =+IF(F28=0,0,CONCATENATE(MID(F28,FIND("-",F28,1)+1,4),"ORAS")) -> 15 HORAS | F28: 1.CAMION TIPO40m³-15 HORAS-4 OP | G28: =+IF(F28="","",VLOOKUP(F28,$H$140:I$192,2,FALSE)) -> 582964
A29: CENTRO 4 | B29: =+IF(F29=0,0,MID(F29,LEN(F29)-3,1)) -> 3 | C29: 1 | D29: 2014-2020 | E29: =+IF(F29=0,0,CONCATENATE(MID(F29,FIND("-",F29,1)+1,4),"ORAS")) -> 15 HORAS | F29: 2.CAMION TIPO40m³-15 HORAS-3 OP | G29: =+IF(F29="","",VLOOKUP(F29,$H$140:I$192,2,FALSE)) -> 514916
A30: CENTRO 5 | B30: 3 | C30: 1 | D30: 2014-2020 | E30: =+IF(F30=0,0,CONCATENATE(MID(F30,FIND("-",F30,1)+1,4),"ORAS")) -> 15 HORAS | F30: 2.CAMION TIPO40m³-15 HORAS-3 OP | G30: =+IF(F30="","",VLOOKUP(F30,$H$140:I$192,2,FALSE)) -> 514916
A33: RUTAS CICLOVÍA 25 M3
B34: # OPERARIOS | C34: # CAMIONES | D34: MODELO | F34: TIPO DE SERVICIO | G34: $
A35: CENTRO 3 ZONA 1 | B35: =+IF(F35=0,0,MID(F35,LEN(F35)-3,1)) -> 3 | C35: 1 | D35: 2014-2020 | E35: =+IF(F35=0,0,CONCATENATE(MID(F35,FIND("-",F35,1)+1,4),"ORAS")) -> 15 HORAS | F35: 17.CAMION TIPO25m³-15 HORAS-3 OP | G35: =+IF(F35="","",VLOOKUP(F35,$H$140:I$192,2,FALSE)) -> 443323
A36: CENTRO 3 ZONA 2 | B36: =+IF(F36=0,0,MID(F36,LEN(F36)-3,1)) -> 3 | C36: 1 | D36: 2014-2020 | E36: =+IF(F36=0,0,CONCATENATE(MID(F36,FIND("-",F36,1)+1,4),"ORAS")) -> 15 HORAS | F36: 17.CAMION TIPO25m³-15 HORAS-3 OP | G36: =+IF(F36="","",VLOOKUP(F36,$H$140:I$192,2,FALSE)) -> 443323
A37: CENTRO 6 ZONA 1 | B37: =+IF(F37=0,0,MID(F37,LEN(F37)-3,1)) -> 3 | C37: 1 | D37: 2014-2020 | E37: =+IF(F37=0,0,CONCATENATE(MID(F37,FIND("-",F37,1)+1,4),"ORAS")) -> 15 HORAS | F37: 17.CAMION TIPO25m³-15 HORAS-3 OP | G37: =+IF(F37="","",VLOOKUP(F37,$H$140:I$192,2,FALSE)) -> 443323
A38: CENTRO 6 ZONA 2 | B38: =+IF(F38=0,0,MID(F38,LEN(F38)-3,1)) -> 3 | C38: 1 | D38: 2014-2020 | E38: =+IF(F38=0,0,CONCATENATE(MID(F38,FIND("-",F38,1)+1,4),"ORAS")) -> 15 HORAS | F38: 17.CAMION TIPO25m³-15 HORAS-3 OP | G38: =+IF(F38="","",VLOOKUP(F38,$H$140:I$192,2,FALSE)) -> 443323
E39: =+IF(F39=0,0,CONCATENATE(MID(F39,FIND("-",F39,1)+1,4),"ORAS")) -> 0 | F39: 0 | G39: =+IF(F39="","",VLOOKUP(F39,$H$140:I$192,2,FALSE)) -> 0
A41: valor total | B41: =+B27+B28+B29+B35+B36+B37+B38+B39+B30 -> 25 | C41: =SUM(C27:C32)+C35+C36+C37+C38+C39+C40 -> 8 | E41: =+IF(F41=0,0,CONCATENATE(MID(F41,FIND("-",F41,1)+1,3),"ORAS")) -> 0 | G41: =SUM(G27:G32,G35:G40) -> 3901004
A42: ZONA SUR
A43: RUTAS CICLOVÍA 40 M3
A44: CORREDOR | B44: # OPERARIOS | C44: # CAMIONES | D44: MODELO | E44: DISPONIBILIDAD | F44: TIPO DE SERVICIO | G44: $
A53: RUTAS CICLOVÍA 25 M3
A54: CORREDOR | B54: # OPERARIOS | C54: # CAMIONES | D54: MODELO | E54: DISPONIBILIDAD | F54: TIPO DE SERVICIO | G54: $
A55: SUR 1 ZONA 1 | B55: =+IF(F55=0,0,MID(F55,LEN(F55)-3,1)) -> 3 | C55: 1 | D55: 2014-2020 | E55: =+IF(F55=0,0,CONCATENATE(MID(F55,FIND("-",F55,1)+1,4),"ORAS")) -> 15 HORAS | F55: 17.CAMION TIPO25m³-15 HORAS-3 OP | G55: =+IF(F55="","",VLOOKUP(F55,$H$140:I$192,2,FALSE)) -> 443323
A56: SUR 1 ZONA 2 | B56: =+IF(F56=0,0,MID(F56,LEN(F56)-3,1)) -> 3 | C56: 1 | D56: 2014-2020 | E56: =+IF(F56=0,0,CONCATENATE(MID(F56,FIND("-",F56,1)+1,4),"ORAS")) -> 15 HORAS | F56: 17.CAMION TIPO25m³-15 HORAS-3 OP | G56: =+IF(F56="","",VLOOKUP(F56,$H$140:I$192,2,FALSE)) -> 443323
A57: SUR 1 MALETINES | B57: =+IF(F57=0,0,MID(F57,LEN(F57)-3,1)) -> 3 | C57: 1 | D57: 2014-2020 | E57: =+IF(F57=0,0,CONCATENATE(MID(F57,FIND("-",F57,1)+1,4),"ORAS")) -> 15 HORAS | F57: 17.CAMION TIPO25m³-15 HORAS-3 OP | G57: =+IF(F57="","",VLOOKUP(F57,$H$140:I$192,2,FALSE)) -> 443323
A58: SUR 3 ZONA 1 | B58: 3 | C58: 1 | D58: 2014-2020 | E58: =+IF(F58=0,0,CONCATENATE(MID(F58,FIND("-",F58,1)+1,4),"ORAS")) -> 15 HORAS | F58: 17.CAMION TIPO25m³-15 HORAS-3 OP | G58: =+IF(F58="","",VLOOKUP(F58,$H$140:I$192,2,FALSE)) -> 443323
A59: SUR 3 ZONA 2 | B59: 3 | C59: 1 | D59: 2014-2020 | E59: =+IF(F59=0,0,CONCATENATE(MID(F59,FIND("-",F59,1)+1,4),"ORAS")) -> 15 HORAS | F59: 17.CAMION TIPO25m³-15 HORAS-3 OP | G59: =+IF(F59="","",VLOOKUP(F59,$H$140:I$192,2,FALSE)) -> 443323
E60: =+IF(F60=0,0,CONCATENATE(MID(F60,FIND("-",F60,1)+1,4),"ORAS")) -> 0 | F60: 0 | G60: =+IF(F60="","",VLOOKUP(F60,$H$140:I$192,2,FALSE)) -> 0
E61: =+IF(F61=0,0,CONCATENATE(MID(F61,FIND("-",F61,1)+1,4),"ORAS")) -> 0 | F61: 0 | G61: =+IF(F61="","",VLOOKUP(F61,$H$140:I$192,2,FALSE)) -> 0
E62: =+IF(F62=0,0,CONCATENATE(MID(F62,FIND("-",F62,1)+1,4),"ORAS")) -> 0 | F62: 0 | G62: =+IF(F62="","",VLOOKUP(F62,$H$140:I$192,2,FALSE)) -> 0
E63: =+IF(F63=0,0,CONCATENATE(MID(F63,FIND("-",F63,1)+1,4),"ORAS")) -> 0 | F63: 0 | G63: =+IF(F63="","",VLOOKUP(F63,$H$140:I$192,2,FALSE)) -> 0
E64: =+IF(F64=0,0,CONCATENATE(MID(F64,FIND("-",F64,1)+1,4),"ORAS")) -> 0 | F64: 0 | G64: =+IF(F64="","",VLOOKUP(F64,$H$140:I$192,2,FALSE)) -> 0
A66: valor total | B66: =B47+B48+B49+B50+B51+B52+B55+B56+B57+B58+B59+B60+B61+B62+B63+B64 -> 15 | C66: =SUM(C47:C52,C55:C65) -> 5 | G66: =SUM(G47:G52,G55:G65) -> 2216615
A68: TOTAL | B68: =B66+B41+B23 -> 66 | C68: =C66+C41+C23 -> 20 | G68: =SUM(G23,G41,G66) -> 10373043
J69: GRAN TOTAL OPERA | K69: =K26+B68+T26+AB26 -> 95
J70: GRAN TOTAL CAMIONES | K70: =L26+C68+U26+AC26 -> 28 | M70: ZONA NORTE | N70: ZONA CENTRO | O70: ZONA SUR
J71: VALOR $ | K71: =SUM(G68,P26,Y26) -> 15631160 | M71: =SUM(G4:G12,G16:G22,Y20:Y21) -> 5001892 | N71: =SUM(G27:G32,G35:G40,P4:P15,P18:P25,Y4:Y7,Y15:Y16,Y22:Y23) -> 8039419 | O71: =SUM(G47:G52,G55:G64,Y24) -> 2589849 | P71: =SUM(M71:O71) -> 15631160
A73: OTRAS NOVEDADES DE JORNADA
A74: MOVIMIENTOS: * SE REQUIERE QUE LOS TRES OPERARI@S PARA APOYO DE CICLOVÍA LLEGUEN A PLAZA DE LOS ARTESANOS Carrera 60 #63A-52 A LAS 10:00 AM Y ESTEN DISPONIBLES 05:00 PM. ENCARGADO LUIS MARTINEZ 3124158470. * LA CAMIONETA FURGONADA DE PENDONES DE CALLE 26 DEBE LLEGAR A LAS 4:00 AM A LA PLAZA DE ARTESANOS, JUNTO CON LOS DOS OPERARIOS ADICIONALES. *SE RECUERDA QUE PARA LOS CORREDORES DE LA CALLE 26 SU HORA DE CIERRE SON LAS 6:30 AM COMO HORA MAXIMA, POR LO CUAL ESTOS CORREDORES DE ACUERDO LA PLAN DE MANEJO DE TRANSITO - PMT SE DEBEN HABLITAR A LA HORA NARRADA, POR FAVOR HACER LOS AJUSTES CORRESPONDIENTES PARA QUE ESTOS CAMIONES DISTRIBUYAN EL MATERIAL ANTES, Y FINALICEN EN UN HORARIO ANTES DE LAS 6:30 HRS PARA EL CAMIÓN DE RUTA, GARATIZANDO EL CIERRE PARA QUE LOS VEHICULOS DE CONOS PUEDAN DISTRIBUIR DESDE LAS 6:30 AM Y COMO MAXIMO HASTA LAS 7:00 AM. *PARA ALGUNOS VEHICULOS SALE MATERIAL ADICIONAL POR FAVOR TENER MUY ENCUENTA EL CUBICAJE DE CADA UNO DE LOS VEHICULOS. *SE CAMBIO EL MATERIAL PARA LOS CORREDORES DE N1, N2, N3, C1, C4 Y C5 SE SOLCITA SOCIALIZAR CON LOS OPERARIOS DE ESTAS RUTAS EL BUEN TRATO DEL MATERIAL, ENTENDIENDO QUE ES NUEVO. *SE SOLICTA NUEVAMENTE SOCIALIZAR CON LOS OPERARIOS QUE DEBEN DEJAR LOS ELEMENTOS CARGADOS EN LAS CABINAS COMO, TULAS, PALETAS Y CINTAS EN LA PAZA 4 EN LOS STANDS. LOS CUALES FUERON SOCIALIZADOS EL 19 DE MARZO 2023 CON LOS COORDINADORES DE LA EMPRESA. CAMIONETA 1: CAMIONETA DEBE LLEGAR A LAS 4:00 AM A PLAZA DE LOS ARTESANOS QUEDA DISPONIBLE. ENCARGADO KEVIN SILVA 3214765973 CAMIONETA 2: CAMIONETA DEBE LLEGAR A LAS 10:00 AM A PLAZA DE LOS ARTESANOS QUEDA DISPONIBLE. ENCARGADO DANIELA RATIVA 3505967621 CAMIONETA 3: CAMIONETA DEBE LLEGAR A LAS 4:00 AM A PLAZA DE LOS ARTESANOS QUEDA DISPONIBLE. ENCARGADO FELIPE CAMELO 3134952714 CAMIONETA 4: CAMIONETA DEBE LLEGAR A LAS 4:00 AM A PLAZA DE LOS ARTESANOS QUEDA DISPONIBLE. ENVARGADO KEVIN SILVA 3214765973 FURGONADA: CAMIONETA DEBE LLEGAR A LAS 5:30 AM A PLAZA DE LOS ARTESANOS, QUEDA DISPONIBLE. ENCARGADO DANIELA RATIVA 3505967621 ESCUELA DE LA BICI: EL VEHÍCULO DE ESCUELA. SE ACALARA QUE DEBEN COMUNICARSE CON EL TALENTO HUMANO DE EL PROGRAMA DE ESCUELA DE LA BICICLETA SERGIO PRIETO CEL 3167160204, LO ANTERIOR PARA COORDINAR LOS PUNTOS Y LOS DESPLAZAMIENTOS. VEHICULO POR 15 HORAS ATN: EL CAMIÓN DE ATN DEBE LLEGAR A PLAZA DE LOS ARTESANOS A LAS 7 AM, POSTERIORMENTE DRIGIRSE A LOS PUNTOS; CONTACTAR A JULIETTE ARROYO 3012802342, SERVICIO POR 15 HORAS. N3- KR 7 x CLL 102 S2- AV. BOYACA X GAITÁN CORTEZ EL CICLOPARQUEADERO DE LA CALLE 80 SE DEBE IR EN EL CAMIÓN DE DIVISORES Y DEBE DESCARGARSE EN LA AV BOYACA CON CALLE 80, POR FAVOR CORDINADOR DE LA ZONA NORTE ESTAR MUY PENDIENTE. ENTREGA DE MODULOS: DEBE LLEGAR A PLAZA DE ARTESANOS A LAS 7:00 AM, Y REALIZAR EL CARGUE DE LOS SIGUIENTE MODULOS 30 ALIMENTOS, 7 CICLOTALLER, 19 MESAS, 1 MESA DE ACCESORIOS Y10 TRÍPODES CICLOTALLER. POSTERIORMENTE DIRIGIRSE A CADA UNA DE LAS RUTAS A ENTREGAR LOS ELEMENTOS. SERVICIO POR 15 HORAS. DISPONIBLES: SE DEBE DEJAR DOS CAMIONES DE 25m2 CON 3 OPERARIOS LOS CUALES DEBEN REGRESAR A LA PLAZA DE LOS ARTESANOS A LAS 8:30 AM, ENCARGADO DANIELA RATIVA 3505967621 DE ACUERDO A LAS POSIBLES MARCHAS QUE SE PUEDAN PRESENTAR CON LAS FUERZAS MILITARES, ES POSIBLE QUE DESAHBILITE ALGUNOS CORREDORES, ESTAR MUY PRESTOS PARA LA DESHABILITACIÓN.
A94: Apoyan Guardaines ATN Norte 4, Norte 2 y Norte 3 Apoan Guardianes ATN Norte 1, Centro 1 y Centro 5 Apoyan Guardianes ATN Centro 4, Centro 3 y Sur 3 Apoyan Guardianes ATN Sur 1, Sur 2 y Centro 2
J139: TIPO DE DISPONIBILIDAD | K139: OPERARIOS
F140: 0 | G140: 0 | H140: 0 | I140: 0 | J140: 0 | K140: 0 | L140: 0 | M140: 0 | N140: =+CONCATENATE(G140,"VEHICULO",M140) -> 0VEHICULO0
F141: 40m³-15H-4OP | G141: 1. | H141: 1.CAMION TIPO40m³-15 HORAS-4 OP | I141: 582964 | J141: C | K141: 4 | L141: 1 SENCILLO 15H 4OP | M141: . | N141: =+CONCATENATE(G141,F141) -> 1.40m³-15H-4OP
F142: 40m³-15H-3OP | G142: 2. | H142: 2.CAMION TIPO40m³-15 HORAS-3 OP | I142: 514916 | J142: C | K142: 3 | L142: 2 SENCILLO 15H 3OP | M142: . | N142: =+CONCATENATE(G142,F142) -> 2.40m³-15H-3OP
F143: 40m³-15H-2OP | G143: 3. | H143: 3.CAMION TIPO40m³-15 HORAS-2 OP | I143: 448638 | J143: C | K143: 2 | L143: 3 SENCILLO 15H 2OP | M143: . | N143: =+CONCATENATE(G143,F143) -> 3.40m³-15H-2OP
F144: 40m³-15H-1OP | G144: 4. | H144: 4.CAMION TIPO40m³-15 HORAS-1 OP | I144: 381163 | J144: C | K144: 1 | L144: 4 SENCILLO 15H 1OP | M144: . | N144: =+CONCATENATE(G144,F144) -> 4.40m³-15H-1OP
F145: 40m³-15H-0OP | G145: 5. | H145: 5.CAMION TIPO40m³-15 HORAS-0 OP | I145: 321680 | J145: C | K145: 0 | L145: 5 SENCILLO 15H 0OP | M145: . | N145: =+CONCATENATE(G145,F145) -> 5.40m³-15H-0OP
F146: 40m³-9H-4OP | G146: 6. | H146: 6.CAMION TIPO40m³-09 HORAS-4 OP | I146: 509192 | J146: M | K146: 4 | L146: 6 SENCILLO M 4OP | M146: . | N146: =+CONCATENATE(G146,F146) -> 6.40m³-9H-4OP
F147: 40m³-9H-3OP | G147: 7. | H147: 7.CAMION TIPO40m³-09 HORAS-3 OP | I147: 450204 | J147: M | K147: 3 | L147: 7 SENCILLO M 3OP | M147: . | N147: =+CONCATENATE(G147,F147) -> 7.40m³-9H-3OP
F148: 40m³-9H-2OP | G148: 8. | H148: 8.CAMION TIPO40m³-09 HORAS-2 OP | I148: 392186 | J148: M | K148: 2 | L148: 8 SENCILLO M 2OP | M148: . | N148: =+CONCATENATE(G148,F148) -> 8.40m³-9H-2OP
F149: 40m³-9H-1OP | G149: 9. | H149: 9.CAMION TIPO40m³-09 HORAS-1 OP | I149: 329397 | J149: M | K149: 1 | L149: 9 SENCILLO M 1OP | M149: . | N149: =+CONCATENATE(G149,F149) -> 9.40m³-9H-1OP
F150: 40m³-9H-0OP | G150: 10. | H150: 10.CAMION TIPO40m³-09 HORAS-0 OP | I150: 280919 | J150: M | K150: 0 | L150: 10 SENCILLO M 0OP | M150: . | N150: =+CONCATENATE(G150,F150) -> 10.40m³-9H-0OP
F151: 40m³-4H-4OP | G151: 11. | H151: 11.CAMION TIPO40m³-04 HORAS-4 OP | I151: 420585 | J151: R | K151: 4 | L151: 11 SENCILLO R 4OP | M151: . | N151: =+CONCATENATE(G151,F151) -> 11.40m³-4H-4OP
F152: 40m³-4H-3OP | G152: 12. | H152: 12.CAMION TIPO40m³-04 HORAS-3 OP | I152: 369327 | J152: R | K152: 3 | L152: 12 SENCILLO R 3OP | M152: . | N152: =+CONCATENATE(G152,F152) -> 12.40m³-4H-3OP
... F182: OPERARIO-6-H | G182: 42. | H182: 42.OPERARIO-06 HORAS | I182: 41562 | J182: H | K182: 0 | L182: 42 OPERARIO 6 H | M182: . | N182: =+CONCATENATE(G182,F182) -> 42.OPERARIO-6-H
F183: BOGOTA-REGION-40m³- | G183: 43. | H183: 43.BOGOTA-REGION-40m³-9 HORAS | I183: 628232 | N183: =+CONCATENATE(G183,F183) -> 43.BOGOTA-REGION-40m³-
F184: BOGOTA-REGION-25m³- | G184: 44. | H184: 44.BOGOTA-REGION-25m³-9 HORAS | I184: 562619 | N184: =+CONCATENATE(G184,F184) -> 44.BOGOTA-REGION-25m³-
F185: BOGOTA-REGION-FURGON- | G185: 45. | H185: 45.BOGOTA-REGION-FURGON-9 HORAS | I185: 418264 | N185: =+CONCATENATE(G185,F185) -> 45.BOGOTA-REGION-FURGON-
F186: BOGOTA-REGION-4X4 | G186: 46. | H186: 46.BOGOTA-REGION-4X4-9 HORAS | I186: 288714 | N186: =+CONCATENATE(G186,F186) -> 46.BOGOTA-REGION-4X4
H187: 47. 6 OPERARIO-06 HORAS | I187: =41562*6 -> 249372 | J187: H | N187: =+CONCATENATE(G187,F187)
H188: 48. 8 OPERARIO-06 HORAS | I188: =41562*8 -> 332496 | J188: H
H189: 49. 10 OPERARIO-06 HORAS | I189: =41562*8 -> 332496 | J189: H
H190: 50. 6 OPERARIO-08 HORAS | I190: =53577*10 -> 535770 | J190: H
H191: 51. 8 OPERARIO-08 HORAS | I191: =53577*8 -> 428616 | J191: H
H192: 52. 10 OPERARIO-08 HORAS | I192: =53577*10 -> 535770 | J192: H

Sheet 18 JUNIO
A1: ZONA NORTE
A2: RUTAS CICLOVÍA 40 M3 | I2: LUDICA CICLOVÍA, ESCUELA DE LA BICI, ADICIONALES 25 M3 | R2: CONOS CICLOVÍA 25 M3
A3: CORREDOR | B3: # OPERARIOS | C3: # CAMIONES | D3: MODELO | E3: DISPONIBILIDAD | F3: TIPO DE SERVICIO | G3: $ | I3: ZONA | J3: CORREDOR | K3: # OPERARIOS | L3: # CAMIONES | M3: MODELO | N3: DISPONIBILIDAD | O3: TIPO DE SERVICIO | P3: $ | R3: ZONA | S3: CORREDOR | T3: # OPERARIOS | U3: # CAMIONES | V3: MODELO | W3: DISPONIBILIDAD | X3: TIPO DE SERVICIO | Y3: $
A4: NORTE 1 | B4: =+IF(F4=0,0,MID(F4,LEN(F4)-3,1)) -> 4 | C4: 1 | D4: 2014-2020 | E4: =+IF(F4=0,0,CONCATENATE(MID(F4,FIND("-",F4,1)+1,4),"ORAS")) -> 15 HORAS | F4: 1.CAMION TIPO40m³-15 HORAS-4 OP | G4: =+IF(F4="","",VLOOKUP(F4,$H$140:$I$192,2,FALSE)) -> 582964 | I4: CENTRO | J4: ESCUELA | K4: 3 | L4: 1 | M4: 2014-2020 | N4: =+IF(O4=0,0,CONCATENATE(MID(O4,FIND("-",O4,1)+1,4),"ORAS")) -> 15 HORAS | O4: 17.CAMION TIPO25m³-15 HORAS-3 OP | P4: =+IF(O4="","",VLOOKUP(O4,$H$140:$I$192,2,FALSE)) -> 443323 | R4: CENTRO | S4: CENTRO 5 CAMION 1 UNICONOS | T4: =+IF(X4=0,0,MID(X4,LEN(X4)-3,1)) -> 4 | U4: 1 | V4: 2014-2020 | W4: =+IF(X4=0,0,CONCATENATE(MID(X4,FIND("-",X4,1)+1,4),"ORAS")) -> 15 HORAS | X4: 16.CAMION TIPO25m³-15 HORAS-4 OP | Y4: =+IF(X4="","",VLOOKUP(X4,$H$140:$I$192,2,FALSE)) -> 501739
A5: NORTE 2 | B5: =+IF(F5=0,0,MID(F5,LEN(F5)-3,1)) -> 3 | C5: 1 | D5: 2014-2020 | E5: =+IF(F5=0,0,CONCATENATE(MID(F5,FIND("-",F5,1)+1,4),"ORAS")) -> 15 HORAS | F5: 2.CAMION TIPO40m³-15 HORAS-3 OP | G5: =+IF(F5="","",VLOOKUP(F5,$H$140:I$192,2,FALSE)) -> 514916 | I5: CENTRO | J5: CAMIONETA FURGONADA PENDONES CALLE 26 | K5: 0 | L5: 1 | M5: 2014-2020 | N5: =+IF(O5=0,0,CONCATENATE(MID(O5,FIND("-",O5,1)+1,4),"ORAS")) -> 15 HORAS | O5: 31.CAMION TIPOFURGON-15 HORAS | P5: =+IF(O5="","",VLOOKUP(O5,$H$140:$I$192,2,FALSE)) -> 239262 | R5: CENTRO | S5: CENTRO 5 CAMION 2 UNICONOS | T5: =+IF(X5=0,0,MID(X5,LEN(X5)-3,1)) -> 4 | U5: 1 | V5: 2014-2020 | W5: =+IF(X5=0,0,CONCATENATE(MID(X5,FIND("-",X5,1)+1,4),"ORAS")) -> 15 HORAS | X5: 16.CAMION TIPO25m³-15 HORAS-4 OP | Y5: =+IF(X5="","",VLOOKUP(X5,$H$140:$I$192,2,FALSE)) -> 501739
A6: NORTE 3 | B6: =+IF(F6=0,0,MID(F6,LEN(F6)-3,1)) -> 3 | C6: 1 | D6: 2014-2020 | E6: =+IF(F6=0,0,CONCATENATE(MID(F6,FIND("-",F6,1)+1,4),"ORAS")) -> 15 HORAS | F6: 2.CAMION TIPO40m³-15 HORAS-3 OP | G6: =+IF(F6="","",VLOOKUP(F6,$H$140:I$192,2,FALSE)) -> 514916 | I6: CENTRO | J6: ATN | K6: 4 | L6: 1 | M6: 2014-2020 | N6: =+IF(O6=0,0,CONCATENATE(MID(O6,FIND("-",O6,1)+1,4),"ORAS")) -> 15 HORAS | O6: 16.CAMION TIPO25m³-15 HORAS-4 OP | P6: =+IF(O6="","",VLOOKUP(O6,$H$140:$I$192,2,FALSE)) -> 501739 | R6: CENTRO | S6: CENTRO 4 CAMION 3 UNICONOS | T6: =+IF(X6=0,0,MID(X6,LEN(X6)-3,1)) -> 4 | U6: 1 | V6: 2014-2020 | W6: =+IF(X6=0,0,CONCATENATE(MID(X6,FIND("-",X6,1)+1,4),"ORAS")) -> 15 HORAS | X6: 16.CAMION TIPO25m³-15 HORAS-4 OP | Y6: =+IF(X6="","",VLOOKUP(X6,$H$140:$I$192,2,FALSE)) -> 501739
A7: NORTE 4 | B7: =+IF(F7=0,0,MID(F7,LEN(F7)-3,1)) -> 3 | C7: 1 | D7: 2014-2020 | E7: =+IF(F7=0,0,CONCATENATE(MID(F7,FIND("-",F7,1)+1,4),"ORAS")) -> 15 HORAS | F7: 2.CAMION TIPO40m³-15 HORAS-3 OP | G7: =+IF(F7="","",VLOOKUP(F7,$H$140:I$192,2,FALSE)) -> 514916 | I7: CENTRO | J7: ENTREGA DE MODULOS | K7: 4 | L7: 1 | M7: 2014-2020 | N7: =+IF(O7=0,0,CONCATENATE(MID(O7,FIND("-",O7,1)+1,4),"ORAS")) -> 15 HORAS | O7: 17.CAMION TIPO25m³-15 HORAS-3 OP | P7: =+IF(O7="","",VLOOKUP(O7,$H$140:$I$192,2,FALSE)) -> 443323 | X7: 0 | Y7: =+IF(X7="","",VLOOKUP(X7,$H$140:$I$186,2,FALSE)) -> 0
A8: NORTE 5 ZONA 1 | B8: =+IF(F8=0,0,MID(F8,LEN(F8)-3,1)) -> 3 | C8: 1 | D8: 2014-2020 | E8: =+IF(F8=0,0,CONCATENATE(MID(F8,FIND("-",F8,1)+1,4),"ORAS")) -> 15 HORAS | F8: 2.CAMION TIPO40m³-15 HORAS-3 OP | G8: =+IF(F8="","",VLOOKUP(F8,$H$140:I$192,2,FALSE)) -> 514916 | N8: =+IF(O8=0,0,CONCATENATE(MID(O8,FIND("-",O8,1)+1,4),"ORAS")) -> 0 | O8: 0 | P8: =+IF(O8="","",VLOOKUP(O8,$H$140:$I$192,2,FALSE)) -> 0 | U8: =+U4+U5+U6+U7 -> 3
A9: NORTE 5 ZONA 2 | B9: =+IF(F9=0,0,MID(F9,LEN(F9)-3,1)) -> 3 | C9: 1 | D9: 2014-2020 | E9: =+IF(F9=0,0,CONCATENATE(MID(F9,FIND("-",F9,1)+1,4),"ORAS")) -> 15 HORAS | F9: 2.CAMION TIPO40m³-15 HORAS-3 OP | G9: =+IF(F9="","",VLOOKUP(F9,$H$140:I$192,2,FALSE)) -> 514916
A10: NORTE 1 MALETINES | B10: =+IF(F10=0,0,MID(F10,LEN(F10)-3,1)) -> 4 | C10: 1 | D10: 2014-2020 | E10: =+IF(F10=0,0,CONCATENATE(MID(F10,FIND("-",F10,1)+1,4),"ORAS")) -> 15 HORAS | F10: 1.CAMION TIPO40m³-15 HORAS-4 OP | G10: =+IF(F10="","",VLOOKUP(F10,$H$140:I$192,2,FALSE)) -> 582964
A11: NORTE 1 DIVISORES | B11: =+IF(F11=0,0,MID(F11,LEN(F11)-3,1)) -> 4 | C11: 1 | D11: 2014-2020 | E11: =+IF(F11=0,0,CONCATENATE(MID(F11,FIND("-",F11,1)+1,4),"ORAS")) -> 15 HORAS | F11: 1.CAMION TIPO40m³-15 HORAS-4 OP | G11: =+IF(F11="","",VLOOKUP(F11,$H$140:$I$192,2,FALSE)) -> 582964
B13: =+B10+B9+B8+B7+B6+B5+B4+B11 -> 27 | C13: =+C10+C9+C8+C7+C6+C5+C4 -> 7 | G13: =SUM(G4:G12) -> 4323472 | R13: OPERARIOS ADICIONALES
A14: RUTAS CICLOVÍA 25 M3 | R14: ZONA | S14: CORREDOR | T14: # OPERARIOS | U14: # CAMIONES | V14: MODELO | W14: DISPONIBILIDAD | X14: TIPO DE SERVICIO | Y14: $
A15: CORREDOR | B15: # OPERARIOS | C15: # CAMIONES | D15: MODELO | E15: DISPONIBILIDAD | F15: TIPO DE SERVICIO | G15: $ | R15: CENTRO | S15: APOYO CICLOVÍA | T15: 1 | U15: 0 | V15: NA | W15: =+IF(X15=0,0,CONCATENATE(MID(X15,FIND("-",X15,1)+1,4),"ORAS")) -> 08 HORAS | X15: 41.OPERARIO-08 HORAS | Y15: =+(IF(X15="","",VLOOKUP(X15,$H$140:$I$192,2,FALSE)))*T15 -> 53577
B16: =+IF(F16=0,0,MID(F16,LEN(F16)-3,1)) -> 0 | E16: =+IF(F16=0,0,CONCATENATE(MID(F16,FIND("-",F16,1)+1,4),"ORAS")) -> 0 | F16: 0 | G16: =+IF(F16="","",VLOOKUP(F16,$H$140:I$192,2,FALSE)) -> 0 | I16: ATN CICLOVÍA, ESCUELA DE LA BICI, ADICIONALES 40 M3 | R16: CENTRO | S16: ADICIONALES | T16: 2 | U16: 0 | V16: NA | W16: =+IF(X16=0,0,CONCATENATE(MID(X16,FIND("-",X16,1)+1,4),"ORAS")) -> 08 HORAS | X16: 41.OPERARIO-08 HORAS | Y16: =+(IF(X16="","",VLOOKUP(X16,$H$140:$I$192,2,FALSE)))*T16 -> 107154
I17: ZONA | J17: CORREDOR | K17: # OPERARIOS | L17: # CAMIONES | M17: MODELO | N17: DISPONIBILIDAD | O17: TIPO DE SERVICIO | P17: $
N18: =+IF(O18=0,0,CONCATENATE(MID(O18,FIND("-",O18,1)+1,4),"ORAS")) -> 0 | O18: 0 | P18: =+IF(O18="","",VLOOKUP(O18,$H$140:$I$192,2,FALSE)) -> 0 | R18: CAMIONETA 4 X4 DOBLE CABINA CON PLATON
O19: 0 | P19: =+IF(O19="","",VLOOKUP(O19,$H$140:$I$192,2,FALSE)) -> 0 | R19: ZONA | S19: CORREDOR | T19: # OPERARIOS | U19: # CAMIONES | V19: MODELO | W19: DISPONIBILIDAD | X19: TIPO DE SERVICIO | Y19: $
R20: NORTE | S20: APOYO CICLOVÍA | T20: NA | U20: NA | V20: 2014-2020 | W20: =+IF(X20=0,0,CONCATENATE(MID(X20,FIND("-",X20,1)+1,4),"ORAS")) -> 0 | X20: 0 | Y20: =+IF(X20="","",VLOOKUP(X20,$H$140:$I$192,2,FALSE)) -> 0
R21: NORTE | S21: APOYO CICLOVÍA | T21: NA | U21: NA | V21: 2014-2020 | W21: =+IF(X21=0,0,CONCATENATE(MID(X21,FIND("-",X21,1)+1,4),"ORAS")) -> 15 HORAS | X21: 34.4X4-15 HORAS | Y21: =+IF(X21="","",VLOOKUP(X21,$H$140:$I$192,2,FALSE)) -> 373234
R22: CENTRO | S22: APOYO CICLOVÍA | T22: NA | U22: 1 | V22: 2014-2020 | W22: =+IF(X22=0,0,CONCATENATE(MID(X22,FIND("-",X22,1)+1,4),"ORAS")) -> 15 HORAS | X22: 31.CAMION TIPOFURGON-15 HORAS | Y22: =+IF(X22="","",VLOOKUP(X22,$H$140:$I$192,2,FALSE)) -> 239262
A23: valor total | B23: =SUM(B4:B13)+B16+B17+B18+B19+B20+B22 -> 27 | C23: =+C4+C5+C6+C7+C8+C9+C10+C16 -> 7 | G23: =SUM(G13,G16:G22) -> 4323472 | R23: CENTRO | S23: APOYO CICLOVÍA | T23: NA | U23: NA | V23: 2014-2020 | W23: =+IF(X23=0,0,CONCATENATE(MID(X23,FIND("-",X23,1)+1,4),"ORAS")) -> 15 HORAS | X23: 34.4X4-15 HORAS | Y23: =+IF(X23="","",VLOOKUP(X23,$H$140:$I$192,2,FALSE)) -> 373234
A24: ZONA CENTRO | R24: SUR | S24: APOYO CICLOVÍA | T24: NA | U24: NA | V24: 2014-2020 | W24: =+IF(X24=0,0,CONCATENATE(MID(X24,FIND("-",X24,1)+1,4),"ORAS")) -> 15 HORAS | X24: 34.4X4-15 HORAS | Y24: =+IF(X24="","",VLOOKUP(X24,$H$140:$I$192,2,FALSE)) -> 373234
A25: RUTAS CICLOVÍA 40 M3 | X25: 0 | Y25: =+IF(X25="","",VLOOKUP(X25,$H$140:$I$192,2,FALSE)) -> 0
A26: CORREDOR | B26: # OPERARIOS | C26: # CAMIONES | D26: MODELO | E26: DISPONIBILIDAD | F26: TIPO DE SERVICIO | G26: $ | J26: TOTAL | K26: =SUM(K4:K15,K18:K25) -> 11 | L26: =SUM(L4:L25) -> 4 | P26: =SUM(P4:P25) -> 1627647 | X26: 0 | Y26: =+IF(X26="","",VLOOKUP(X26,$H$140:$I$192,2,FALSE)) -> 0
A27: CENTRO 1 | B27: =+IF(F27=0,0,MID(F27,LEN(F27)-3,1)) -> 3 | C27: 1 | D27: 2014-2020 | E27: =+IF(F27=0,0,CONCATENATE(MID(F27,FIND("-",F27,1)+1,4),"ORAS")) -> 15 HORAS | F27: 2.CAMION TIPO40m³-15 HORAS-3 OP | G27: =+IF(F27="","",VLOOKUP(F27,$H$140:I$192,2,FALSE)) -> 514916
A28: CENTRO 2 | B28: =+IF(F28=0,0,MID(F28,LEN(F28)-3,1)) -> 3 | C28: 1 | D28: 2014-2020 | E28: =+IF(F28=0,0,CONCATENATE(MID(F28,FIND("-",F28,1)+1,4),"ORAS")) -> 15 HORAS | F28: 2.CAMION TIPO40m³-15 HORAS-3 OP | G28: =+IF(F28="","",VLOOKUP(F28,$H$140:I$192,2,FALSE)) -> 514916
A29: CENTRO 4 | B29: =+IF(F29=0,0,MID(F29,LEN(F29)-3,1)) -> 3 | C29: 1 | D29: 2014-2020 | E29: =+IF(F29=0,0,CONCATENATE(MID(F29,FIND("-",F29,1)+1,4),"ORAS")) -> 15 HORAS | F29: 2.CAMION TIPO40m³-15 HORAS-3 OP | G29: =+IF(F29="","",VLOOKUP(F29,$H$140:I$192,2,FALSE)) -> 514916 | S29: TOTAL | T29: =T4+T5+T6+T15+T16 -> 15 | U29: =SUM(U4:U7,U22) -> 4 | Y29: =SUM(Y4:Y26) -> 3024912
A30: CENTRO 5 | B30: 3 | C30: 1 | D30: 2014-2020 | E30: =+IF(F30=0,0,CONCATENATE(MID(F30,FIND("-",F30,1)+1,4),"ORAS")) -> 15 HORAS | F30: 2.CAMION TIPO40m³-15 HORAS-3 OP | G30: =+IF(F30="","",VLOOKUP(F30,$H$140:I$192,2,FALSE)) -> 514916
A33: RUTAS CICLOVÍA 25 M3
B34: # OPERARIOS | C34: # CAMIONES | D34: MODELO | F34: TIPO DE SERVICIO | G34: $
A35: CENTRO 3 ZONA 1 | B35: =+IF(F35=0,0,MID(F35,LEN(F35)-3,1)) -> 3 | C35: 1 | D35: 2014-2020 | E35: =+IF(F35=0,0,CONCATENATE(MID(F35,FIND("-",F35,1)+1,4),"ORAS")) -> 15 HORAS | F35: 17.CAMION TIPO25m³-15 HORAS-3 OP | G35: =+IF(F35="","",VLOOKUP(F35,$H$140:I$192,2,FALSE)) -> 443323
A36: CENTRO 3 ZONA 2 | B36: =+IF(F36=0,0,MID(F36,LEN(F36)-3,1)) -> 3 | C36: 1 | D36: 2014-2020 | E36: =+IF(F36=0,0,CONCATENATE(MID(F36,FIND("-",F36,1)+1,4),"ORAS")) -> 15 HORAS | F36: 17.CAMION TIPO25m³-15 HORAS-3 OP | G36: =+IF(F36="","",VLOOKUP(F36,$H$140:I$192,2,FALSE)) -> 443323
A37: CENTRO 6 ZONA 1 | B37: =+IF(F37=0,0,MID(F37,LEN(F37)-3,1)) -> 3 | C37: 1 | D37: 2014-2020 | E37: =+IF(F37=0,0,CONCATENATE(MID(F37,FIND("-",F37,1)+1,4),"ORAS")) -> 15 HORAS | F37: 17.CAMION TIPO25m³-15 HORAS-3 OP | G37: =+IF(F37="","",VLOOKUP(F37,$H$140:I$192,2,FALSE)) -> 443323
A38: CENTRO 6 ZONA 2 | B38: =+IF(F38=0,0,MID(F38,LEN(F38)-3,1)) -> 3 | C38: 1 | D38: 2014-2020 | E38: =+IF(F38=0,0,CONCATENATE(MID(F38,FIND("-",F38,1)+1,4),"ORAS")) -> 15 HORAS | F38: 17.CAMION TIPO25m³-15 HORAS-3 OP | G38: =+IF(F38="","",VLOOKUP(F38,$H$140:I$192,2,FALSE)) -> 443323
E39: =+IF(F39=0,0,CONCATENATE(MID(F39,FIND("-",F39,1)+1,4),"ORAS")) -> 0 | F39: 0 | G39: =+IF(F39="","",VLOOKUP(F39,$H$140:I$192,2,FALSE)) -> 0
A41: valor total | B41: =+B27+B28+B29+B35+B36+B37+B38+B39+B30 -> 24 | C41: =SUM(C27:C32)+C35+C36+C37+C38+C39+C40 -> 8 | E41: =+IF(F41=0,0,CONCATENATE(MID(F41,FIND("-",F41,1)+1,3),"ORAS")) -> 0 | G41: =SUM(G27:G32,G35:G40) -> 3832956
A42: ZONA SUR
A43: RUTAS CICLOVÍA 40 M3
A44: CORREDOR | B44: # OPERARIOS | C44: # CAMIONES | D44: MODELO | E44: DISPONIBILIDAD | F44: TIPO DE SERVICIO | G44: $
A53: RUTAS CICLOVÍA 25 M3
A54: CORREDOR | B54: # OPERARIOS | C54: # CAMIONES | D54: MODELO | E54: DISPONIBILIDAD | F54: TIPO DE SERVICIO | G54: $
A55: SUR 1 ZONA 1 | B55: =+IF(F55=0,0,MID(F55,LEN(F55)-3,1)) -> 3 | C55: 1 | D55: 2014-2020 | E55: =+IF(F55=0,0,CONCATENATE(MID(F55,FIND("-",F55,1)+1,4),"ORAS")) -> 15 HORAS | F55: 17.CAMION TIPO25m³-15 HORAS-3 OP | G55: =+IF(F55="","",VLOOKUP(F55,$H$140:I$192,2,FALSE)) -> 443323
A56: SUR 1 ZONA 2 | B56: =+IF(F56=0,0,MID(F56,LEN(F56)-3,1)) -> 3 | C56: 1 | D56: 2014-2020 | E56: =+IF(F56=0,0,CONCATENATE(MID(F56,FIND("-",F56,1)+1,4),"ORAS")) -> 15 HORAS | F56: 17.CAMION TIPO25m³-15 HORAS-3 OP | G56: =+IF(F56="","",VLOOKUP(F56,$H$140:I$192,2,FALSE)) -> 443323
A57: SUR 1 MALETINES | B57: =+IF(F57=0,0,MID(F57,LEN(F57)-3,1)) -> 3 | C57: 1 | D57: 2014-2020 | E57: =+IF(F57=0,0,CONCATENATE(MID(F57,FIND("-",F57,1)+1,4),"ORAS")) -> 15 HORAS | F57: 17.CAMION TIPO25m³-15 HORAS-3 OP | G57: =+IF(F57="","",VLOOKUP(F57,$H$140:I$192,2,FALSE)) -> 443323
A58: SUR 2 | B58: =+IF(F58=0,0,MID(F58,LEN(F58)-3,1)) -> 3 | C58: 1 | D58: 2014-2020 | E58: =+IF(F58=0,0,CONCATENATE(MID(F58,FIND("-",F58,1)+1,4),"ORAS")) -> 15 HORAS | F58: 17.CAMION TIPO25m³-15 HORAS-3 OP | G58: =+IF(F58="","",VLOOKUP(F58,$H$140:I$192,2,FALSE)) -> 443323
A59: SUR 2 CANECAS 1 | B59: =+IF(F59=0,0,MID(F59,LEN(F59)-3,1)) -> 3 | C59: 1 | D59: 2014-2020 | E59: =+IF(F59=0,0,CONCATENATE(MID(F59,FIND("-",F59,1)+1,4),"ORAS")) -> 15 HORAS | F59: 17.CAMION TIPO25m³-15 HORAS-3 OP | G59: =+IF(F59="","",VLOOKUP(F59,$H$140:I$192,2,FALSE)) -> 443323
A60: SUR 2 CANECAS 2 | B60: =+IF(F60=0,0,MID(F60,LEN(F60)-3,1)) -> 3 | C60: 1 | D60: 2014-2020 | E60: =+IF(F60=0,0,CONCATENATE(MID(F60,FIND("-",F60,1)+1,4),"ORAS")) -> 15 HORAS | F60: 17.CAMION TIPO25m³-15 HORAS-3 OP | G60: =+IF(F60="","",VLOOKUP(F60,$H$140:I$192,2,FALSE)) -> 443323
A61: SUR 2 CANECAS 3 | B61: =+IF(F61=0,0,MID(F61,LEN(F61)-3,1)) -> 3 | C61: 1 | D61: 2014-2020 | E61: =+IF(F61=0,0,CONCATENATE(MID(F61,FIND("-",F61,1)+1,4),"ORAS")) -> 15 HORAS | F61: 17.CAMION TIPO25m³-15 HORAS-3 OP | G61: =+IF(F61="","",VLOOKUP(F61,$H$140:I$192,2,FALSE)) -> 443323
A62: SUR 2 CANECAS 4 | B62: =+IF(F62=0,0,MID(F62,LEN(F62)-3,1)) -> 3 | C62: 1 | D62: 2014-2020 | E62: =+IF(F62=0,0,CONCATENATE(MID(F62,FIND("-",F62,1)+1,4),"ORAS")) -> 15 HORAS | F62: 17.CAMION TIPO25m³-15 HORAS-3 OP | G62: =+IF(F62="","",VLOOKUP(F62,$H$140:I$192,2,FALSE)) -> 443323
A63: SUR 3 ZONA 1 | B63: =+IF(F63=0,0,MID(F63,LEN(F63)-3,1)) -> 3 | C63: 1 | D63: 2014-2020 | E63: =+IF(F63=0,0,CONCATENATE(MID(F63,FIND("-",F63,1)+1,4),"ORAS")) -> 15 HORAS | F63: 17.CAMION TIPO25m³-15 HORAS-3 OP | G63: =+IF(F63="","",VLOOKUP(F63,$H$140:I$192,2,FALSE)) -> 443323
A64: SUR 3 ZONA 2 | B64: =+IF(F64=0,0,MID(F64,LEN(F64)-3,1)) -> 3 | C64: 1 | D64: 2014-2020 | E64: =+IF(F64=0,0,CONCATENATE(MID(F64,FIND("-",F64,1)+1,4),"ORAS")) -> 15 HORAS | F64: 17.CAMION TIPO25m³-15 HORAS-3 OP | G64: =+IF(F64="","",VLOOKUP(F64,$H$140:I$192,2,FALSE)) -> 443323
A66: valor total | B66: =B47+B48+B49+B50+B51+B52+B55+B56+B57+B58+B59+B60+B61+B62+B63+B64 -> 30 | C66: =SUM(C47:C52,C55:C65) -> 10 | G66: =SUM(G47:G52,G55:G65) -> 4433230
A68: TOTAL | B68: =B66+B41+B23 -> 81 | C68: =C66+C41+C23 -> 25 | G68: =SUM(G23,G41,G66) -> 12589658
J69: GRAN TOTAL OPERA | K69: =K26+B68+T29+AB26 -> 107
J70: GRAN TOTAL CAMIONES | K70: =L26+C68+U29+AC26 -> 33 | M70: ZONA NORTE | N70: ZONA CENTRO | O70: ZONA SUR
J71: VALOR $ | K71: =SUM(G68,P26,Y29) -> 17242217 | M71: =SUM(G4:G12,G16:G22,Y20:Y21) -> 4696706 | N71: =SUM(G27:G32,G35:G40,P4:P15,P18:P25,Y4:Y7,Y15:Y16,Y22:Y23) -> 7739047 | O71: =SUM(G47:G52,G55:G64,Y24) -> 4806464 | P71: =SUM(M71:O71) -> 17242217
A73: OTRAS NOVEDADES DE JORNADA
A74: MOVIMIENTOS: * SE REQUIERE QUE LOS TRES OPERARI@S PARA APOYO DE CICLOVÍA LLEGUEN A PLAZA DE LOS ARTESANOS Carrera 60 #63A-52 A LAS 10:00 AM Y ESTEN DISPONIBLES 05:00 PM. ENCARGADO LUIS MARTINEZ 3124158470. * LA CAMIONETA FURGONADA DE PENDONES DE CALLE 26 DEBE LLEGAR A LAS 4:00 AM A LA PLAZA DE ARTESANOS, JUNTO CON LOS DOS OPERARIOS ADICIONALES. *SE RECUERDA QUE PARA LOS CORREDORES DE LA CALLE 26 SU HORA DE CIERRE SON LAS 6:30 AM COMO HORA MAXIMA, POR LO CUAL ESTOS CORREDORES DE ACUERDO LA PLAN DE MANEJO DE TRANSITO - PMT SE DEBEN HABLITAR A LA HORA NARRADA, POR FAVOR HACER LOS AJUSTES CORRESPONDIENTES PARA QUE ESTOS CAMIONES DISTRIBUYAN EL MATERIAL ANTES, Y FINALICEN EN UN HORARIO ANTES DE LAS 6:30 HRS PARA EL CAMIÓN DE RUTA, GARATIZANDO EL CIERRE PARA QUE LOS VEHICULOS DE CONOS PUEDAN DISTRIBUIR DESDE LAS 6:30 AM Y COMO MAXIMO HASTA LAS 7:00 AM. *PARA ALGUNOS VEHICULOS SALE MATERIAL ADICIONAL POR FAVOR TENER MUY ENCUENTA EL CUBICAJE DE CADA UNO DE LOS VEHICULOS. *SE CAMBIO EL MATERIAL PARA LOS CORREDORES DE N1, N2, N3, C1, C4 Y C5 SE SOLCITA SOCIALIZAR CON LOS OPERARIOS DE ESTAS RUTAS EL BUEN TRATO DEL MATERIAL, ENTENDIENDO QUE ES NUEVO. *SE SOLICTA NUEVAMENTE SOCIALIZAR CON LOS OPERARIOS QUE DEBEN DEJAR LOS ELEMENTOS CARGADOS EN LAS CABINAS COMO, TULAS, PALETAS Y CINTAS EN LA PAZA 4 EN LOS STANDS. LOS CUALES FUERON SOCIALIZADOS EL 19 DE MARZO 2023 CON LOS COORDINADORES DE LA EMPRESA. CAMIONETA 1: CAMIONETA DEBE LLEGAR A LAS 4:00 AM A PLAZA DE LOS ARTESANOS QUEDA DISPONIBLE. ENCARGADO DANIELA RATIVA 3505967621 CAMIONETA 2: CAMIONETA DEBE LLEGAR A LAS 10:00 AM A PLAZA DE LOS ARTESANOS QUEDA DISPONIBLE. ENCARGADO DANIELA RATIVA 3505967621 CAMIONETA 3: CAMIONETA DEBE LLEGAR A LAS 4:00 AM A PLAZA DE LOS ARTESANOS QUEDA DISPONIBLE. ENCARGADO ANDRES LIZARAZO 3193068226 CAMIONETA 4: CAMIONETA DEBE LLEGAR A LAS 4:00 AM A PLAZA DE LOS ARTESANOS QUEDA DISPONIBLE. ENVARGADO JESSIKA GONZALES 3212403700 FURGONADA: CAMIONETA DEBE LLEGAR A LAS 5:30 AM A PLAZA DE LOS ARTESANOS, QUEDA DISPONIBLE. ENCARGADO DANIELA RATIVA 3505967621 ESCUELA DE LA BICI: EL VEHÍCULO DE ESCUELA. SE ACALARA QUE DEBEN COMUNICARSE CON EL TALENTO HUMANO DE EL PROGRAMA DE ESCUELA DE LA BICICLETA SERGIO PRIETO CEL 3167160204, LO ANTERIOR PARA COORDINAR LOS PUNTOS Y LOS DESPLAZAMIENTOS. VEHICULO POR 15 HORAS ATN: EL CAMIÓN DE ATN DEBE LLEGAR A PLAZA DE LOS ARTESANOS A LAS 7 AM, POSTERIORMENTE DRIGIRSE A LOS PUNTOS; CONTACTAR A JULIETTE ARROYO 3012802342, SERVICIO POR 15 HORAS. NORTE 4: CARRERA 9 X CALLE 145 CENTRO 4: AV. CALLE 26 X CARRERA 33 EL CICLOPARQUEADERO DE LA CALLE 80 SE DEBE IR EN EL CAMIÓN DE DIVISORES Y DEBE DESCARGARSE EN LA AV BOYACA CON CALLE 80, POR FAVOR CORDINADOR DE LA ZONA NORTE ESTAR MUY PENDIENTE. ENTREGA DE MODULOS: DEBE LLEGAR A PLAZA DE ARTESANOS A LAS 7:00 AM, Y REALIZAR EL CARGUE DE LOS SIGUIENTE MODULOS 30 ALIMENTOS, 7 CICLOTALLER, 19 MESAS, 1 MESA DE ACCESORIOS Y10 TRÍPODES CICLOTALLER. POSTERIORMENTE DIRIGIRSE A CADA UNA DE LAS RUTAS A ENTREGAR LOS ELEMENTOS. SERVICIO POR 15 HORAS. DISPONIBLES: SE DEBE DEJAR DOS CAMIONES DE 25m2 CON 3 OPERARIOS LOS CUALES DEBEN REGRESAR A LA PLAZA DE LOS ARTESANOS A LAS 8:30 AM, ENCARGADO DANIELA RATIVA 3505967621 LUDICA Y PEDAGOGIA: LA CAMIONETA FURGONADA DEBE LLEGAR COMO DE COSTUMBRE 5:30 AM, CARGAR LOS ELEMENTOS DE LA ACTIVIDAD Y DIRIGIRSE A: AV. BOYACA x CL 44 SUR DE ACUERDO A LAS POSIBLES MARCHAS QUE SE PUEDAN PRESENTAR CON LAS FUERZAS MILITARES, ES POSIBLE QUE DESAHBILITE ALGUNOS CORREDORES, ESTAR MUY PRESTOS PARA LA DESHABILITACIÓN FINALMENTE PARA ESTE FIN DE SEMANA SE CAMBIARÁ DIVISORES DEL CORREDOR DE N1, POR LOS CONOS Y VALLAS DE ALTA RESISTENCIA, POR FAVOR COORDINADOR DE LOS NORTES ACOMPANAR ESTE OPERATIVO PARA SU IMPLEMENTACIÓN.
A94: Apoyan Guardaines ATN Norte 4, Norte 2 y Norte 3 Apoan Guardianes ATN Norte 1, Centro 1 y Centro 5 Apoyan Guardianes ATN Centro 4, Centro 3 y Sur 3 Apoyan Guardianes ATN Sur 1, Sur 2 y Centro 2
J139: TIPO DE DISPONIBILIDAD | K139: OPERARIOS
F140: 0 | G140: 0 | H140: 0 | I140: 0 | J140: 0 | K140: 0 | L140: 0 | M140: 0 | N140: =+CONCATENATE(G140,"VEHICULO",M140) -> 0VEHICULO0
F141: 40m³-15H-4OP | G141: 1. | H141: 1.CAMION TIPO40m³-15 HORAS-4 OP | I141: 582964 | J141: C | K141: 4 | L141: 1 SENCILLO 15H 4OP | M141: . | N141: =+CONCATENATE(G141,F141) -> 1.40m³-15H-4OP
F142: 40m³-15H-3OP | G142: 2. | H142: 2.CAMION TIPO40m³-15 HORAS-3 OP | I142: 514916 | J142: C | K142: 3 | L142: 2 SENCILLO 15H 3OP | M142: . | N142: =+CONCATENATE(G142,F142) -> 2.40m³-15H-3OP
F143: 40m³-15H-2OP | G143: 3. | H143: 3.CAMION TIPO40m³-15 HORAS-2 OP | I143: 448638 | J143: C | K143: 2 | L143: 3 SENCILLO 15H 2OP | M143: . | N143: =+CONCATENATE(G143,F143) -> 3.40m³-15H-2OP
F144: 40m³-15H-1OP | G144: 4. | H144: 4.CAMION TIPO40m³-15 HORAS-1 OP | I144: 381163 | J144: C | K144: 1 | L144: 4 SENCILLO 15H 1OP | M144: . | N144: =+CONCATENATE(G144,F144) -> 4.40m³-15H-1OP
F145: 40m³-15H-0OP | G145: 5. | H145: 5.CAMION TIPO40m³-15 HORAS-0 OP | I145: 321680 | J145: C | K145: 0 | L145: 5 SENCILLO 15H 0OP | M145: . | N145: =+CONCATENATE(G145,F145) -> 5.40m³-15H-0OP
F146: 40m³-9H-4OP | G146: 6. | H146: 6.CAMION TIPO40m³-09 HORAS-4 OP | I146: 509192 | J146: M | K146: 4 | L146: 6 SENCILLO M 4OP | M146: . | N146: =+CONCATENATE(G146,F146) -> 6.40m³-9H-4OP
F147: 40m³-9H-3OP | G147: 7. | H147: 7.CAMION TIPO40m³-09 HORAS-3 OP | I147: 450204 | J147: M | K147: 3 | L147: 7 SENCILLO M 3OP | M147: . | N147: =+CONCATENATE(G147,F147) -> 7.40m³-9H-3OP
F148: 40m³-9H-2OP | G148: 8. | H148: 8.CAMION TIPO40m³-09 HORAS-2 OP | I148: 392186 | J148: M | K148: 2 | L148: 8 SENCILLO M 2OP | M148: . | N148: =+CONCATENATE(G148,F148) -> 8.40m³-9H-2OP
F149: 40m³-9H-1OP | G149: 9. | H149: 9.CAMION TIPO40m³-09 HORAS-1 OP | I149: 329397 | J149: M | K149: 1 | L149: 9 SENCILLO M 1OP | M149: . | N149: =+CONCATENATE(G149,F149) -> 9.40m³-9H-1OP
F150: 40m³-9H-0OP | G150: 10. | H150: 10.CAMION TIPO40m³-09 HORAS-0 OP | I150: 280919 | J150: M | K150: 0 | L150: 10 SENCILLO M 0OP | M150: . | N150: =+CONCATENATE(G150,F150) -> 10.40m³-9H-0OP
F151: 40m³-4H-4OP | G151: 11. | H151: 11.CAMION TIPO40m³-04 HORAS-4 OP | I151: 420585 | J151: R | K151: 4 | L151: 11 SENCILLO R 4OP | M151: . | N151: =+CONCATENATE(G151,F151) -> 11.40m³-4H-4OP
F152: 40m³-4H-3OP | G152: 12. | H152: 12.CAMION TIPO40m³-04 HORAS-3 OP | I152: 369327 | J152: R | K152: 3 | L152: 12 SENCILLO R 3OP | M152: . | N152: =+CONCATENATE(G152,F152) -> 12.40m³-4H-3OP
... F182: OPERARIO-6-H | G182: 42. | H182: 42.OPERARIO-06 HORAS | I182: 41562 | J182: H | K182: 0 | L182: 42 OPERARIO 6 H | M182: . | N182: =+CONCATENATE(G182,F182) -> 42.OPERARIO-6-H
F183: BOGOTA-REGION-40m³- | G183: 43. | H183: 43.BOGOTA-REGION-40m³-9 HORAS | I183: 628232 | N183: =+CONCATENATE(G183,F183) -> 43.BOGOTA-REGION-40m³-
F184: BOGOTA-REGION-25m³- | G184: 44. | H184: 44.BOGOTA-REGION-25m³-9 HORAS | I184: 562619 | N184: =+CONCATENATE(G184,F184) -> 44.BOGOTA-REGION-25m³-
F185: BOGOTA-REGION-FURGON- | G185: 45. | H185: 45.BOGOTA-REGION-FURGON-9 HORAS | I185: 418264 | N185: =+CONCATENATE(G185,F185) -> 45.BOGOTA-REGION-FURGON-
F186: BOGOTA-REGION-4X4 | G186: 46. | H186: 46.BOGOTA-REGION-4X4-9 HORAS | I186: 288714 | N186: =+CONCATENATE(G186,F186) -> 46.BOGOTA-REGION-4X4
H187: 47. 6 OPERARIO-06 HORAS | I187: =41562*6 -> 249372 | J187: H | N187: =+CONCATENATE(G187,F187)
H188: 48. 8 OPERARIO-06 HORAS | I188: =41562*8 -> 332496 | J188: H
H189: 49. 10 OPERARIO-06 HORAS | I189: =41562*8 -> 332496 | J189: H
H190: 50. 6 OPERARIO-08 HORAS | I190: =53577*10 -> 535770 | J190: H
H191: 51. 8 OPERARIO-08 HORAS | I191: =53577*8 -> 428616 | J191: H
H192: 52. 10 OPERARIO-08 HORAS | I192: =53577*10 -> 535770 | J192: H

Sheet 19 JUNIO
A1: ZONA NORTE
A2: RUTAS CICLOVÍA 40 M3 | I2: LUDICA CICLOVÍA, ESCUELA DE LA BICI, ADICIONALES 25 M3 | R2: CONOS CICLOVÍA 25 M3
A3: CORREDOR | B3: # OPERARIOS | C3: # CAMIONES | D3: MODELO | E3: DISPONIBILIDAD | F3: TIPO DE SERVICIO | G3: $ | I3: ZONA | J3: CORREDOR | K3: # OPERARIOS | L3: # CAMIONES | M3: MODELO | N3: DISPONIBILIDAD | O3: TIPO DE SERVICIO | P3: $ | R3: ZONA | S3: CORREDOR | T3: # OPERARIOS | U3: # CAMIONES | V3: MODELO | W3: DISPONIBILIDAD | X3: TIPO DE SERVICIO | Y3: $
A4: NORTE 1 | B4: =+IF(F4=0,0,MID(F4,LEN(F4)-3,1)) -> 2 | C4: 1 | D4: 2014-2020 | E4: =+IF(F4=0,0,CONCATENATE(MID(F4,FIND("-",F4,1)+1,4),"ORAS")) -> 15 HORAS | F4: 3.CAMION TIPO40m³-15 HORAS-2 OP | G4: =+IF(F4="","",VLOOKUP(F4,$H$140:$I$192,2,FALSE)) -> 448638 | I4: CENTRO | J4: ESCUELA | K4: 3 | L4: 1 | M4: 2014-2020 | N4: =+IF(O4=0,0,CONCATENATE(MID(O4,FIND("-",O4,1)+1,4),"ORAS")) -> 15 HORAS | O4: 17.CAMION TIPO25m³-15 HORAS-3 OP | P4: =+IF(O4="","",VLOOKUP(O4,$H$140:$I$192,2,FALSE)) -> 443323 | R4: CENTRO | S4: CENTRO 5 CAMION 1 UNICONOS | T4: =+IF(X4=0,0,MID(X4,LEN(X4)-3,1)) -> 4 | U4: 1 | V4: 2014-2020 | W4: =+IF(X4=0,0,CONCATENATE(MID(X4,FIND("-",X4,1)+1,4),"ORAS")) -> 15 HORAS | X4: 16.CAMION TIPO25m³-15 HORAS-4 OP | Y4: =+IF(X4="","",VLOOKUP(X4,$H$140:$I$192,2,FALSE)) -> 501739
A5: NORTE 2 | B5: =+IF(F5=0,0,MID(F5,LEN(F5)-3,1)) -> 3 | C5: 1 | D5: 2014-2020 | E5: =+IF(F5=0,0,CONCATENATE(MID(F5,FIND("-",F5,1)+1,4),"ORAS")) -> 15 HORAS | F5: 2.CAMION TIPO40m³-15 HORAS-3 OP | G5: =+IF(F5="","",VLOOKUP(F5,$H$140:I$192,2,FALSE)) -> 514916 | I5: CENTRO | J5: CAMIONETA FURGONADA PENDONES CALLE 26 | K5: 0 | L5: 1 | M5: 2014-2020 | N5: =+IF(O5=0,0,CONCATENATE(MID(O5,FIND("-",O5,1)+1,4),"ORAS")) -> 15 HORAS | O5: 31.CAMION TIPOFURGON-15 HORAS | P5: =+IF(O5="","",VLOOKUP(O5,$H$140:$I$192,2,FALSE)) -> 239262 | R5: CENTRO | S5: CENTRO 5 CAMION 2 UNICONOS | T5: =+IF(X5=0,0,MID(X5,LEN(X5)-3,1)) -> 4 | U5: 1 | V5: 2014-2020 | W5: =+IF(X5=0,0,CONCATENATE(MID(X5,FIND("-",X5,1)+1,4),"ORAS")) -> 15 HORAS | X5: 16.CAMION TIPO25m³-15 HORAS-4 OP | Y5: =+IF(X5="","",VLOOKUP(X5,$H$140:$I$192,2,FALSE)) -> 501739
A6: NORTE 3 | B6: =+IF(F6=0,0,MID(F6,LEN(F6)-3,1)) -> 3 | C6: 1 | D6: 2014-2020 | E6: =+IF(F6=0,0,CONCATENATE(MID(F6,FIND("-",F6,1)+1,4),"ORAS")) -> 15 HORAS | F6: 2.CAMION TIPO40m³-15 HORAS-3 OP | G6: =+IF(F6="","",VLOOKUP(F6,$H$140:I$192,2,FALSE)) -> 514916 | I6: CENTRO | J6: ATN | K6: 4 | L6: 1 | M6: 2014-2020 | N6: =+IF(O6=0,0,CONCATENATE(MID(O6,FIND("-",O6,1)+1,4),"ORAS")) -> 15 HORAS | O6: 16.CAMION TIPO25m³-15 HORAS-4 OP | P6: =+IF(O6="","",VLOOKUP(O6,$H$140:$I$192,2,FALSE)) -> 501739 | R6: CENTRO | S6: CENTRO 4 CAMION 3 UNICONOS | T6: =+IF(X6=0,0,MID(X6,LEN(X6)-3,1)) -> 4 | U6: 1 | V6: 2014-2020 | W6: =+IF(X6=0,0,CONCATENATE(MID(X6,FIND("-",X6,1)+1,4),"ORAS")) -> 15 HORAS | X6: 16.CAMION TIPO25m³-15 HORAS-4 OP | Y6: =+IF(X6="","",VLOOKUP(X6,$H$140:$I$192,2,FALSE)) -> 501739
A7: NORTE 4 | B7: =+IF(F7=0,0,MID(F7,LEN(F7)-3,1)) -> 3 | C7: 1 | D7: 2014-2020 | E7: =+IF(F7=0,0,CONCATENATE(MID(F7,FIND("-",F7,1)+1,4),"ORAS")) -> 15 HORAS | F7: 2.CAMION TIPO40m³-15 HORAS-3 OP | G7: =+IF(F7="","",VLOOKUP(F7,$H$140:I$192,2,FALSE)) -> 514916 | I7: CENTRO | J7: ENTREGA DE MODULOS | K7: 4 | L7: 1 | M7: 2014-2020 | N7: =+IF(O7=0,0,CONCATENATE(MID(O7,FIND("-",O7,1)+1,4),"ORAS")) -> 15 HORAS | O7: 1.CAMION TIPO40m³-15 HORAS-4 OP | P7: =+IF(O7="","",VLOOKUP(O7,$H$140:$I$192,2,FALSE)) -> 582964 | X7: 0 | Y7: =+IF(X7="","",VLOOKUP(X7,$H$140:$I$186,2,FALSE)) -> 0
A8: NORTE 5 ZONA 1 | B8: =+IF(F8=0,0,MID(F8,LEN(F8)-3,1)) -> 3 | C8: 1 | D8: 2014-2020 | E8: =+IF(F8=0,0,CONCATENATE(MID(F8,FIND("-",F8,1)+1,4),"ORAS")) -> 15 HORAS | F8: 2.CAMION TIPO40m³-15 HORAS-3 OP | G8: =+IF(F8="","",VLOOKUP(F8,$H$140:I$192,2,FALSE)) -> 514916 | O8: 0 | P8: =+IF(O8="","",VLOOKUP(O8,$H$140:$I$192,2,FALSE)) -> 0 | U8: =+U4+U5+U6+U7 -> 3
A9: NORTE 5 ZONA 2 | B9: =+IF(F9=0,0,MID(F9,LEN(F9)-3,1)) -> 3 | C9: 1 | D9: 2014-2020 | E9: =+IF(F9=0,0,CONCATENATE(MID(F9,FIND("-",F9,1)+1,4),"ORAS")) -> 15 HORAS | F9: 2.CAMION TIPO40m³-15 HORAS-3 OP | G9: =+IF(F9="","",VLOOKUP(F9,$H$140:I$192,2,FALSE)) -> 514916
A10: NORTE 1 MALETINES | B10: =+IF(F10=0,0,MID(F10,LEN(F10)-3,1)) -> 4 | C10: 1 | D10: 2014-2020 | E10: =+IF(F10=0,0,CONCATENATE(MID(F10,FIND("-",F10,1)+1,4),"ORAS")) -> 15 HORAS | F10: 1.CAMION TIPO40m³-15 HORAS-4 OP | G10: =+IF(F10="","",VLOOKUP(F10,$H$140:I$192,2,FALSE)) -> 582964
A11: NORTE 1 DIVISORES | B11: =+IF(F11=0,0,MID(F11,LEN(F11)-3,1)) -> 4 | C11: 1 | D11: 2014-2020 | E11: =+IF(F11=0,0,CONCATENATE(MID(F11,FIND("-",F11,1)+1,4),"ORAS")) -> 15 HORAS | F11: 1.CAMION TIPO40m³-15 HORAS-4 OP | G11: =+IF(F11="","",VLOOKUP(F11,$H$140:$I$192,2,FALSE)) -> 582964
B13: =+B10+B9+B8+B7+B6+B5+B4+B11 -> 25 | C13: =+C10+C9+C8+C7+C6+C5+C4 -> 7 | G13: =SUM(G4:G12) -> 4189146 | R13: OPERARIOS ADICIONALES
A14: RUTAS CICLOVÍA 25 M3 | R14: ZONA | S14: CORREDOR | T14: # OPERARIOS | U14: # CAMIONES | V14: MODELO | W14: DISPONIBILIDAD | X14: TIPO DE SERVICIO | Y14: $
A15: CORREDOR | B15: # OPERARIOS | C15: # CAMIONES | D15: MODELO | E15: DISPONIBILIDAD | F15: TIPO DE SERVICIO | G15: $ | R15: CENTRO | S15: APOYO CICLOVÍA | T15: 2 | U15: 0 | V15: NA | W15: =+IF(X15=0,0,CONCATENATE(MID(X15,FIND("-",X15,1)+1,4),"ORAS")) -> 08 HORAS | X15: 41.OPERARIO-08 HORAS | Y15: =+(IF(X15="","",VLOOKUP(X15,$H$140:$I$192,2,FALSE)))*T15 -> 107154
B16: =+IF(F16=0,0,MID(F16,LEN(F16)-3,1)) -> 0 | E16: =+IF(F16=0,0,CONCATENATE(MID(F16,FIND("-",F16,1)+1,4),"ORAS")) -> 0 | F16: 0 | G16: =+IF(F16="","",VLOOKUP(F16,$H$140:I$192,2,FALSE)) -> 0 | I16: ATN CICLOVÍA, ESCUELA DE LA BICI, ADICIONALES 40 M3 | R16: CENTRO | S16: ADICIONALES | T16: 2 | U16: 0 | V16: NA | W16: =+IF(X16=0,0,CONCATENATE(MID(X16,FIND("-",X16,1)+1,4),"ORAS")) -> 08 HORAS | X16: 41.OPERARIO-08 HORAS | Y16: =+(IF(X16="","",VLOOKUP(X16,$H$140:$I$192,2,FALSE)))*T16 -> 107154
I17: ZONA | J17: CORREDOR | K17: # OPERARIOS | L17: # CAMIONES | M17: MODELO | N17: DISPONIBILIDAD | O17: TIPO DE SERVICIO | P17: $
N18: =+IF(O18=0,0,CONCATENATE(MID(O18,FIND("-",O18,1)+1,4),"ORAS")) -> 0 | O18: 0 | P18: =+IF(O18="","",VLOOKUP(O18,$H$140:$I$192,2,FALSE)) -> 0 | R18: CAMIONETA 4 X4 DOBLE CABINA CON PLATON
O19: 0 | P19: =+IF(O19="","",VLOOKUP(O19,$H$140:$I$192,2,FALSE)) -> 0 | R19: ZONA | S19: CORREDOR | T19: # OPERARIOS | U19: # CAMIONES | V19: MODELO | W19: DISPONIBILIDAD | X19: TIPO DE SERVICIO | Y19: $
R20: NORTE | S20: APOYO CICLOVÍA | T20: NA | U20: NA | V20: 2014-2020 | W20: =+IF(X20=0,0,CONCATENATE(MID(X20,FIND("-",X20,1)+1,4),"ORAS")) -> 15 HORAS | X20: 34.4X4-15 HORAS | Y20: =+IF(X20="","",VLOOKUP(X20,$H$140:$I$192,2,FALSE)) -> 373234
R21: NORTE | S21: APOYO CICLOVÍA | T21: NA | U21: NA | V21: 2014-2020 | W21: =+IF(X21=0,0,CONCATENATE(MID(X21,FIND("-",X21,1)+1,4),"ORAS")) -> 15 HORAS | X21: 34.4X4-15 HORAS | Y21: =+IF(X21="","",VLOOKUP(X21,$H$140:$I$192,2,FALSE)) -> 373234
R22: CENTRO | S22: APOYO CICLOVÍA | T22: NA | U22: 1 | V22: 2014-2020 | W22: =+IF(X22=0,0,CONCATENATE(MID(X22,FIND("-",X22,1)+1,4),"ORAS")) -> 15 HORAS | X22: 31.CAMION TIPOFURGON-15 HORAS | Y22: =+IF(X22="","",VLOOKUP(X22,$H$140:$I$192,2,FALSE)) -> 239262
A23: valor total | B23: =SUM(B4:B13)+B16+B17+B18+B19+B20+B22 -> 25 | C23: =+C4+C5+C6+C7+C8+C9+C10+C16 -> 7 | G23: =SUM(G13,G16:G22) -> 4189146 | R23: CENTRO | S23: APOYO CICLOVÍA | T23: NA | U23: NA | V23: 2014-2020 | W23: =+IF(X23=0,0,CONCATENATE(MID(X23,FIND("-",X23,1)+1,4),"ORAS")) -> 15 HORAS | X23: 34.4X4-15 HORAS | Y23: =+IF(X23="","",VLOOKUP(X23,$H$140:$I$192,2,FALSE)) -> 373234
A24: ZONA CENTRO | R24: SUR | S24: APOYO CICLOVÍA | T24: NA | U24: NA | V24: 2014-2020 | W24: =+IF(X24=0,0,CONCATENATE(MID(X24,FIND("-",X24,1)+1,4),"ORAS")) -> 15 HORAS | X24: 34.4X4-15 HORAS | Y24: =+IF(X24="","",VLOOKUP(X24,$H$140:$I$192,2,FALSE)) -> 373234
A25: RUTAS CICLOVÍA 40 M3
A26: CORREDOR | B26: # OPERARIOS | C26: # CAMIONES | D26: MODELO | E26: DISPONIBILIDAD | F26: TIPO DE SERVICIO | G26: $ | J26: TOTAL | K26: =SUM(K4:K15,K18:K25) -> 11 | L26: =SUM(L4:L25) -> 4 | P26: =SUM(P4:P25) -> 1767288 | S26: TOTAL | T26: =T4+T5+T6+T15+T16 -> 16 | U26: =SUM(U4:U7,U22) -> 4 | Y26: =SUM(Y4:Y24) -> 3451723
A27: CENTRO 1 | B27: =+IF(F27=0,0,MID(F27,LEN(F27)-3,1)) -> 3 | C27: 1 | D27: 2014-2020 | E27: =+IF(F27=0,0,CONCATENATE(MID(F27,FIND("-",F27,1)+1,4),"ORAS")) -> 15 HORAS | F27: 2.CAMION TIPO40m³-15 HORAS-3 OP | G27: =+IF(F27="","",VLOOKUP(F27,$H$140:I$192,2,FALSE)) -> 514916
A28: CENTRO 2 | B28: =+IF(F28=0,0,MID(F28,LEN(F28)-3,1)) -> 4 | C28: 1 | D28: 2014-2020 | E28: =+IF(F28=0,0,CONCATENATE(MID(F28,FIND("-",F28,1)+1,4),"ORAS")) -> 15 HORAS | F28: 1.CAMION TIPO40m³-15 HORAS-4 OP | G28: =+IF(F28="","",VLOOKUP(F28,$H$140:I$192,2,FALSE)) -> 582964
A29: CENTRO 4 | B29: =+IF(F29=0,0,MID(F29,LEN(F29)-3,1)) -> 3 | C29: 1 | D29: 2014-2020 | E29: =+IF(F29=0,0,CONCATENATE(MID(F29,FIND("-",F29,1)+1,4),"ORAS")) -> 15 HORAS | F29: 2.CAMION TIPO40m³-15 HORAS-3 OP | G29: =+IF(F29="","",VLOOKUP(F29,$H$140:I$192,2,FALSE)) -> 514916
A30: CENTRO 5 | B30: 3 | C30: 1 | D30: 2014-2020 | E30: =+IF(F30=0,0,CONCATENATE(MID(F30,FIND("-",F30,1)+1,4),"ORAS")) -> 15 HORAS | F30: 2.CAMION TIPO40m³-15 HORAS-3 OP | G30: =+IF(F30="","",VLOOKUP(F30,$H$140:I$192,2,FALSE)) -> 514916
A33: RUTAS CICLOVÍA 25 M3
B34: # OPERARIOS | C34: # CAMIONES | D34: MODELO | F34: TIPO DE SERVICIO | G34: $
A35: CENTRO 3 ZONA 1 | B35: =+IF(F35=0,0,MID(F35,LEN(F35)-3,1)) -> 3 | C35: 1 | D35: 2014-2020 | E35: =+IF(F35=0,0,CONCATENATE(MID(F35,FIND("-",F35,1)+1,4),"ORAS")) -> 15 HORAS | F35: 17.CAMION TIPO25m³-15 HORAS-3 OP | G35: =+IF(F35="","",VLOOKUP(F35,$H$140:I$192,2,FALSE)) -> 443323
A36: CENTRO 3 ZONA 2 | B36: =+IF(F36=0,0,MID(F36,LEN(F36)-3,1)) -> 3 | C36: 1 | D36: 2014-2020 | E36: =+IF(F36=0,0,CONCATENATE(MID(F36,FIND("-",F36,1)+1,4),"ORAS")) -> 15 HORAS | F36: 17.CAMION TIPO25m³-15 HORAS-3 OP | G36: =+IF(F36="","",VLOOKUP(F36,$H$140:I$192,2,FALSE)) -> 443323
A37: CENTRO 6 ZONA 1 | B37: =+IF(F37=0,0,MID(F37,LEN(F37)-3,1)) -> 3 | C37: 1 | D37: 2014-2020 | E37: =+IF(F37=0,0,CONCATENATE(MID(F37,FIND("-",F37,1)+1,4),"ORAS")) -> 15 HORAS | F37: 17.CAMION TIPO25m³-15 HORAS-3 OP | G37: =+IF(F37="","",VLOOKUP(F37,$H$140:I$192,2,FALSE)) -> 443323
A38: CENTRO 6 ZONA 2 | B38: =+IF(F38=0,0,MID(F38,LEN(F38)-3,1)) -> 3 | C38: 1 | D38: 2014-2020 | E38: =+IF(F38=0,0,CONCATENATE(MID(F38,FIND("-",F38,1)+1,4),"ORAS")) -> 15 HORAS | F38: 17.CAMION TIPO25m³-15 HORAS-3 OP | G38: =+IF(F38="","",VLOOKUP(F38,$H$140:I$192,2,FALSE)) -> 443323
E39: =+IF(F39=0,0,CONCATENATE(MID(F39,FIND("-",F39,1)+1,4),"ORAS")) -> 0 | F39: 0 | G39: =+IF(F39="","",VLOOKUP(F39,$H$140:I$192,2,FALSE)) -> 0
A41: valor total | B41: =+B27+B28+B29+B35+B36+B37+B38+B39+B30 -> 25 | C41: =SUM(C27:C32)+C35+C36+C37+C38+C39+C40 -> 8 | E41: =+IF(F41=0,0,CONCATENATE(MID(F41,FIND("-",F41,1)+1,3),"ORAS")) -> 0 | G41: =SUM(G27:G32,G35:G40) -> 3901004
A42: ZONA SUR
A43: RUTAS CICLOVÍA 40 M3
A44: CORREDOR | B44: # OPERARIOS | C44: # CAMIONES | D44: MODELO | E44: DISPONIBILIDAD | F44: TIPO DE SERVICIO | G44: $
A53: RUTAS CICLOVÍA 25 M3
A54: CORREDOR | B54: # OPERARIOS | C54: # CAMIONES | D54: MODELO | E54: DISPONIBILIDAD | F54: TIPO DE SERVICIO | G54: $
A55: SUR 1 ZONA 1 | B55: =+IF(F55=0,0,MID(F55,LEN(F55)-3,1)) -> 3 | C55: 1 | D55: 2014-2020 | E55: =+IF(F55=0,0,CONCATENATE(MID(F55,FIND("-",F55,1)+1,4),"ORAS")) -> 15 HORAS | F55: 17.CAMION TIPO25m³-15 HORAS-3 OP | G55: =+IF(F55="","",VLOOKUP(F55,$H$140:I$192,2,FALSE)) -> 443323
A56: SUR 1 ZONA 2 | B56: =+IF(F56=0,0,MID(F56,LEN(F56)-3,1)) -> 3 | C56: 1 | D56: 2014-2020 | E56: =+IF(F56=0,0,CONCATENATE(MID(F56,FIND("-",F56,1)+1,4),"ORAS")) -> 15 HORAS | F56: 17.CAMION TIPO25m³-15 HORAS-3 OP | G56: =+IF(F56="","",VLOOKUP(F56,$H$140:I$192,2,FALSE)) -> 443323
A57: SUR 1 MALETINES | B57: =+IF(F57=0,0,MID(F57,LEN(F57)-3,1)) -> 3 | C57: 1 | D57: 2014-2020 | E57: =+IF(F57=0,0,CONCATENATE(MID(F57,FIND("-",F57,1)+1,4),"ORAS")) -> 15 HORAS | F57: 17.CAMION TIPO25m³-15 HORAS-3 OP | G57: =+IF(F57="","",VLOOKUP(F57,$H$140:I$192,2,FALSE)) -> 443323
A58: SUR 3 ZONA 1 | B58: 3 | C58: 1 | D58: 2014-2020 | E58: =+IF(F58=0,0,CONCATENATE(MID(F58,FIND("-",F58,1)+1,4),"ORAS")) -> 15 HORAS | F58: 17.CAMION TIPO25m³-15 HORAS-3 OP | G58: =+IF(F58="","",VLOOKUP(F58,$H$140:I$192,2,FALSE)) -> 443323
A59: SUR 3 ZONA 2 | B59: 3 | C59: 1 | D59: 2014-2020 | E59: =+IF(F59=0,0,CONCATENATE(MID(F59,FIND("-",F59,1)+1,4),"ORAS")) -> 15 HORAS | F59: 17.CAMION TIPO25m³-15 HORAS-3 OP | G59: =+IF(F59="","",VLOOKUP(F59,$H$140:I$192,2,FALSE)) -> 443323
E60: =+IF(F60=0,0,CONCATENATE(MID(F60,FIND("-",F60,1)+1,4),"ORAS")) -> 0 | F60: 0 | G60: =+IF(F60="","",VLOOKUP(F60,$H$140:I$192,2,FALSE)) -> 0
E61: =+IF(F61=0,0,CONCATENATE(MID(F61,FIND("-",F61,1)+1,4),"ORAS")) -> 0 | F61: 0 | G61: =+IF(F61="","",VLOOKUP(F61,$H$140:I$192,2,FALSE)) -> 0
E62: =+IF(F62=0,0,CONCATENATE(MID(F62,FIND("-",F62,1)+1,4),"ORAS")) -> 0 | F62: 0 | G62: =+IF(F62="","",VLOOKUP(F62,$H$140:I$192,2,FALSE)) -> 0
E63: =+IF(F63=0,0,CONCATENATE(MID(F63,FIND("-",F63,1)+1,4),"ORAS")) -> 0 | F63: 0 | G63: =+IF(F63="","",VLOOKUP(F63,$H$140:I$192,2,FALSE)) -> 0
E64: =+IF(F64=0,0,CONCATENATE(MID(F64,FIND("-",F64,1)+1,4),"ORAS")) -> 0 | F64: 0 | G64: =+IF(F64="","",VLOOKUP(F64,$H$140:I$192,2,FALSE)) -> 0
A66: valor total | B66: =B47+B48+B49+B50+B51+B52+B55+B56+B57+B58+B59+B60+B61+B62+B63+B64 -> 15 | C66: =SUM(C47:C52,C55:C65) -> 5 | G66: =SUM(G47:G52,G55:G65) -> 2216615
A68: TOTAL | B68: =B66+B41+B23 -> 65 | C68: =C66+C41+C23 -> 20 | G68: =SUM(G23,G41,G66) -> 10306765
J69: GRAN TOTAL OPERA | K69: =K26+B68+T26+AB26 -> 92
J70: GRAN TOTAL CAMIONES | K70: =L26+C68+U26+AC26 -> 28 | M70: ZONA NORTE | N70: ZONA CENTRO | O70: ZONA SUR
J71: VALOR $ | K71: =SUM(G68,P26,Y26) -> 15525776 | M71: =SUM(G4:G12,G16:G22,Y20:Y21) -> 4935614 | N71: =SUM(G27:G32,G35:G40,P4:P15,P18:P25,Y4:Y7,Y15:Y16,Y22:Y23) -> 8000313 | O71: =SUM(G47:G52,G55:G64,Y24) -> 2589849 | P71: =SUM(M71:O71) -> 15525776
A73: OTRAS NOVEDADES DE JORNADA
A74: MOVIMIENTOS: * SE REQUIERE QUE LOS TRES OPERARI@S PARA APOYO DE CICLOVÍA LLEGUEN A PLAZA DE LOS ARTESANOS Carrera 60 #63A-52 A LAS 10:00 AM Y ESTEN DISPONIBLES 05:00 PM. ENCARGADO LUIS MARTINEZ 3124158470. * LA CAMIONETA FURGONADA DE PENDONES DE CALLE 26 DEBE LLEGAR A LAS 4:00 AM A LA PLAZA DE ARTESANOS, JUNTO CON LOS DOS OPERARIOS ADICIONALES. *SE RECUERDA QUE PARA LOS CORREDORES DE LA CALLE 26 SU HORA DE CIERRE SON LAS 6:30 AM COMO HORA MAXIMA, POR LO CUAL ESTOS CORREDORES DE ACUERDO LA PLAN DE MANEJO DE TRANSITO - PMT SE DEBEN HABLITAR A LA HORA NARRADA, POR FAVOR HACER LOS AJUSTES CORRESPONDIENTES PARA QUE ESTOS CAMIONES DISTRIBUYAN EL MATERIAL ANTES, Y FINALICEN EN UN HORARIO ANTES DE LAS 6:30 HRS PARA EL CAMIÓN DE RUTA, GARATIZANDO EL CIERRE PARA QUE LOS VEHICULOS DE CONOS PUEDAN DISTRIBUIR DESDE LAS 6:30 AM Y COMO MAXIMO HASTA LAS 7:00 AM. *PARA ALGUNOS VEHICULOS SALE MATERIAL ADICIONAL POR FAVOR TENER MUY ENCUENTA EL CUBICAJE DE CADA UNO DE LOS VEHICULOS. *SE CAMBIO EL MATERIAL PARA LOS CORREDORES DE N1, N2, N3, C1, C4 Y C5 SE SOLCITA SOCIALIZAR CON LOS OPERARIOS DE ESTAS RUTAS EL BUEN TRATO DEL MATERIAL, ENTENDIENDO QUE ES NUEVO. *SE SOLICTA NUEVAMENTE SOCIALIZAR CON LOS OPERARIOS QUE DEBEN DEJAR LOS ELEMENTOS CARGADOS EN LAS CABINAS COMO, TULAS, PALETAS Y CINTAS EN LA PAZA 4 EN LOS STANDS. LOS CUALES FUERON SOCIALIZADOS EL 19 DE MARZO 2023 CON LOS COORDINADORES DE LA EMPRESA. CAMIONETA 1: CAMIONETA DEBE LLEGAR A LAS 4:00 AM A PLAZA DE LOS ARTESANOS QUEDA DISPONIBLE. ENCARGADO KEVIN SILVA 3214765973 CAMIONETA 2: CAMIONETA DEBE LLEGAR A LAS 10:00 AM A PLAZA DE LOS ARTESANOS QUEDA DISPONIBLE. ENCARGADO DANIELA RATIVA 3505967621 CAMIONETA 3: CAMIONETA DEBE LLEGAR A LAS 4:00 AM A PLAZA DE LOS ARTESANOS QUEDA DISPONIBLE. ENCARGADO FELIPE CAMELO 3134952714 CAMIONETA 4: CAMIONETA DEBE LLEGAR A LAS 4:00 AM A PLAZA DE LOS ARTESANOS QUEDA DISPONIBLE. ENVARGADO KEVIN SILVA 3214765973 FURGONADA: CAMIONETA DEBE LLEGAR A LAS 5:30 AM A PLAZA DE LOS ARTESANOS, QUEDA DISPONIBLE. ENCARGADO DANIELA RATIVA 3505967621 ESCUELA DE LA BICI: EL VEHÍCULO DE ESCUELA. SE ACALARA QUE DEBEN COMUNICARSE CON EL TALENTO HUMANO DE EL PROGRAMA DE ESCUELA DE LA BICICLETA SERGIO PRIETO CEL 3167160204, LO ANTERIOR PARA COORDINAR LOS PUNTOS Y LOS DESPLAZAMIENTOS. VEHICULO POR 15 HORAS ATN: EL CAMIÓN DE ATN DEBE LLEGAR A PLAZA DE LOS ARTESANOS A LAS 7 AM, POSTERIORMENTE DRIGIRSE A LOS PUNTOS; CONTACTAR A JULIETTE ARROYO 3012802342, SERVICIO POR 15 HORAS. CARRERA 9 X CALLE 145 CENTRO 4: AV. CALLE 26 X CARRERA 33 EL CICLOPARQUEADERO DE LA CALLE 80 SE DEBE IR EN EL CAMIÓN DE DIVISORES Y DEBE DESCARGARSE EN LA AV BOYACA CON CALLE 80, POR FAVOR CORDINADOR DE LA ZONA NORTE ESTAR MUY PENDIENTE. ENTREGA DE MODULOS: DEBE LLEGAR A PLAZA DE ARTESANOS A LAS 7:00 AM, Y REALIZAR EL CARGUE DE LOS SIGUIENTE MODULOS 30 ALIMENTOS, 7 CICLOTALLER, 19 MESAS, 1 MESA DE ACCESORIOS Y10 TRÍPODES CICLOTALLER. POSTERIORMENTE DIRIGIRSE A CADA UNA DE LAS RUTAS A ENTREGAR LOS ELEMENTOS. SERVICIO POR 15 HORAS. DISPONIBLES: SE DEBE DEJAR DOS CAMIONES DE 25m2 CON 3 OPERARIOS LOS CUALES DEBEN REGRESAR A LA PLAZA DE LOS ARTESANOS A LAS 8:30 AM, ENCARGADO DANIELA RATIVA 3505967621 DE ACUERDO A LAS POSIBLES MARCHAS QUE SE PUEDAN PRESENTAR CON LAS FUERZAS MILITARES, ES POSIBLE QUE DESAHBILITE ALGUNOS CORREDORES, ESTAR MUY PRESTOS PARA LA DESHABILITACIÓN.
A94: Apoyan Guardaines ATN Norte 4, Norte 2 y Norte 3 Apoan Guardianes ATN Norte 1, Centro 1 y Centro 5 Apoyan Guardianes ATN Centro 4, Centro 3 y Sur 3 Apoyan Guardianes ATN Sur 1, Sur 2 y Centro 2
J139: TIPO DE DISPONIBILIDAD | K139: OPERARIOS
F140: 0 | G140: 0 | H140: 0 | I140: 0 | J140: 0 | K140: 0 | L140: 0 | M140: 0 | N140: =+CONCATENATE(G140,"VEHICULO",M140) -> 0VEHICULO0
F141: 40m³-15H-4OP | G141: 1. | H141: 1.CAMION TIPO40m³-15 HORAS-4 OP | I141: 582964 | J141: C | K141: 4 | L141: 1 SENCILLO 15H 4OP | M141: . | N141: =+CONCATENATE(G141,F141) -> 1.40m³-15H-4OP
F142: 40m³-15H-3OP | G142: 2. | H142: 2.CAMION TIPO40m³-15 HORAS-3 OP | I142: 514916 | J142: C | K142: 3 | L142: 2 SENCILLO 15H 3OP | M142: . | N142: =+CONCATENATE(G142,F142) -> 2.40m³-15H-3OP
F143: 40m³-15H-2OP | G143: 3. | H143: 3.CAMION TIPO40m³-15 HORAS-2 OP | I143: 448638 | J143: C | K143: 2 | L143: 3 SENCILLO 15H 2OP | M143: . | N143: =+CONCATENATE(G143,F143) -> 3.40m³-15H-2OP
F144: 40m³-15H-1OP | G144: 4. | H144: 4.CAMION TIPO40m³-15 HORAS-1 OP | I144: 381163 | J144: C | K144: 1 | L144: 4 SENCILLO 15H 1OP | M144: . | N144: =+CONCATENATE(G144,F144) -> 4.40m³-15H-1OP
F145: 40m³-15H-0OP | G145: 5. | H145: 5.CAMION TIPO40m³-15 HORAS-0 OP | I145: 321680 | J145: C | K145: 0 | L145: 5 SENCILLO 15H 0OP | M145: . | N145: =+CONCATENATE(G145,F145) -> 5.40m³-15H-0OP
F146: 40m³-9H-4OP | G146: 6. | H146: 6.CAMION TIPO40m³-09 HORAS-4 OP | I146: 509192 | J146: M | K146: 4 | L146: 6 SENCILLO M 4OP | M146: . | N146: =+CONCATENATE(G146,F146) -> 6.40m³-9H-4OP
F147: 40m³-9H-3OP | G147: 7. | H147: 7.CAMION TIPO40m³-09 HORAS-3 OP | I147: 450204 | J147: M | K147: 3 | L147: 7 SENCILLO M 3OP | M147: . | N147: =+CONCATENATE(G147,F147) -> 7.40m³-9H-3OP
F148: 40m³-9H-2OP | G148: 8. | H148: 8.CAMION TIPO40m³-09 HORAS-2 OP | I148: 392186 | J148: M | K148: 2 | L148: 8 SENCILLO M 2OP | M148: . | N148: =+CONCATENATE(G148,F148) -> 8.40m³-9H-2OP
F149: 40m³-9H-1OP | G149: 9. | H149: 9.CAMION TIPO40m³-09 HORAS-1 OP | I149: 329397 | J149: M | K149: 1 | L149: 9 SENCILLO M 1OP | M149: . | N149: =+CONCATENATE(G149,F149) -> 9.40m³-9H-1OP
F150: 40m³-9H-0OP | G150: 10. | H150: 10.CAMION TIPO40m³-09 HORAS-0 OP | I150: 280919 | J150: M | K150: 0 | L150: 10 SENCILLO M 0OP | M150: . | N150: =+CONCATENATE(G150,F150) -> 10.40m³-9H-0OP
F151: 40m³-4H-4OP | G151: 11. | H151: 11.CAMION TIPO40m³-04 HORAS-4 OP | I151: 420585 | J151: R | K151: 4 | L151: 11 SENCILLO R 4OP | M151: . | N151: =+CONCATENATE(G151,F151) -> 11.40m³-4H-4OP
F152: 40m³-4H-3OP | G152: 12. | H152: 12.CAMION TIPO40m³-04 HORAS-3 OP | I152: 369327 | J152: R | K152: 3 | L152: 12 SENCILLO R 3OP | M152: . | N152: =+CONCATENATE(G152,F152) -> 12.40m³-4H-3OP
... F182: OPERARIO-6-H | G182: 42. | H182: 42.OPERARIO-06 HORAS | I182: 41562 | J182: H | K182: 0 | L182: 42 OPERARIO 6 H | M182: . | N182: =+CONCATENATE(G182,F182) -> 42.OPERARIO-6-H
F183: BOGOTA-REGION-40m³- | G183: 43. | H183: 43.BOGOTA-REGION-40m³-9 HORAS | I183: 628232 | N183: =+CONCATENATE(G183,F183) -> 43.BOGOTA-REGION-40m³-
F184: BOGOTA-REGION-25m³- | G184: 44. | H184: 44.BOGOTA-REGION-25m³-9 HORAS | I184: 562619 | N184: =+CONCATENATE(G184,F184) -> 44.BOGOTA-REGION-25m³-
F185: BOGOTA-REGION-FURGON- | G185: 45. | H185: 45.BOGOTA-REGION-FURGON-9 HORAS | I185: 418264 | N185: =+CONCATENATE(G185,F185) -> 45.BOGOTA-REGION-FURGON-
F186: BOGOTA-REGION-4X4 | G186: 46. | H186: 46.BOGOTA-REGION-4X4-9 HORAS | I186: 288714 | N186: =+CONCATENATE(G186,F186) -> 46.BOGOTA-REGION-4X4
H187: 47. 6 OPERARIO-06 HORAS | I187: =41562*6 -> 249372 | J187: H | N187: =+CONCATENATE(G187,F187)
H188: 48. 8 OPERARIO-06 HORAS | I188: =41562*8 -> 332496 | J188: H
H189: 49. 10 OPERARIO-06 HORAS | I189: =41562*8 -> 332496 | J189: H
H190: 50. 6 OPERARIO-08 HORAS | I190: =53577*10 -> 535770 | J190: H
H191: 51. 8 OPERARIO-08 HORAS | I191: =53577*8 -> 428616 | J191: H
H192: 52. 10 OPERARIO-08 HORAS | I192: =53577*10 -> 535770 | J192: H

Sheet 25 JUNIO
A1: ZONA NORTE
A2: RUTAS CICLOVÍA 40 M3 | I2: LUDICA CICLOVÍA, ESCUELA DE LA BICI, ADICIONALES 25 M3 | R2: CONOS CICLOVÍA 25 M3
A3: CORREDOR | B3: # OPERARIOS | C3: # CAMIONES | D3: MODELO | E3: DISPONIBILIDAD | F3: TIPO DE SERVICIO | G3: $ | I3: ZONA | J3: CORREDOR | K3: # OPERARIOS | L3: # CAMIONES | M3: MODELO | N3: DISPONIBILIDAD | O3: TIPO DE SERVICIO | P3: $ | R3: ZONA | S3: CORREDOR | T3: # OPERARIOS | U3: # CAMIONES | V3: MODELO | W3: DISPONIBILIDAD | X3: TIPO DE SERVICIO | Y3: $
A4: NORTE 1 | B4: =+IF(F4=0,0,MID(F4,LEN(F4)-3,1)) -> 4 | C4: 1 | D4: 2014-2020 | E4: =+IF(F4=0,0,CONCATENATE(MID(F4,FIND("-",F4,1)+1,4),"ORAS")) -> 15 HORAS | F4: 1.CAMION TIPO40m³-15 HORAS-4 OP | G4: =+IF(F4="","",VLOOKUP(F4,$H$140:$I$192,2,FALSE)) -> 582964 | I4: CENTRO | J4: ESCUELA | K4: 3 | L4: 1 | M4: 2014-2020 | N4: =+IF(O4=0,0,CONCATENATE(MID(O4,FIND("-",O4,1)+1,4),"ORAS")) -> 15 HORAS | O4: 17.CAMION TIPO25m³-15 HORAS-3 OP | P4: =+IF(O4="","",VLOOKUP(O4,$H$140:$I$192,2,FALSE)) -> 443323 | R4: CENTRO | S4: CENTRO 5 CAMION 1 UNICONOS | T4: =+IF(X4=0,0,MID(X4,LEN(X4)-3,1)) -> 4 | U4: 1 | V4: 2014-2020 | W4: =+IF(X4=0,0,CONCATENATE(MID(X4,FIND("-",X4,1)+1,4),"ORAS")) -> 15 HORAS | X4: 16.CAMION TIPO25m³-15 HORAS-4 OP | Y4: =+IF(X4="","",VLOOKUP(X4,$H$140:$I$192,2,FALSE)) -> 501739
A5: NORTE 2 | B5: =+IF(F5=0,0,MID(F5,LEN(F5)-3,1)) -> 3 | C5: 1 | D5: 2014-2020 | E5: =+IF(F5=0,0,CONCATENATE(MID(F5,FIND("-",F5,1)+1,4),"ORAS")) -> 15 HORAS | F5: 2.CAMION TIPO40m³-15 HORAS-3 OP | G5: =+IF(F5="","",VLOOKUP(F5,$H$140:I$192,2,FALSE)) -> 514916 | I5: CENTRO | J5: CAMIONETA FURGONADA PENDONES CALLE 26 | K5: 0 | L5: 1 | M5: 2014-2020 | N5: =+IF(O5=0,0,CONCATENATE(MID(O5,FIND("-",O5,1)+1,4),"ORAS")) -> 15 HORAS | O5: 31.CAMION TIPOFURGON-15 HORAS | P5: =+IF(O5="","",VLOOKUP(O5,$H$140:$I$192,2,FALSE)) -> 239262 | R5: CENTRO | S5: CENTRO 5 CAMION 2 UNICONOS | T5: =+IF(X5=0,0,MID(X5,LEN(X5)-3,1)) -> 4 | U5: 1 | V5: 2014-2020 | W5: =+IF(X5=0,0,CONCATENATE(MID(X5,FIND("-",X5,1)+1,4),"ORAS")) -> 15 HORAS | X5: 16.CAMION TIPO25m³-15 HORAS-4 OP | Y5: =+IF(X5="","",VLOOKUP(X5,$H$140:$I$192,2,FALSE)) -> 501739
A6: NORTE 3 | B6: =+IF(F6=0,0,MID(F6,LEN(F6)-3,1)) -> 3 | C6: 1 | D6: 2014-2020 | E6: =+IF(F6=0,0,CONCATENATE(MID(F6,FIND("-",F6,1)+1,4),"ORAS")) -> 15 HORAS | F6: 2.CAMION TIPO40m³-15 HORAS-3 OP | G6: =+IF(F6="","",VLOOKUP(F6,$H$140:I$192,2,FALSE)) -> 514916 | I6: CENTRO | J6: ATN | K6: 4 | L6: 1 | M6: 2014-2020 | N6: =+IF(O6=0,0,CONCATENATE(MID(O6,FIND("-",O6,1)+1,4),"ORAS")) -> 15 HORAS | O6: 16.CAMION TIPO25m³-15 HORAS-4 OP | P6: =+IF(O6="","",VLOOKUP(O6,$H$140:$I$192,2,FALSE)) -> 501739 | R6: CENTRO | S6: CENTRO 4 CAMION 3 UNICONOS | T6: =+IF(X6=0,0,MID(X6,LEN(X6)-3,1)) -> 4 | U6: 1 | V6: 2014-2020 | W6: =+IF(X6=0,0,CONCATENATE(MID(X6,FIND("-",X6,1)+1,4),"ORAS")) -> 15 HORAS | X6: 16.CAMION TIPO25m³-15 HORAS-4 OP | Y6: =+IF(X6="","",VLOOKUP(X6,$H$140:$I$192,2,FALSE)) -> 501739
A7: NORTE 4 | B7: =+IF(F7=0,0,MID(F7,LEN(F7)-3,1)) -> 3 | C7: 1 | D7: 2014-2020 | E7: =+IF(F7=0,0,CONCATENATE(MID(F7,FIND("-",F7,1)+1,4),"ORAS")) -> 15 HORAS | F7: 2.CAMION TIPO40m³-15 HORAS-3 OP | G7: =+IF(F7="","",VLOOKUP(F7,$H$140:I$192,2,FALSE)) -> 514916 | I7: CENTRO | J7: CICLOPASEO PONAL | K7: 3 | L7: 1 | M7: 2014-2020 | N7: =+IF(O7=0,0,CONCATENATE(MID(O7,FIND("-",O7,1)+1,4),"ORAS")) -> 0 | O7: 0 | P7: =+IF(O7="","",VLOOKUP(O7,$H$140:$I$192,2,FALSE)) -> 0 | X7: 0 | Y7: =+IF(X7="","",VLOOKUP(X7,$H$140:$I$186,2,FALSE)) -> 0
A8: NORTE 5 ZONA 1 | B8: =+IF(F8=0,0,MID(F8,LEN(F8)-3,1)) -> 3 | C8: 1 | D8: 2014-2020 | E8: =+IF(F8=0,0,CONCATENATE(MID(F8,FIND("-",F8,1)+1,4),"ORAS")) -> 15 HORAS | F8: 2.CAMION TIPO40m³-15 HORAS-3 OP | G8: =+IF(F8="","",VLOOKUP(F8,$H$140:I$192,2,FALSE)) -> 514916 | I8: CENTRO | J8: SUSPENSIONES DE LA CARRERA | K8: 3 | L8: 1 | M8: 2014-2020 | N8: =+IF(O8=0,0,CONCATENATE(MID(O8,FIND("-",O8,1)+1,4),"ORAS")) -> 09 HORAS | O8: 22.CAMION TIPO25m³-09 HORAS-3 OP | P8: =+IF(O8="","",VLOOKUP(O8,$H$140:$I$192,2,FALSE)) -> 386383 | U8: =+U4+U5+U6+U7 -> 3
A9: NORTE 5 ZONA 2 | B9: =+IF(F9=0,0,MID(F9,LEN(F9)-3,1)) -> 2 | C9: 1 | D9: 2014-2020 | E9: =+IF(F9=0,0,CONCATENATE(MID(F9,FIND("-",F9,1)+1,4),"ORAS")) -> 15 HORAS | F9: 3.CAMION TIPO40m³-15 HORAS-2 OP | G9: =+IF(F9="","",VLOOKUP(F9,$H$140:I$192,2,FALSE)) -> 448638
E10: =+IF(F10=0,0,CONCATENATE(MID(F10,FIND("-",F10,1)+1,4),"ORAS")) -> 0 | F10: 0 | G10: =+IF(F10="","",VLOOKUP(F10,$H$140:I$192,2,FALSE)) -> 0
E11: =+IF(F11=0,0,CONCATENATE(MID(F11,FIND("-",F11,1)+1,4),"ORAS")) -> 0 | F11: 0 | G11: =+IF(F11="","",VLOOKUP(F11,$H$140:$I$192,2,FALSE)) -> 0
B13: =+B10+B9+B8+B7+B6+B5+B4+B11 -> 18 | C13: =+C10+C9+C8+C7+C6+C5+C4 -> 6 | G13: =SUM(G4:G12) -> 3091266 | R13: OPERARIOS ADICIONALES
A14: RUTAS CICLOVÍA 25 M3 | R14: ZONA | S14: CORREDOR | T14: # OPERARIOS | U14: # CAMIONES | V14: MODELO | W14: DISPONIBILIDAD | X14: TIPO DE SERVICIO | Y14: $
A15: CORREDOR | B15: # OPERARIOS | C15: # CAMIONES | D15: MODELO | E15: DISPONIBILIDAD | F15: TIPO DE SERVICIO | G15: $ | R15: CENTRO | S15: APOYO CICLOVÍA | T15: 3 | U15: 0 | V15: NA | W15: =+IF(X15=0,0,CONCATENATE(MID(X15,FIND("-",X15,1)+1,4),"ORAS")) -> 08 HORAS | X15: 41.OPERARIO-08 HORAS | Y15: =+(IF(X15="","",VLOOKUP(X15,$H$140:$I$192,2,FALSE)))*T15 -> 160731
A16: NORTE 1 MALETINES | B16: =+IF(F16=0,0,MID(F16,LEN(F16)-3,1)) -> 3 | C16: 1 | D16: 2014-2020 | E16: =+IF(F16=0,0,CONCATENATE(MID(F16,FIND("-",F16,1)+1,4),"ORAS")) -> 15 HORAS | F16: 2.CAMION TIPO40m³-15 HORAS-3 OP | G16: =+IF(F16="","",VLOOKUP(F16,$H$140:$I$192,2,FALSE)) -> 514916 | I16: ATN CICLOVÍA, ESCUELA DE LA BICI, ADICIONALES 40 M3 | R16: CENTRO | S16: ADICIONALES | T16: 2 | U16: 0 | V16: NA | W16: =+IF(X16=0,0,CONCATENATE(MID(X16,FIND("-",X16,1)+1,4),"ORAS")) -> 08 HORAS | X16: 41.OPERARIO-08 HORAS | Y16: =+(IF(X16="","",VLOOKUP(X16,$H$140:$I$192,2,FALSE)))*T16 -> 107154
A17: NORTE 1 DIVISORES | B17: =+IF(F17=0,0,MID(F17,LEN(F17)-3,1)) -> 3 | C17: 1 | D17: 2014-2020 | E17: =+IF(F17=0,0,CONCATENATE(MID(F17,FIND("-",F17,1)+1,4),"ORAS")) -> 15 HORAS | F17: 2.CAMION TIPO40m³-15 HORAS-3 OP | G17: =+IF(F17="","",VLOOKUP(F17,$H$140:$I$192,2,FALSE)) -> 514916 | I17: ZONA | J17: CORREDOR | K17: # OPERARIOS | L17: # CAMIONES | M17: MODELO | N17: DISPONIBILIDAD | O17: TIPO DE SERVICIO | P17: $
N18: =+IF(O18=0,0,CONCATENATE(MID(O18,FIND("-",O18,1)+1,4),"ORAS")) -> 0 | O18: 0 | P18: =+IF(O18="","",VLOOKUP(O18,$H$140:$I$192,2,FALSE)) -> 0 | R18: CAMIONETA 4 X4 DOBLE CABINA CON PLATON
O19: 0 | P19: =+IF(O19="","",VLOOKUP(O19,$H$140:$I$192,2,FALSE)) -> 0 | R19: ZONA | S19: CORREDOR | T19: # OPERARIOS | U19: # CAMIONES | V19: MODELO | W19: DISPONIBILIDAD | X19: TIPO DE SERVICIO | Y19: $
R20: NORTE | S20: APOYO CICLOVÍA | T20: NA | U20: NA | V20: 2014-2020 | W20: =+IF(X20=0,0,CONCATENATE(MID(X20,FIND("-",X20,1)+1,4),"ORAS")) -> 15 HORAS | X20: 34.4X4-15 HORAS | Y20: =+IF(X20="","",VLOOKUP(X20,$H$140:$I$192,2,FALSE)) -> 373234
R21: NORTE | S21: APOYO CICLOVÍA | T21: NA | U21: NA | V21: 2014-2020 | W21: =+IF(X21=0,0,CONCATENATE(MID(X21,FIND("-",X21,1)+1,4),"ORAS")) -> 15 HORAS | X21: 34.4X4-15 HORAS | Y21: =+IF(X21="","",VLOOKUP(X21,$H$140:$I$192,2,FALSE)) -> 373234
R22: CENTRO | S22: APOYO CICLOVÍA | T22: NA | U22: 1 | V22: 2014-2020 | W22: =+IF(X22=0,0,CONCATENATE(MID(X22,FIND("-",X22,1)+1,4),"ORAS")) -> 15 HORAS | X22: 31.CAMION TIPOFURGON-15 HORAS | Y22: =+IF(X22="","",VLOOKUP(X22,$H$140:$I$192,2,FALSE)) -> 239262
A23: valor total | B23: =SUM(B4:B13)+B16+B17+B18+B19+B20+B22 -> 24 | C23: =+C4+C5+C6+C7+C8+C9+C10+C16 -> 7 | G23: =SUM(G13,G16:G22) -> 4121098 | R23: CENTRO | S23: APOYO CICLOVÍA | T23: NA | U23: NA | V23: 2014-2020 | W23: =+IF(X23=0,0,CONCATENATE(MID(X23,FIND("-",X23,1)+1,4),"ORAS")) -> 15 HORAS | X23: 34.4X4-15 HORAS | Y23: =+IF(X23="","",VLOOKUP(X23,$H$140:$I$192,2,FALSE)) -> 373234
A24: ZONA CENTRO | R24: SUR | S24: APOYO CICLOVÍA | T24: NA | U24: NA | V24: 2014-2020 | W24: =+IF(X24=0,0,CONCATENATE(MID(X24,FIND("-",X24,1)+1,4),"ORAS")) -> 15 HORAS | X24: 34.4X4-15 HORAS | Y24: =+IF(X24="","",VLOOKUP(X24,$H$140:$I$192,2,FALSE)) -> 373234
A25: RUTAS CICLOVÍA 40 M3 | R25: SUR | S25: APOYO CICLOVÍA | T25: NA | U25: NA | V25: 2014-2021 | W25: =+IF(X25=0,0,CONCATENATE(MID(X25,FIND("-",X25,1)+1,4),"ORAS")) -> 15 HORAS | X25: 34.4X4-15 HORAS | Y25: =+IF(X25="","",VLOOKUP(X25,$H$140:$I$192,2,FALSE)) -> 373234
A26: CORREDOR | B26: # OPERARIOS | C26: # CAMIONES | D26: MODELO | E26: DISPONIBILIDAD | F26: TIPO DE SERVICIO | G26: $ | J26: TOTAL | K26: =SUM(K4:K15,K18:K25) -> 13 | L26: =SUM(L4:L25) -> 5 | P26: =SUM(P4:P25) -> 1570707 | R26: SUR | S26: APOYO CICLOVÍA | T26: NA | U26: NA | V26: 2014-2022 | W26: =+IF(X26=0,0,CONCATENATE(MID(X26,FIND("-",X26,1)+1,4),"ORAS")) -> 04 HORAS | X26: 36.4X4-04 HORAS | Y26: =+IF(X26="","",VLOOKUP(X26,$H$140:$I$192,2,FALSE)) -> 195220
A27: CENTRO 1 | B27: =+IF(F27=0,0,MID(F27,LEN(F27)-3,1)) -> 3 | C27: 1 | D27: 2014-2020 | E27: =+IF(F27=0,0,CONCATENATE(MID(F27,FIND("-",F27,1)+1,4),"ORAS")) -> 15 HORAS | F27: 2.CAMION TIPO40m³-15 HORAS-3 OP | G27: =+IF(F27="","",VLOOKUP(F27,$H$140:I$192,2,FALSE)) -> 514916
A28: CENTRO 2 | B28: =+IF(F28=0,0,MID(F28,LEN(F28)-3,1)) -> 3 | C28: 1 | D28: 2014-2020 | E28: =+IF(F28=0,0,CONCATENATE(MID(F28,FIND("-",F28,1)+1,4),"ORAS")) -> 15 HORAS | F28: 2.CAMION TIPO40m³-15 HORAS-3 OP | G28: =+IF(F28="","",VLOOKUP(F28,$H$140:I$192,2,FALSE)) -> 514916
A29: CENTRO 4 | B29: =+IF(F29=0,0,MID(F29,LEN(F29)-3,1)) -> 3 | C29: 1 | D29: 2014-2020 | E29: =+IF(F29=0,0,CONCATENATE(MID(F29,FIND("-",F29,1)+1,4),"ORAS")) -> 15 HORAS | F29: 2.CAMION TIPO40m³-15 HORAS-3 OP | G29: =+IF(F29="","",VLOOKUP(F29,$H$140:I$192,2,FALSE)) -> 514916 | S29: TOTAL | T29: =T4+T5+T6+T15+T16 -> 17 | U29: =SUM(U4:U7,U22) -> 4 | Y29: =SUM(Y4:Y26) -> 4073754
A30: CENTRO 5 | B30: 3 | C30: 1 | D30: 2014-2020 | E30: =+IF(F30=0,0,CONCATENATE(MID(F30,FIND("-",F30,1)+1,4),"ORAS")) -> 15 HORAS | F30: 2.CAMION TIPO40m³-15 HORAS-3 OP | G30: =+IF(F30="","",VLOOKUP(F30,$H$140:I$192,2,FALSE)) -> 514916
A33: RUTAS CICLOVÍA 25 M3
B34: # OPERARIOS | C34: # CAMIONES | D34: MODELO | F34: TIPO DE SERVICIO | G34: $
A35: CENTRO 3 ZONA 1 | B35: =+IF(F35=0,0,MID(F35,LEN(F35)-3,1)) -> 3 | C35: 1 | D35: 2014-2020 | E35: =+IF(F35=0,0,CONCATENATE(MID(F35,FIND("-",F35,1)+1,4),"ORAS")) -> 15 HORAS | F35: 17.CAMION TIPO25m³-15 HORAS-3 OP | G35: =+IF(F35="","",VLOOKUP(F35,$H$140:I$192,2,FALSE)) -> 443323
A36: CENTRO 3 ZONA 2 | B36: =+IF(F36=0,0,MID(F36,LEN(F36)-3,1)) -> 3 | C36: 1 | D36: 2014-2020 | E36: =+IF(F36=0,0,CONCATENATE(MID(F36,FIND("-",F36,1)+1,4),"ORAS")) -> 15 HORAS | F36: 17.CAMION TIPO25m³-15 HORAS-3 OP | G36: =+IF(F36="","",VLOOKUP(F36,$H$140:I$192,2,FALSE)) -> 443323
A37: CENTRO 6 ZONA 2 | B37: =+IF(F37=0,0,MID(F37,LEN(F37)-3,1)) -> 3 | C37: 1 | D37: 2014-2020 | E37: =+IF(F37=0,0,CONCATENATE(MID(F37,FIND("-",F37,1)+1,4),"ORAS")) -> 15 HORAS | F37: 17.CAMION TIPO25m³-15 HORAS-3 OP | G37: =+IF(F37="","",VLOOKUP(F37,$H$140:I$192,2,FALSE)) -> 443323
E38: =+IF(F38=0,0,CONCATENATE(MID(F38,FIND("-",F38,1)+1,4),"ORAS")) -> 0 | F38: 0 | G38: =+IF(F38="","",VLOOKUP(F38,$H$140:I$192,2,FALSE)) -> 0
E39: =+IF(F39=0,0,CONCATENATE(MID(F39,FIND("-",F39,1)+1,4),"ORAS")) -> 0 | F39: 0 | G39: =+IF(F39="","",VLOOKUP(F39,$H$140:I$192,2,FALSE)) -> 0
A41: valor total | B41: =+B27+B28+B29+B35+B36+B37+B38+B39+B30 -> 21 | C41: =SUM(C27:C32)+C35+C36+C37+C38+C39+C40 -> 7 | E41: =+IF(F41=0,0,CONCATENATE(MID(F41,FIND("-",F41,1)+1,3),"ORAS")) -> 0 | G41: =SUM(G27:G32,G35:G40) -> 3389633
A42: ZONA SUR
A43: RUTAS CICLOVÍA 40 M3
A44: CORREDOR | B44: # OPERARIOS | C44: # CAMIONES | D44: MODELO | E44: DISPONIBILIDAD | F44: TIPO DE SERVICIO | G44: $
A53: RUTAS CICLOVÍA 25 M3
A54: CORREDOR | B54: # OPERARIOS | C54: # CAMIONES | D54: MODELO | E54: DISPONIBILIDAD | F54: TIPO DE SERVICIO | G54: $
A55: SUR 1 ZONA 1 | B55: =+IF(F55=0,0,MID(F55,LEN(F55)-3,1)) -> 3 | C55: 1 | D55: 2014-2020 | E55: =+IF(F55=0,0,CONCATENATE(MID(F55,FIND("-",F55,1)+1,4),"ORAS")) -> 15 HORAS | F55: 17.CAMION TIPO25m³-15 HORAS-3 OP | G55: =+IF(F55="","",VLOOKUP(F55,$H$140:I$192,2,FALSE)) -> 443323
A56: SUR 1 ZONA 2 | B56: =+IF(F56=0,0,MID(F56,LEN(F56)-3,1)) -> 3 | C56: 1 | D56: 2014-2020 | E56: =+IF(F56=0,0,CONCATENATE(MID(F56,FIND("-",F56,1)+1,4),"ORAS")) -> 15 HORAS | F56: 17.CAMION TIPO25m³-15 HORAS-3 OP | G56: =+IF(F56="","",VLOOKUP(F56,$H$140:I$192,2,FALSE)) -> 443323
A57: SUR 1 MALETINES | B57: =+IF(F57=0,0,MID(F57,LEN(F57)-3,1)) -> 3 | C57: 1 | D57: 2014-2020 | E57: =+IF(F57=0,0,CONCATENATE(MID(F57,FIND("-",F57,1)+1,4),"ORAS")) -> 15 HORAS | F57: 17.CAMION TIPO25m³-15 HORAS-3 OP | G57: =+IF(F57="","",VLOOKUP(F57,$H$140:I$192,2,FALSE)) -> 443323
A58: SUR 2 | B58: =+IF(F58=0,0,MID(F58,LEN(F58)-3,1)) -> 3 | C58: 1 | D58: 2014-2020 | E58: =+IF(F58=0,0,CONCATENATE(MID(F58,FIND("-",F58,1)+1,4),"ORAS")) -> 15 HORAS | F58: 17.CAMION TIPO25m³-15 HORAS-3 OP | G58: =+IF(F58="","",VLOOKUP(F58,$H$140:I$192,2,FALSE)) -> 443323
A59: SUR 2 CANECAS 1 | B59: =+IF(F59=0,0,MID(F59,LEN(F59)-3,1)) -> 3 | C59: 1 | D59: 2014-2020 | E59: =+IF(F59=0,0,CONCATENATE(MID(F59,FIND("-",F59,1)+1,4),"ORAS")) -> 15 HORAS | F59: 17.CAMION TIPO25m³-15 HORAS-3 OP | G59: =+IF(F59="","",VLOOKUP(F59,$H$140:I$192,2,FALSE)) -> 443323
A60: SUR 2 CANECAS 2 | B60: =+IF(F60=0,0,MID(F60,LEN(F60)-3,1)) -> 3 | C60: 1 | D60: 2014-2020 | E60: =+IF(F60=0,0,CONCATENATE(MID(F60,FIND("-",F60,1)+1,4),"ORAS")) -> 15 HORAS | F60: 17.CAMION TIPO25m³-15 HORAS-3 OP | G60: =+IF(F60="","",VLOOKUP(F60,$H$140:I$192,2,FALSE)) -> 443323
A61: SUR 2 CANECAS 3 | B61: =+IF(F61=0,0,MID(F61,LEN(F61)-3,1)) -> 2 | C61: 1 | D61: 2014-2020 | E61: =+IF(F61=0,0,CONCATENATE(MID(F61,FIND("-",F61,1)+1,4),"ORAS")) -> 15 HORAS | F61: 18.CAMION TIPO25m³-15 HORAS-2 OP | G61: =+IF(F61="","",VLOOKUP(F61,$H$140:I$192,2,FALSE)) -> 388652
A62: SUR 2 CANECAS 4 | B62: =+IF(F62=0,0,MID(F62,LEN(F62)-3,1)) -> 3 | C62: 1 | D62: 2014-2020 | E62: =+IF(F62=0,0,CONCATENATE(MID(F62,FIND("-",F62,1)+1,4),"ORAS")) -> 15 HORAS | F62: 17.CAMION TIPO25m³-15 HORAS-3 OP | G62: =+IF(F62="","",VLOOKUP(F62,$H$140:I$192,2,FALSE)) -> 443323
A63: SUR 3 ZONA 1 | B63: =+IF(F63=0,0,MID(F63,LEN(F63)-3,1)) -> 3 | C63: 1 | D63: 2014-2020 | E63: =+IF(F63=0,0,CONCATENATE(MID(F63,FIND("-",F63,1)+1,4),"ORAS")) -> 15 HORAS | F63: 17.CAMION TIPO25m³-15 HORAS-3 OP | G63: =+IF(F63="","",VLOOKUP(F63,$H$140:I$192,2,FALSE)) -> 443323
A64: SUR 3 ZONA 2 | B64: =+IF(F64=0,0,MID(F64,LEN(F64)-3,1)) -> 3 | C64: 1 | D64: 2014-2020 | E64: =+IF(F64=0,0,CONCATENATE(MID(F64,FIND("-",F64,1)+1,4),"ORAS")) -> 15 HORAS | F64: 17.CAMION TIPO25m³-15 HORAS-3 OP | G64: =+IF(F64="","",VLOOKUP(F64,$H$140:I$192,2,FALSE)) -> 443323
A66: valor total | B66: =B47+B48+B49+B50+B51+B52+B55+B56+B57+B58+B59+B60+B61+B62+B63+B64 -> 29 | C66: =SUM(C47:C52,C55:C65) -> 10 | G66: =SUM(G47:G52,G55:G65) -> 4378559
A68: TOTAL | B68: =B66+B41+B23 -> 74 | C68: =C66+C41+C23 -> 24 | G68: =SUM(G23,G41,G66) -> 11889290
J69: GRAN TOTAL OPERA | K69: =K26+B68+T29+AB26 -> 104
J70: GRAN TOTAL CAMIONES | K70: =L26+C68+U29+AC26 -> 33 | M70: ZONA NORTE | N70: ZONA CENTRO | O70: ZONA SUR
J71: VALOR $ | K71: =SUM(G68,P26,Y29) -> 17533751 | M71: =SUM(G4:G12,G16:G22,Y20:Y21) -> 4867566 | N71: =SUM(G27:G32,G35:G40,P4:P15,P18:P25,Y4:Y7,Y15:Y16,Y22:Y23) -> 7345938 | O71: =SUM(G47:G52,G55:G64,Y24,Y25,Y26) -> 5320247 | P71: =SUM(M71:O71) -> 17533751
A73: OTRAS NOVEDADES DE JORNADA
A74: MOVIMIENTOS: * SE REQUIERE QUE LOS TRES OPERARI@S PARA APOYO DE CICLOVÍA LLEGUEN A PLAZA DE LOS ARTESANOS Carrera 60 #63A-52 A LAS 10:00 AM Y ESTEN DISPONIBLES 05:00 PM. ENCARGADO LUIS MARTINEZ 3124158470. * LA CAMIONETA FURGONADA DE PENDONES DE CALLE 26 DEBE LLEGAR A LAS 4:00 AM A LA PLAZA DE ARTESANOS, JUNTO CON LOS DOS OPERARIOS ADICIONALES. *SE RECUERDA QUE PARA LOS CORREDORES DE LA CALLE 26 SU HORA DE CIERRE SON LAS 6:30 AM COMO HORA MAXIMA, POR LO CUAL ESTOS CORREDORES DE ACUERDO LA PLAN DE MANEJO DE TRANSITO - PMT SE DEBEN HABLITAR A LA HORA NARRADA, POR FAVOR HACER LOS AJUSTES CORRESPONDIENTES PARA QUE ESTOS CAMIONES DISTRIBUYAN EL MATERIAL ANTES, Y FINALICEN EN UN HORARIO ANTES DE LAS 6:30 HRS PARA EL CAMIÓN DE RUTA, GARATIZANDO EL CIERRE PARA QUE LOS VEHICULOS DE CONOS PUEDAN DISTRIBUIR DESDE LAS 6:30 AM Y COMO MAXIMO HASTA LAS 7:00 AM. *PARA ALGUNOS VEHICULOS SALE MATERIAL ADICIONAL POR FAVOR TENER MUY ENCUENTA EL CUBICAJE DE CADA UNO DE LOS VEHICULOS. *SE CAMBIO EL MATERIAL PARA LOS CORREDORES DE N1, N2, N3, C1, C4 Y C5 SE SOLCITA SOCIALIZAR CON LOS OPERARIOS DE ESTAS RUTAS EL BUEN TRATO DEL MATERIAL, ENTENDIENDO QUE ES NUEVO. *SE SOLICTA NUEVAMENTE SOCIALIZAR CON LOS OPERARIOS QUE DEBEN DEJAR LOS ELEMENTOS CARGADOS EN LAS CABINAS COMO, TULAS, PALETAS Y CINTAS EN LA PAZA 4 EN LOS STANDS. LOS CUALES FUERON SOCIALIZADOS EL 19 DE MARZO 2023 CON LOS COORDINADORES DE LA EMPRESA. CAMIONETA 1: CAMIONETA DEBE LLEGAR A LAS 4:00 AM A PLAZA DE LOS ARTESANOS QUEDA DISPONIBLE. ENCARGADO DANIELA RATIVA 3505967621 CAMIONETA 2: CAMIONETA DEBE LLEGAR A LAS 10:00 AM A PLAZA DE LOS ARTESANOS QUEDA DISPONIBLE. ENCARGADO DANIELA RATIVA 3505967621 CAMIONETA 3: CAMIONETA DEBE LLEGAR A LAS 4:00 AM A PLAZA DE LOS ARTESANOS QUEDA DISPONIBLE. ENCARGADO ANDRES LIZARAZO 3193068226 CAMIONETA 4: CAMIONETA DEBE LLEGAR A LAS 4:00 AM A PLAZA DE LOS ARTESANOS QUEDA DISPONIBLE. ENVARGADO JESSIKA GONZALES 3212403700 FURGONADA: CAMIONETA DEBE LLEGAR A LAS 5:30 AM A PLAZA DE LOS ARTESANOS, QUEDA DISPONIBLE. ENCARGADO DANIELA RATIVA 3505967621 ESCUELA DE LA BICI: EL VEHÍCULO DE ESCUELA. SE ACALARA QUE DEBEN COMUNICARSE CON EL TALENTO HUMANO DE EL PROGRAMA DE ESCUELA DE LA BICICLETA SERGIO PRIETO CEL 3167160204, LO ANTERIOR PARA COORDINAR LOS PUNTOS Y LOS DESPLAZAMIENTOS. VEHICULO POR 15 HORAS ATN: EL CAMIÓN DE ATN DEBE LLEGAR A PLAZA DE LOS ARTESANOS A LAS 7 AM, POSTERIORMENTE DRIGIRSE A LOS PUNTOS; CONTACTAR A JULIETTE ARROYO 3012802342, SERVICIO POR 15 HORAS. NORTE 5: CARRERA 60 X CALLE 63 CENTRO 5: CALLE 26 X AV. BOYACA SUR 3: CALLE 39 SUR X CARRERA 51 EL CICLOPARQUEADERO DE LA CALLE 80 SE DEBE IR EN EL CAMIÓN DE DIVISORES Y DEBE DESCARGARSE EN LA AV BOYACA CON CALLE 80, POR FAVOR CORDINADOR DE LA ZONA NORTE ESTAR MUY PENDIENTE. CICLOPASEO PONAL: DEBE LLEGAR A PLAZA DE ARTESANOS A LAS 8:30 AM, Y REALIZAR EL CARGUE DE LOS SIGUIENTE MODULOS 30 BICICLETAS Y 30 CASCOS. POSTERIORMENTE DIRIGIRSE A PARQUE RENACIMIENTO Y UNA VEZ ENTREGADO DESPLAZARSE A SIMÓN BOLIVAR ENTRE LAS 10:00 Y 11:00 AM. SERVICIO POR 9 HORAS. DISPONIBLES: SE DEBE DEJAR DOS CAMIONES DE 25m2 CON 3 OPERARIOS LOS CUALES DEBEN REGRESAR A LA PLAZA DE LOS ARTESANOS A LAS 8:30 AM, ENCARGADO DANIELA RATIVA 3505967621 LUDICA Y PEDAGOGIA: LA CAMIONETA FURGONADA DEBE LLEGAR COMO DE COSTUMBRE 5:30 AM, CARGAR LOS ELEMENTOS DE LA ACTIVIDAD Y DIRIGIRSE A: CALLE 116 X AVENIDA SUBA DE ACUERDO A LAS POSIBLES MARCHAS QUE SE PUEDAN PRESENTAR CON LAS FUERZAS MILITARES, ES POSIBLE QUE DESAHBILITE ALGUNOS CORREDORES, ESTAR MUY PRESTOS PARA LA DESHABILITACIÓN. DE ACUERDO CON LAS MÚLTIPLES SUSPENSIONES POR LA CARRERA TRAIL URBAN, SE SUSPENDERA TRAMOS DE LA CICLOVÍA DE LA SIGUIENTE MANERA: C6Z1: VEHICULO SE ENCUENTRA SUSPENDIDO PARA ESTA JORNADA DE ACUERDO CON QUE LA CARRERA NO DESOCUPARA LA CALZADA ANTES DE LA 2:00 PM. C6Z2: DEBE DEJAR UNA VALLA DE CICLOVÍA SUSPENDIDA POR EVENTO EN LA CARRERA 7 CON DIGONAL 40. S3Z1: DEBE DEJAR UNA VALLA DE CICLOVÍA SUSPENDIDA POR EVENTO EN LA CARRERA 6 CON CALLE 17 SUR. SUSPENSIONES DE LA CARRERA: EL VEHICULO SE CITA A LA 5:30 EN PLAZA DE LOS ARTESANOS Y RECOJA LOS 10 MALETINES, 1 CINTA DE CERRAMIENTO, 10 REDUCTORES Y 6 VALLAS DE CERRAMIENTO, 4 VALLAS TIPO 3 DE CICLOVÍA SUSPENDIDA POR EVENTO, LAS CUALES DEBEN DESCARGARSE UNA (1) EN CARRERA 7 CON CALLE 26, DOS (2) EN LA AV CIRCUNVALAR CON DIAGONAL 40 FINALMENTE PARA ESTE FIN DE SEMANA SE CAMBIARÁ EL CUBICAJE DE LOS CAMIONES DE NORTE 1, MALETINES Y DIVISORES.
A94: Apoyan Guardaines ATN Norte 4, Norte 2 y Norte 3 Apoan Guardianes ATN Norte 1, Centro 1 y Centro 5 Apoyan Guardianes ATN Centro 4, Centro 3 y Sur 3 Apoyan Guardianes ATN Sur 1, Sur 2 y Centro 2
J139: TIPO DE DISPONIBILIDAD | K139: OPERARIOS
F140: 0 | G140: 0 | H140: 0 | I140: 0 | J140: 0 | K140: 0 | L140: 0 | M140: 0 | N140: =+CONCATENATE(G140,"VEHICULO",M140) -> 0VEHICULO0
F141: 40m³-15H-4OP | G141: 1. | H141: 1.CAMION TIPO40m³-15 HORAS-4 OP | I141: 582964 | J141: C | K141: 4 | L141: 1 SENCILLO 15H 4OP | M141: . | N141: =+CONCATENATE(G141,F141) -> 1.40m³-15H-4OP
F142: 40m³-15H-3OP | G142: 2. | H142: 2.CAMION TIPO40m³-15 HORAS-3 OP | I142: 514916 | J142: C | K142: 3 | L142: 2 SENCILLO 15H 3OP | M142: . | N142: =+CONCATENATE(G142,F142) -> 2.40m³-15H-3OP
F143: 40m³-15H-2OP | G143: 3. | H143: 3.CAMION TIPO40m³-15 HORAS-2 OP | I143: 448638 | J143: C | K143: 2 | L143: 3 SENCILLO 15H 2OP | M143: . | N143: =+CONCATENATE(G143,F143) -> 3.40m³-15H-2OP
F144: 40m³-15H-1OP | G144: 4. | H144: 4.CAMION TIPO40m³-15 HORAS-1 OP | I144: 381163 | J144: C | K144: 1 | L144: 4 SENCILLO 15H 1OP | M144: . | N144: =+CONCATENATE(G144,F144) -> 4.40m³-15H-1OP
F145: 40m³-15H-0OP | G145: 5. | H145: 5.CAMION TIPO40m³-15 HORAS-0 OP | I145: 321680 | J145: C | K145: 0 | L145: 5 SENCILLO 15H 0OP | M145: . | N145: =+CONCATENATE(G145,F145) -> 5.40m³-15H-0OP
F146: 40m³-9H-4OP | G146: 6. | H146: 6.CAMION TIPO40m³-09 HORAS-4 OP | I146: 509192 | J146: M | K146: 4 | L146: 6 SENCILLO M 4OP | M146: . | N146: =+CONCATENATE(G146,F146) -> 6.40m³-9H-4OP
F147: 40m³-9H-3OP | G147: 7. | H147: 7.CAMION TIPO40m³-09 HORAS-3 OP | I147: 450204 | J147: M | K147: 3 | L147: 7 SENCILLO M 3OP | M147: . | N147: =+CONCATENATE(G147,F147) -> 7.40m³-9H-3OP
F148: 40m³-9H-2OP | G148: 8. | H148: 8.CAMION TIPO40m³-09 HORAS-2 OP | I148: 392186 | J148: M | K148: 2 | L148: 8 SENCILLO M 2OP | M148: . | N148: =+CONCATENATE(G148,F148) -> 8.40m³-9H-2OP
F149: 40m³-9H-1OP | G149: 9. | H149: 9.CAMION TIPO40m³-09 HORAS-1 OP | I149: 329397 | J149: M | K149: 1 | L149: 9 SENCILLO M 1OP | M149: . | N149: =+CONCATENATE(G149,F149) -> 9.40m³-9H-1OP
F150: 40m³-9H-0OP | G150: 10. | H150: 10.CAMION TIPO40m³-09 HORAS-0 OP | I150: 280919 | J150: M | K150: 0 | L150: 10 SENCILLO M 0OP | M150: . | N150: =+CONCATENATE(G150,F150) -> 10.40m³-9H-0OP
F151: 40m³-4H-4OP | G151: 11. | H151: 11.CAMION TIPO40m³-04 HORAS-4 OP | I151: 420585 | J151: R | K151: 4 | L151: 11 SENCILLO R 4OP | M151: . | N151: =+CONCATENATE(G151,F151) -> 11.40m³-4H-4OP
F152: 40m³-4H-3OP | G152: 12. | H152: 12.CAMION TIPO40m³-04 HORAS-3 OP | I152: 369327 | J152: R | K152: 3 | L152: 12 SENCILLO R 3OP | M152: . | N152: =+CONCATENATE(G152,F152) -> 12.40m³-4H-3OP
... F182: OPERARIO-6-H | G182: 42. | H182: 42.OPERARIO-06 HORAS | I182: 41562 | J182: H | K182: 0 | L182: 42 OPERARIO 6 H | M182: . | N182: =+CONCATENATE(G182,F182) -> 42.OPERARIO-6-H
F183: BOGOTA-REGION-40m³- | G183: 43. | H183: 43.BOGOTA-REGION-40m³-9 HORAS | I183: 628232 | N183: =+CONCATENATE(G183,F183) -> 43.BOGOTA-REGION-40m³-
F184: BOGOTA-REGION-25m³- | G184: 44. | H184: 44.BOGOTA-REGION-25m³-9 HORAS | I184: 562619 | N184: =+CONCATENATE(G184,F184) -> 44.BOGOTA-REGION-25m³-
F185: BOGOTA-REGION-FURGON- | G185: 45. | H185: 45.BOGOTA-REGION-FURGON-9 HORAS | I185: 418264 | N185: =+CONCATENATE(G185,F185) -> 45.BOGOTA-REGION-FURGON-
F186: BOGOTA-REGION-4X4 | G186: 46. | H186: 46.BOGOTA-REGION-4X4-9 HORAS | I186: 288714 | N186: =+CONCATENATE(G186,F186) -> 46.BOGOTA-REGION-4X4
H187: 47. 6 OPERARIO-06 HORAS | I187: =41562*6 -> 249372 | J187: H | N187: =+CONCATENATE(G187,F187)
H188: 48. 8 OPERARIO-06 HORAS | I188: =41562*8 -> 332496 | J188: H
H189: 49. 10 OPERARIO-06 HORAS | I189: =41562*8 -> 332496 | J189: H
H190: 50. 6 OPERARIO-08 HORAS | I190: =53577*10 -> 535770 | J190: H
H191: 51. 8 OPERARIO-08 HORAS | I191: =53577*8 -> 428616 | J191: H
H192: 52. 10 OPERARIO-08 HORAS | I192: =53577*10 -> 535770 | J192: H

Sheet INFORME FINAL JUNIO
B1: LOGISTICA Y REDES DE DISTRIBUCION S.A.S- IDRD 2022 ZONA NORTE-CENTRO-SUR
B2: CONTRATO 1916 DE 2022 - CORTE DEL 1 JUNIO DE 2023 AL 30 DE JUNIO DE 2023
B3: FECHA | C3: CAMIONES | D3: OPERARIOS | E3: OPERARIOS ADICIONALES | F3: JORNADA | G3: DESCRIPCION DEL DESCUENTO | H3: VALOR TOTAL CAMIONES | I3: VALOR OPERARIOS ADICIONALES | J3: VALOR DESCUENTOS | K3: RECREOVÍA | L3: .
B5: ZONA NORTE- CENTRO - SUR | K5: MES MARZO RECREOVIA: OPERARIOS 6 HORAS 188 - OPERARIOS 8 HORAS 244 - CAMIONES CON 4 OPERARIOS 9 HORAS 0 - CAMIONES 3 OPERARIOS 15 HORAS 10 - CAMIONES CON 0 OPERARIOS 15 HORAS 2 CAMIONES 4 OPERARIOS 15 HORAS 4
B6: 45081 | C6: ='04 JUNIO '!C68 -> 25 | D6: ='04 JUNIO '!B68 -> 81 | F6: DOMINGO - CICLOVIA RUTA | H6: ='04 JUNIO '!G68 -> 12603035
B7: 45081 | C7: ='04 JUNIO '!U29 -> 4 | D7: ='04 JUNIO '!T29 -> 15 | F7: DOMINGO - CAMIONES DE CONOS | H7: ='04 JUNIO '!Y29 -> 3383629
B8: 45081 | C8: ='04 JUNIO '!L26 -> 5 | D8: ='04 JUNIO '!K26 -> 12 | F8: DOMINGO- ESCUELA DE LA BICICLETA | H8: ='04 JUNIO '!P26 -> 2020911
K9: 28009396
L10: CICLOVÍA | M10: CICLOVÍA + RECREOVÍA
L11: =SUM(H6:I11) -> 18007575 | M11: =L11+K9+L19+L28+L55+L37+L46+L64 -> 130159343
B12: TOTAL | C12: =SUM(C6:C8) -> 34 | D12: =SUM(D6:D8) -> 108 | E12: =SUM(E6:E11) -> 0 | H12: =SUM(H6:H11) -> 18007575 | I12: =SUM(I11) -> 0 | J12: 0
J13: ,
B14: ZONA NORTE- CENTRO - SUR
B15: 45088 | C15: ='11 JUNIO'!C68 -> 25 | D15: ='11 JUNIO'!B68 -> 83 | F15: DOMINGO - CICLOVIA RUTA | H15: ='11 JUNIO'!G68 -> 12725754
B16: 45088 | C16: ='11 JUNIO'!U29 -> 4 | D16: ='11 JUNIO'!T29 -> 16 | F16: DOMINGO - CAMIONES DE CONOS | H16: ='11 JUNIO'!Y29 -> 3451723
B17: 45088 | C17: ='11 JUNIO'!L26 -> 5 | D17: ='11 JUNIO'!K26 -> 14 | F17: DOMINGO- ESCUELA DE LA BICICLETA | H17: ='11 JUNIO'!P26 -> 2031991
L18: CICLOVÍA | M18: CICLOVÍA + RECREOVÍA
L19: =SUM(H15:I20) -> 18209468
B21: TOTAL | C21: =SUM(C15:C20) -> 34 | D21: =SUM(D15:D20) -> 113 | E21: =SUM(E15:E20) -> 0 | H21: =SUM(H15:H20) -> 18209468 | J21: 0
B23: ZONA NORTE- CENTRO - SUR
B24: 45089 | C24: ='12 JUNIO'!C68 -> 20 | D24: ='12 JUNIO'!B68 -> 66 | F24: DOMINGO - CICLOVIA RUTA | H24: ='12 JUNIO'!G68 -> 10373043
B25: 45089 | C25: ='12 JUNIO'!U26 -> 4 | D25: ='12 JUNIO'!T26 -> 18 | F25: DOMINGO - CAMIONES DE CONOS | H25: ='12 JUNIO'!Y26 -> 3558877
B26: 45089 | C26: ='12 JUNIO'!L26 -> 4 | D26: ='12 JUNIO'!K26 -> 11 | F26: DOMINGO- ESCUELA DE LA BICICLETA | H26: ='12 JUNIO'!P26 -> 1699240
L27: CICLOVÍA | M27: CICLOVÍA + RECREOVÍA
L28: =SUM(H24:I29) -> 15631160
B30: TOTAL | C30: =SUM(C24:C29) -> 28 | D30: =SUM(D24:D29) -> 95 | E30: =SUM(E24:E29) -> 0 | H30: =SUM(H24:H29) -> 15631160 | I30: =SUM(I24:I29) -> 0 | J30: 0
B32: ZONA NORTE- CENTRO - SUR
B33: 45095 | C33: ='18 JUNIO'!C68 -> 25 | D33: ='18 JUNIO'!B68 -> 81 | F33: DOMINGO - CICLOVIA RUTA | H33: ='18 JUNIO'!G68 -> 12589658
B34: 45095 | C34: ='18 JUNIO'!U29 -> 4 | D34: ='18 JUNIO'!T29 -> 15 | F34: DOMINGO - CAMIONES DE CONOS | H34: ='18 JUNIO'!Y29 -> 3024912
B35: 45095 | C35: ='18 JUNIO'!L26 -> 4 | D35: ='18 JUNIO'!K26 -> 11 | F35: DOMINGO- ESCUELA DE LA BICICLETA | H35: ='18 JUNIO'!P26 -> 1627647
L36: CICLOVÍA | M36: CICLOVÍA + RECREOVÍA
L37: =SUM(H33:I38) -> 17242217
B39: TOTAL | C39: =SUM(C33:C38) -> 33 | D39: =SUM(D33:D38) -> 107 | E39: =SUM(E33:E38) -> 0 | H39: =SUM(H33:H38) -> 17242217 | I39: =SUM(I33:I38) -> 0 | J39: 0
B41: ZONA NORTE- CENTRO - SUR
B42: 45096 | C42: ='19 JUNIO'!C68 -> 20 | D42: ='19 JUNIO'!B68 -> 65 | F42: DOMINGO - CICLOVIA RUTA | H42: ='19 JUNIO'!G68 -> 10306765
B43: 45096 | C43: ='19 JUNIO'!U26 -> 4 | D43: ='19 JUNIO'!T26 -> 16 | F43: DOMINGO - CAMIONES DE CONOS | H43: ='19 JUNIO'!Y26 -> 3451723
B44: 45096 | C44: ='19 JUNIO'!L26 -> 4 | D44: ='19 JUNIO'!K26 -> 11 | F44: DOMINGO- ESCUELA DE LA BICICLETA | H44: ='19 JUNIO'!P26 -> 1767288
L45: CICLOVÍA | M45: CICLOVÍA + RECREOVÍA
L46: =SUM(H42:I47) -> 15525776
B48: TOTAL | C48: =SUM(C42:C47) -> 28 | D48: =SUM(D42:D47) -> 92 | E48: =SUM(E42:E47) -> 0 | H48: =SUM(H42:H47) -> 15525776 | I48: =SUM(I42:I47) -> 0 | J48: 0
B50: ZONA NORTE- CENTRO - SUR
B51: 45102 | C51: ='25 JUNIO'!C68 -> 24 | D51: ='25 JUNIO'!B68 -> 74 | F51: DOMINGO - CICLOVIA RUTA | H51: ='25 JUNIO'!G68 -> 11889290
B52: 45102 | C52: ='25 JUNIO'!U29 -> 4 | D52: ='25 JUNIO'!T29 -> 17 | F52: DOMINGO - CAMIONES DE CONOS | H52: ='25 JUNIO'!Y29 -> 4073754
B53: 45102 | C53: ='25 JUNIO'!L26 -> 5 | D53: ='25 JUNIO'!K26 -> 13 | F53: DOMINGO- ESCUELA DE LA BICICLETA | H53: ='25 JUNIO'!P26 -> 1570707
L54: CICLOVÍA | M54: CICLOVÍA + RECREOVÍA
L55: =SUM(H51:I56) -> 17533751
B57: TOTAL | C57: =SUM(C51:C56) -> 33 | D57: =SUM(D51:D56) -> 104 | E57: =SUM(E51:E56) -> 0 | H57: =SUM(H51:H56) -> 17533751 | I57: =SUM(I51:I56) -> 0 | J57: 0
B59: ZONA NORTE- CENTRO - SUR
L63: CICLOVÍA | M63: CICLOVÍA + RECREOVÍA
L64: =SUM(H60:I65) -> 0
B66: TOTAL | C66: =SUM(C60:C65) -> 0 | D66: =SUM(D60:D65) -> 0 | E66: =SUM(E60:E65) -> 0 | H66: =SUM(H60:H65) -> 0 | I66: =SUM(I60:I65) -> 0 | J66: 0
B68: ZONA NORTE- CENTRO - SUR
L72: CICLOVÍA | M72: CICLOVÍA + RECREOVÍA
L73: =SUM(H69:I74) -> 0
B75: TOTAL | C75: =SUM(C69:C74) -> 0 | D75: =SUM(D69:D74) -> 0 | E75: =SUM(E69:E74) -> 0 | H75: =SUM(H69:H74) -> 0 | I75: =SUM(I69:I74) -> 0 | J75: 0
H77: VALOR | I77: VALOR OPERARIOS ADICIONALES | J77: VALOR DESCUENTOS
B78: TOTAL | C78: =C21+C12+C30+C57+C48+C39 -> 190 | D78: =D21+D12+D30+D57+D48+D66+D39 -> 619 | E78: =E21+E12+E30+E57+E66+E48+E39 -> 0 | F78: TOTAL | H78: =SUM(H12,H21,H30,H39,H48,H57,H66,H75) -> 102149947 | I78: =I12+I21+I30+I57+I66+I48+I39 -> 0 | J78: =J12+J21+J30+J57+J66 -> 0 | L78: TOTAL ZONA NORTE | M78: TOTAL ZONA CENTRO | N78: TOTAL ZONA SUR | O78: VALOR TOTAL
F79: TOTAL CICLOVIA | G79: =H78+I78 -> 102149947 | L79: =SUM('04 JUNIO '!M71,'11 JUNIO'!M71,'12 JUNIO'!M71,'18 JUNIO'!M71,'19 JUNIO'!M71,'25 JUNIO'!M71) -> 29709706 | M79: =SUM('04 JUNIO '!N71,'11 JUNIO'!N71,'12 JUNIO'!N71,'18 JUNIO'!N71,'19 JUNIO'!N71,'25 JUNIO'!N71) -> 47575575 | N79: =SUM('04 JUNIO '!O71,'11 JUNIO'!O71,'12 JUNIO'!O71,'18 JUNIO'!O71,'19 JUNIO'!O71,'25 JUNIO'!O71) -> 24864666 | O79: =L79+M79+N79 -> 102149947
F80: TOTAL RECREOVÍA | G80: =K9 -> 28009396
B81: SERVICIOS ADICIONALES | L81: RECREOVÍA TOTAL
B82: FECHA (Ej. 19-Jul-09) | C82: HORA INICIO (Hora Militar) | D82: HORA FINAL (Hora Militar) | E82: EVENTO (Como aparece en el plan de acción) | F82: LUGAR Y DIRECCION | G82: PROYECTO DE INVERSIÓN (Como aparece en el plan de acción) | H82: PROGRAMA | I82: Disponibilidad | J82: Tipo de servicio | K82: valor | L82: =G80 -> 28009396
B83: 45078 | C83: 0.25 | D83: 0.58333333 | E83: TRASLADO MATERIAL | F83: PARQUE EL TUNAL - | G83: 7852 | H83: COMUNIDADES ACTIVIDAS Y SALUDABLES | I83: =+IF(J83=0,0,CONCATENATE(MID(J83,FIND("-",J83,1)+1,4),"ORAS")) -> 09 HORAS | J83: 22.CAMION TIPO25m³-09 HORAS-3 OP | K83: =+IF(J83=0,0,IF(J83="","",VLOOKUP(J83,[9]PLANTILLA!$H$139:$I$191,2,0))) -> 386383
B84: 45078 | C84: 0.33333333 | D84: 0.70833333 | E84: ALISTAMIENTO PLAZA DE ARTESANOS | F84: PLAZA DE ARTESANOS - | G84: 7852 | H84: COMUNIDADES ACTIVIDAS Y SALUDABLES | I84: =+IF(J84=0,0,CONCATENATE(MID(J84,FIND("-",J84,1)+1,4),"ORAS")) -> 08 HORAS | J84: 52. 10 OPERARIO-08 HORAS | K84: =+IF(J84=0,0,IF(J84="","",VLOOKUP(J84,[9]PLANTILLA!$H$139:$I$191,2,0))) -> 535770
B85: 45079 | C85: 0.33333333 | D85: 0.66666667 | E85: TRASLADO MATERIAL | F85: UDS - | G85: 7851 | H85: RECREACIÓN Y DEPORTE PARA LA FORMACIÓN CIUDADANA | I85: =+IF(J85=0,0,CONCATENATE(MID(J85,FIND("-",J85,1)+1,4),"ORAS")) -> 09 HORAS | J85: 10.CAMION TIPO40m³-09 HORAS-0 OP | K85: =+IF(J85=0,0,IF(J85="","",VLOOKUP(J85,[9]PLANTILLA!$H$139:$I$191,2,0))) -> 280919
B86: 45079 | C86: 0.33333333 | D86: 0.66666667 | E86: TRASLADO MATERIAL | F86: UDS - | G86: 7851 | H86: RECREACIÓN Y DEPORTE PARA LA FORMACIÓN CIUDADANA | I86: =+IF(J86=0,0,CONCATENATE(MID(J86,FIND("-",J86,1)+1,4),"ORAS")) -> 08 HORAS | J86: 50. 6 OPERARIO-08 HORAS | K86: =+IF(J86=0,0,IF(J86="","",VLOOKUP(J86,[9]PLANTILLA!$H$139:$I$191,2,0))) -> 321462
B87: 45080 | C87: 0.33333333 | D87: 0.66666667 | E87: TRASLADO MATERIAL | F87: CEF SAN CRISTOBAL - | G87: 7850 | H87: IMPLEMENTACIÓN DEPORTIVA | I87: =+IF(J87=0,0,CONCATENATE(MID(J87,FIND("-",J87,1)+1,4),"ORAS")) -> 09 HORAS | J87: 6.CAMION TIPO40m³-09 HORAS-4 OP | K87: =+IF(J87=0,0,IF(J87="","",VLOOKUP(J87,[9]PLANTILLA!$H$139:$I$191,2,0))) -> 509192
B88: 45079 | C88: 0.40625 | D88: 0.6875 | E88: TRASLADO DE MATERIAL ESTRATEGIA BGTA | F88: UDS - | G88: 7852 | H88: COMUNIDADES ACTIVIDAS Y SALUDABLES | I88: =+IF(J88=0,0,CONCATENATE(MID(J88,FIND("-",J88,1)+1,4),"ORAS")) -> 09 HORAS | J88: 24.CAMION TIPO25m³-09 HORAS-1 OP | K88: =+IF(J88=0,0,IF(J88="","",VLOOKUP(J88,[9]PLANTILLA!$H$139:$I$191,2,0))) -> 290841
B89: 45084 | C89: 0.33333333 | D89: 0.66666667 | E89: TRASLADO MATERIAL | F89: CEF SAN CRISTOBAL - | G89: 7851 | H89: RECREACIÓN Y DEPORTE PARA LA FORMACIÓN CIUDADANA | I89: =+IF(J89=0,0,CONCATENATE(MID(J89,FIND("-",J89,1)+1,4),"ORAS")) -> 09 HORAS | J89: 10.CAMION TIPO40m³-09 HORAS-0 OP | K89: =+IF(J89=0,0,IF(J89="","",VLOOKUP(J89,[9]PLANTILLA!$H$139:$I$191,2,0))) -> 280919
B90: 45084 | C90: 0.33333333 | D90: 0.66666667 | E90: TRASLADO MATERIAL | F90: CEF SAN CRISTOBAL - | G90: 7851 | H90: RECREACIÓN Y DEPORTE PARA LA FORMACIÓN CIUDADANA | I90: =+IF(J90=0,0,CONCATENATE(MID(J90,FIND("-",J90,1)+1,4),"ORAS")) -> 08 HORAS | J90: 50. 6 OPERARIO-08 HORAS | K90: =+IF(J90=0,0,IF(J90="","",VLOOKUP(J90,[9]PLANTILLA!$H$139:$I$191,2,0))) -> 321462
B91: 45085 | C91: 0.33333333 | D91: 0.66666667 | E91: TRASLADO MATERIAL | F91: UDS - | G91: 7851 | H91: RECREACIÓN Y DEPORTE PARA LA FORMACIÓN CIUDADANA | I91: =+IF(J91=0,0,CONCATENATE(MID(J91,FIND("-",J91,1)+1,4),"ORAS")) -> 09 HORAS | J91: 10.CAMION TIPO40m³-09 HORAS-0 OP | K91: =+IF(J91=0,0,IF(J91="","",VLOOKUP(J91,[9]PLANTILLA!$H$139:$I$191,2,0))) -> 280919
B92: 45085 | C92: 0.33333333 | D92: 0.66666667 | E92: TRASLADO MATERIAL | F92: UDS - | G92: 7851 | H92: RECREACIÓN Y DEPORTE PARA LA FORMACIÓN CIUDADANA | I92: =+IF(J92=0,0,CONCATENATE(MID(J92,FIND("-",J92,1)+1,4),"ORAS")) -> 08 HORAS | J92: 50. 6 OPERARIO-08 HORAS | K92: =+IF(J92=0,0,IF(J92="","",VLOOKUP(J92,[9]PLANTILLA!$H$139:$I$191,2,0))) -> 321462
B93: 45086 | C93: 0.33333333 | D93: 0.66666667 | E93: TRASLADO MATERIAL | F93: UDS - | G93: 7851 | H93: RECREACIÓN Y DEPORTE PARA LA FORMACIÓN CIUDADANA | I93: =+IF(J93=0,0,CONCATENATE(MID(J93,FIND("-",J93,1)+1,4),"ORAS")) -> 09 HORAS | J93: 10.CAMION TIPO40m³-09 HORAS-0 OP | K93: =+IF(J93=0,0,IF(J93="","",VLOOKUP(J93,[9]PLANTILLA!$H$139:$I$191,2,0))) -> 280919
B94: 45086 | C94: 0.33333333 | D94: 0.66666667 | E94: TRASLADO MATERIAL | F94: UDS - JEISON | G94: 7851 | H94: RECREACIÓN Y DEPORTE PARA LA FORMACIÓN CIUDADANA | I94: =+IF(J94=0,0,CONCATENATE(MID(J94,FIND("-",J94,1)+1,4),"ORAS")) -> 08 HORAS | J94: 50. 6 OPERARIO-08 HORAS | K94: =+IF(J94=0,0,IF(J94="","",VLOOKUP(J94,[9]PLANTILLA!$H$139:$I$191,2,0))) -> 321462
... B100: 45079 | C100: 0.29166667 | D100: 0.625 | E100: TRASLADO MATERIAL | F100: TERCER MILENIO - | G100: 7851 | H100: RECREACIÓN Y DEPORTE PARA LA FORMACIÓN CIUDADANA | I100: =+IF(J100=0,0,CONCATENATE(MID(J100,FIND("-",J100,1)+1,4),"ORAS")) -> 09 HORAS | J100: 24.CAMION TIPO25m³-09 HORAS-1 OP | K100: =+IF(J100=0,0,IF(J100="","",VLOOKUP(J100,[9]PLANTILLA!$H$139:$I$191,2,0))) -> 290841
B101: 45082 | C101: 0.29166667 | D101: 0.625 | E101: TRASLADO MATERIAL | F101: TERCER MILENIO - | G101: 7851 | H101: RECREACIÓN Y DEPORTE PARA LA FORMACIÓN CIUDADANA | I101: =+IF(J101=0,0,CONCATENATE(MID(J101,FIND("-",J101,1)+1,4),"ORAS")) -> 09 HORAS | J101: 24.CAMION TIPO25m³-09 HORAS-1 OP | K101: =+IF(J101=0,0,IF(J101="","",VLOOKUP(J101,[9]PLANTILLA!$H$139:$I$191,2,0))) -> 290841 | DG101: X | DM101: 1 | DN101: X
B102: 45080 | C102: 0.25 | D102: 0.70833333 | E102: TRASLADO MATERIAL | F102: CORSS - | G102: 7851 | H102: RECREACIÓN Y DEPORTE PARA LA FORMACIÓN CIUDADANA | I102: =+IF(J102=0,0,CONCATENATE(MID(J102,FIND("-",J102,1)+1,4),"ORAS")) -> 09 HORAS | J102: 22.CAMION TIPO25m³-09 HORAS-3 OP | K102: =+IF(J102=0,0,IF(J102="","",VLOOKUP(J102,[9]PLANTILLA!$H$139:$I$191,2,0))) -> 386383 | DG102: X | DM102: 1 | DN102: X
B103: 45085 | C103: 0.41666667 | D103: 0.58333333 | E103: TRASLADO MATERIAL | F103: IDRD - | G103: 7851 | H103: RECREACIÓN Y DEPORTE PARA LA FORMACIÓN CIUDADANA | I103: =+IF(J103=0,0,CONCATENATE(MID(J103,FIND("-",J103,1)+1,4),"ORAS")) -> 04 HORAS | J103: 13.CAMION TIPO40m³-04 HORAS-2 OP | K103: =+IF(J103=0,0,IF(J103="","",VLOOKUP(J103,[9]PLANTILLA!$H$139:$I$191,2,0))) -> 323463 | DG103: X | DM103: 1 | DN103: X
B104: 45090 | C104: 0.41666667 | D104: 0.58333333 | E104: TRASLADO MATERIAL | F104: IDRD - | G104: 7851 | H104: RECREACIÓN Y DEPORTE PARA LA FORMACIÓN CIUDADANA | I104: =+IF(J104=0,0,CONCATENATE(MID(J104,FIND("-",J104,1)+1,4),"ORAS")) -> 04 HORAS | J104: 13.CAMION TIPO40m³-04 HORAS-2 OP | K104: =+IF(J104=0,0,IF(J104="","",VLOOKUP(J104,[9]PLANTILLA!$H$139:$I$191,2,0))) -> 323463 | DG104: X | DM104: 1 | DN104: X
B105: 45097 | C105: 0.33333333 | D105: 0.66666667 | E105: TRASLADO MATERIAL | F105: IDRD - | G105: 7851 | H105: RECREACIÓN Y DEPORTE PARA LA FORMACIÓN CIUDADANA | I105: =+IF(J105=0,0,CONCATENATE(MID(J105,FIND("-",J105,1)+1,4),"ORAS")) -> 09 HORAS | J105: 10.CAMION TIPO40m³-09 HORAS-0 OP | K105: =+IF(J105=0,0,IF(J105="","",VLOOKUP(J105,[9]PLANTILLA!$H$139:$I$191,2,0))) -> 280919 | DG105: X | DM105: 1 | DN105: X
B106: 45097 | C106: 0.33333333 | D106: 0.66666667 | E106: TRASLADO MATERIAL | F106: IDRD - | G106: 7851 | H106: RECREACIÓN Y DEPORTE PARA LA FORMACIÓN CIUDADANA | I106: =+IF(J106=0,0,CONCATENATE(MID(J106,FIND("-",J106,1)+1,4),"ORAS")) -> 08 HORAS | J106: 50. 6 OPERARIO-08 HORAS | K106: =+IF(J106=0,0,IF(J106="","",VLOOKUP(J106,[9]PLANTILLA!$H$139:$I$191,2,0))) -> 321462
B107: 45098 | C107: 0.33333333 | D107: 0.66666667 | E107: TRASLADO MATERIAL | F107: IDRD - | G107: 7851 | H107: RECREACIÓN Y DEPORTE PARA LA FORMACIÓN CIUDADANA | I107: =+IF(J107=0,0,CONCATENATE(MID(J107,FIND("-",J107,1)+1,4),"ORAS")) -> 09 HORAS | J107: 10.CAMION TIPO40m³-09 HORAS-0 OP | K107: =+IF(J107=0,0,IF(J107="","",VLOOKUP(J107,[9]PLANTILLA!$H$139:$I$191,2,0))) -> 280919
B108: 45098 | C108: 0.33333333 | D108: 0.66666667 | E108: TRASLADO MATERIAL | F108: IDRD - | G108: 7851 | H108: RECREACIÓN Y DEPORTE PARA LA FORMACIÓN CIUDADANA | I108: =+IF(J108=0,0,CONCATENATE(MID(J108,FIND("-",J108,1)+1,4),"ORAS")) -> 08 HORAS | J108: 50. 6 OPERARIO-08 HORAS | K108: =+IF(J108=0,0,IF(J108="","",VLOOKUP(J108,[9]PLANTILLA!$H$139:$I$191,2,0))) -> 321462
B109: 45091 | C109: 0.33333333 | D109: 0.45833333 | E109: TRASLADO MATERIAL | F109: SIMON BOLIVAR | G109: 7851 | H109: RECREACIÓN Y DEPORTE PARA LA FORMACIÓN CIUDADANA | I109: =+IF(J109=0,0,CONCATENATE(MID(J109,FIND("-",J109,1)+1,4),"ORAS")) -> 04 HORAS | J109: 29.CAMION TIPO25m³-04 HORAS-1 OP | K109: =+IF(J109=0,0,IF(J109="","",VLOOKUP(J109,[9]PLANTILLA!$H$139:$I$191,2,0))) -> 236854
B110: 45099 | C110: 0.33333333 | D110: 0.66666667 | E110: TRASLADO MATERIAL | F110: UDS - | G110: 7851 | H110: RECREACIÓN Y DEPORTE PARA LA FORMACIÓN CIUDADANA | I110: =+IF(J110=0,0,CONCATENATE(MID(J110,FIND("-",J110,1)+1,4),"ORAS")) -> 09 HORAS | J110: 10.CAMION TIPO40m³-09 HORAS-0 OP | K110: =+IF(J110=0,0,IF(J110="","",VLOOKUP(J110,[9]PLANTILLA!$H$139:$I$191,2,0))) -> 280919
B111: 45099 | C111: 0.33333333 | D111: 0.66666667 | E111: TRASLADO MATERIAL | F111: UDS - | G111: 7851 | H111: RECREACIÓN Y DEPORTE PARA LA FORMACIÓN CIUDADANA | I111: =+IF(J111=0,0,CONCATENATE(MID(J111,FIND("-",J111,1)+1,4),"ORAS")) -> 08 HORAS | J111: 50. 6 OPERARIO-08 HORAS | K111: =+IF(J111=0,0,IF(J111="","",VLOOKUP(J111,[9]PLANTILLA!$H$139:$I$191,2,0))) -> 321462
B112: 45100 | C112: 0.33333333 | D112: 0.66666667 | E112: TRASLADO MATERIAL | F112: UDS - | G112: 7851 | H112: RECREACIÓN Y DEPORTE PARA LA FORMACIÓN CIUDADANA | I112: =+IF(J112=0,0,CONCATENATE(MID(J112,FIND("-",J112,1)+1,4),"ORAS")) -> 09 HORAS | J112: 10.CAMION TIPO40m³-09 HORAS-0 OP | K112: =+IF(J112=0,0,IF(J112="","",VLOOKUP(J112,[9]PLANTILLA!$H$139:$I$191,2,0))) -> 280919
B113: 45100 | C113: 0.33333333 | D113: 0.66666667 | E113: TRASLADO MATERIAL | F113: UDS - | G113: 7851 | H113: RECREACIÓN Y DEPORTE PARA LA FORMACIÓN CIUDADANA | I113: =+IF(J113=0,0,CONCATENATE(MID(J113,FIND("-",J113,1)+1,4),"ORAS")) -> 08 HORAS | J113: 50. 6 OPERARIO-08 HORAS | K113: =+IF(J113=0,0,IF(J113="","",VLOOKUP(J113,[9]PLANTILLA!$H$139:$I$191,2,0))) -> 321462
B114: 45099 | C114: 0.375 | D114: 0.625 | E114: TRASLADO MATERIAL | F114: IDRD - | G114: 7851 | H114: RECREACIÓN Y DEPORTE PARA LA FORMACIÓN CIUDADANA | I114: =+IF(J114=0,0,CONCATENATE(MID(J114,FIND("-",J114,1)+1,4),"ORAS")) -> 09 HORAS | J114: 24.CAMION TIPO25m³-09 HORAS-1 OP | K114: =+IF(J114=0,0,IF(J114="","",VLOOKUP(J114,[9]PLANTILLA!$H$139:$I$191,2,0))) -> 290841
B115: 45100 | C115: 0.33333333 | D115: 0.66666667 | E115: TRASLADO MATERIAL | F115: IDRD | G115: 7852 | H115: COMUNIDADES ACTIVIDAS Y SALUDABLES | I115: =+IF(J115=0,0,CONCATENATE(MID(J115,FIND("-",J115,1)+1,4),"ORAS")) -> 09 HORAS | J115: 23.CAMION TIPO25m³-09 HORAS-2 OP | K115: =+IF(J115=0,0,IF(J115="","",VLOOKUP(J115,[9]PLANTILLA!$H$139:$I$191,2,0))) -> 345928
B116: 45106 | C116: 0.33333333 | D116: 0.66666667 | E116: TRASLADO MATERIAL | F116: CEF TUNAL | G116: 7852 | H116: COMUNIDADES ACTIVIDAS Y SALUDABLES | I116: =+IF(J116=0,0,CONCATENATE(MID(J116,FIND("-",J116,1)+1,4),"ORAS")) -> 09 HORAS | J116: 24.CAMION TIPO25m³-09 HORAS-1 OP | K116: =+IF(J116=0,0,IF(J116="","",VLOOKUP(J116,[9]PLANTILLA!$H$139:$I$191,2,0))) -> 290841
B117: 45104 | C117: 0.33333333 | D117: 0.66666667 | E117: TRASLADO MATERIAL | F117: CEF SAN CRISTOBAL - | G117: 7850 | H117: COMUNIDADES ACTIVIDAS Y SALUDABLES | I117: =+IF(J117=0,0,CONCATENATE(MID(J117,FIND("-",J117,1)+1,4),"ORAS")) -> 09 HORAS | J117: 25.CAMION TIPO25m³-09 HORAS-0 OP | K117: =+IF(J117=0,0,IF(J117="","",VLOOKUP(J117,[9]PLANTILLA!$H$139:$I$191,2,0))) -> 225849
... B151: 45106 | C151: 0.23958333 | D151: 0.77083333 | E151: TRASLADO DE MATERIAL | F151: CAYETANO CANIZALES - PALACIO DE LOS DEPORTES | G151: 7852 | H151: COMUNIDADES ACTIVIDAS Y SALUDABLES | I151: =+IF(J151=0,0,CONCATENATE(MID(J151,FIND("-",J151,1)+1,4),"ORAS")) -> 09 HORAS | J151: 22.CAMION TIPO25m³-09 HORAS-3 OP | K151: =+IF(J151=0,0,IF(J151="","",VLOOKUP(J151,[9]PLANTILLA!$H$139:$I$191,2,0))) -> 386383
I152: =+IF(J152=0,0,CONCATENATE(MID(J152,FIND("-",J152,1)+1,4),"ORAS")) -> 0 | J152: 0 | K152: =+IF(J152=0,0,IF(J152="","",VLOOKUP(J152,[9]PLANTILLA!$H$139:$I$191,2,0))) -> 0
I153: =+IF(J153=0,0,CONCATENATE(MID(J153,FIND("-",J153,1)+1,4),"ORAS")) -> 0 | J153: 0 | K153: =+IF(J153=0,0,IF(J153="","",VLOOKUP(J153,[9]PLANTILLA!$H$139:$I$191,2,0))) -> 0
I154: =+IF(J154=0,0,CONCATENATE(MID(J154,FIND("-",J154,1)+1,4),"ORAS")) -> 0 | J154: 0 | K154: =+IF(J154=0,0,IF(J154="","",VLOOKUP(J154,[9]PLANTILLA!$H$139:$I$191,2,0))) -> 0
I155: =+IF(J155=0,0,CONCATENATE(MID(J155,FIND("-",J155,1)+1,4),"ORAS")) -> 0 | J155: 0 | K155: =+IF(J155=0,0,IF(J155="","",VLOOKUP(J155,[9]PLANTILLA!$H$139:$I$191,2,0))) -> 0
I156: =+IF(J156=0,0,CONCATENATE(MID(J156,FIND("-",J156,1)+1,4),"ORAS")) -> 0 | J156: 0 | K156: =+IF(J156=0,0,IF(J156="","",VLOOKUP(J156,[9]PLANTILLA!$H$139:$I$191,2,0))) -> 0
I157: =+IF(J157=0,0,CONCATENATE(MID(J157,FIND("-",J157,1)+1,4),"ORAS")) -> 0 | J157: 0 | K157: =+IF(J157=0,0,IF(J157="","",VLOOKUP(J157,[9]PLANTILLA!$H$139:$I$191,2,0))) -> 0
I158: =+IF(J158=0,0,CONCATENATE(MID(J158,FIND("-",J158,1)+1,4),"ORAS")) -> 0 | J158: 0 | K158: =+IF(J158=0,0,IF(J158="","",VLOOKUP(J158,[9]PLANTILLA!$H$139:$I$191,2,0))) -> 0
I159: =+IF(J159=0,0,CONCATENATE(MID(J159,FIND("-",J159,1)+1,4),"ORAS")) -> 0 | J159: 0 | K159: =+IF(J159=0,0,IF(J159="","",VLOOKUP(J159,[9]PLANTILLA!$H$139:$I$191,2,0))) -> 0
...

Sheet SALDOS POR PROYECTO
A1: SEGUIMIENTO CONTRATO 1916 / 2022
A2: RP | B2: RUBRO | C2: VALOR RP | D2: SERVICIO AGOSOTO | E2: SALDO | G2: ADICIONAL MAURO
A3: 6539 | B3: 7850 | C3: 50000000 | D3: ='[10]INFORME FINAL AGOSTO'!K86+'[10]INFORME FINAL AGOSTO'!K87+'[10]INFORME FINAL AGOSTO'!K107+'[10]INFORME FINAL AGOSTO'!K108+'[10]INFORME FINAL AGOSTO'!K109+'[10]INFORME FINAL AGOSTO'!K110 -> 2559462 | E3: =C3-D3 -> 47440538
A4: 6540 | B4: 7851 | C4: 60000000 | D4: ='[10]INFORME FINAL AGOSTO'!K85+'[10]INFORME FINAL AGOSTO'!K91+'[10]INFORME FINAL AGOSTO'!K92+'[10]INFORME FINAL AGOSTO'!K93+'[10]INFORME FINAL AGOSTO'!K94+'[10]INFORME FINAL AGOSTO'!K95+'[10]INFORME FINAL AGOSTO'!K96+'[10]INFORME FINAL AGOSTO'!K97+'[10]INFORME FINAL AGOSTO'!K98+'[10]INFORME FINAL AGOSTO'!K99+'[10]INFORME FINAL AGOSTO'!K100+'[10]INFORME FINAL AGOSTO'!K101+'[10]INFORME FINAL AGOSTO'!K102+'[10]INFORME FINAL AGOSTO'!K103+'[10]INFORME FINAL AGOSTO'!K104+'[10]INFORME FINAL AGOSTO'!K106 -> 4468803 | E4: =C4-D4 -> 55531197
A5: 6538 | B5: 7852 | C5: 1271023000 | D5: ='[10]INFORME FINAL AGOSTO'!M11+'[10]INFORME FINAL AGOSTO'!K74+'[10]INFORME FINAL AGOSTO'!K75+'[10]INFORME FINAL AGOSTO'!K76+'[10]INFORME FINAL AGOSTO'!K77+'[10]INFORME FINAL AGOSTO'!K78+'[10]INFORME FINAL AGOSTO'!K79+'[10]INFORME FINAL AGOSTO'!K80+'[10]INFORME FINAL AGOSTO'!K81+'[10]INFORME FINAL AGOSTO'!K82+'[10]INFORME FINAL AGOSTO'!K83+'[10]INFORME FINAL AGOSTO'!K84+'[10]INFORME FINAL AGOSTO'!K88+'[10]INFORME FINAL AGOSTO'!K89+'[10]INFORME FINAL AGOSTO'!K90 -> 112482201 | E5: =C5-D5 -> 1158540799
A6: 6542 | B6: 7854 | C6: 10300000 | D6: 0 | E6: =C6-D6 -> 10300000
A7: 6541 | B7: SAF- 5119 | C7: 7000000 | D7: ='[10]INFORME FINAL AGOSTO'!K105+'[10]INFORME FINAL AGOSTO'!K111 -> 581682 | E7: =C7-D7 -> 6418318
A8: TOTAL CONTRATO | E8: =SUM(E3:E7) -> 1278230852
C9: =SUM(C3:C7) -> 1398323000 | D9: =SUM(D3:D7) -> 120092148
A10: SEGUIMIENTO CONTRATO 1916 / 2022 | I10: Saldo actual | J10: Proyección 7852 | K10: Cantidad de meses para cubrir | L10: Fecha para nuevo contrato
A11: RP | B11: RUBRO | C11: VALOR RP | D11: SERVICIO SEPTIEMBRE | E11: SALDO | I11: =E35 -> 873855857 | J11: =AVERAGE(D9,D18,D27,D36) -> 1.3111679e+08 | K11: =I11/J11 -> 6.6647138 | L11: 45047
A12: 6539 | B12: 7850 | C12: =E3 -> 47440538 | D12: 10993500 | E12: =C12-D12 -> 36447038
A13: 6540 | B13: 7851 | C13: =E4 -> 55531197 | D13: 1308114 | E13: =C13-D13 -> 54223083
A14: 6538 | B14: 7852 | C14: =E5 -> 1158540799 | D14: 102752853 | E14: =C14-D14 -> 1055787946
A15: 6542 | B15: 7854 | C15: =E6 -> 10300000 | D15: 1129245 | E15: =C15-D15 -> 9170755
A16: 6541 | B16: SAF- 5119 | C16: =E7 -> 6418318 | D16: 1402218 | E16: =C16-D16 -> 5016100
A17: TOTAL CONTRATO | E17: =SUM(E12:E16) -> 1160644922
C18: =SUM(C12:C16) -> 1278230852 | D18: =SUM(D12:D16) -> 117585930
A19: SEGUIMIENTO CONTRATO 1916 / 2022
A20: RP | B20: RUBRO | C20: VALOR RP | D20: SERVICIO OCTUBRE | E20: SALDO
A21: 6539 | B21: 7850 | C21: =E12 -> 36447038 | D21: 5750775 | E21: =C21-D21 -> 30696263 | G21: 40455
A22: 6540 | B22: 7851 | C22: =E13 -> 54223083 | D22: 1674612 | E22: =C22-D22 -> 52548471
A23: 6538 | B23: 7852 | C23: =E14 -> 1055787946 | D23: 131977619 | E23: =C23-D23 -> 923810327 | G23: 190278
A24: 6542 | B24: 7854 | C24: =E15 -> 9170755 | D24: 2610108 | E24: =C24-D24 -> 6560647
A25: 6541 | B25: SAF- 5119 | C25: =E16 -> 5016100 | D25: 290841 | E25: =C25-D25 -> 4725259
A26: TOTAL CONTRATO | E26: =SUM(E21:E25) -> 1018340967
C27: =SUM(C21:C25) -> 1160644922 | D27: =SUM(D21:D25) -> 142303955
A28: SEGUIMIENTO CONTRATO 1916 / 2022
A29: RP | B29: RUBRO | C29: VALOR RP | D29: SERVICIO NOVIMEBRE | E29: SALDO
A30: 6539 | B30: 7850 | C30: =E21 -> 30696263 | D30: ='[11]INFORME FINAL NOVIEMEBRE'!K75+'[11]INFORME FINAL NOVIEMEBRE'!K76+'[11]INFORME FINAL NOVIEMEBRE'!K77+'[11]INFORME FINAL NOVIEMEBRE'!K88+'[11]INFORME FINAL NOVIEMEBRE'!K89+'[11]INFORME FINAL NOVIEMEBRE'!K90+'[11]INFORME FINAL NOVIEMEBRE'!K91+'[11]INFORME FINAL NOVIEMEBRE'!K92+'[11]INFORME FINAL NOVIEMEBRE'!K93 -> 4507514 | E30: =C30-D30 -> 26188749 | G30: 4507514
A31: 6540 | B31: 7851 | C31: =E22 -> 52548471 | D31: ='[11]INFORME FINAL NOVIEMEBRE'!K74+'[11]INFORME FINAL NOVIEMEBRE'!K80+'[11]INFORME FINAL NOVIEMEBRE'!K83+'[11]INFORME FINAL NOVIEMEBRE'!K84+'[11]INFORME FINAL NOVIEMEBRE'!K95+'[11]INFORME FINAL NOVIEMEBRE'!K96+'[11]INFORME FINAL NOVIEMEBRE'!K97+'[11]INFORME FINAL NOVIEMEBRE'!K98+'[11]INFORME FINAL NOVIEMEBRE'!K103+'[11]INFORME FINAL NOVIEMEBRE'!K104+'[11]INFORME FINAL NOVIEMEBRE'!K134 -> 3317354 | E31: =C31-D31 -> 49231117 | G31: 3317354
A32: 6538 | B32: 7852 | C32: =E23 -> 923810327 | D32: ='[11]INFORME FINAL NOVIEMEBRE'!O70+'[11]INFORME FINAL NOVIEMEBRE'!L73+'[11]INFORME FINAL NOVIEMEBRE'!K78+'[11]INFORME FINAL NOVIEMEBRE'!K79+'[11]INFORME FINAL NOVIEMEBRE'!K100+'[11]INFORME FINAL NOVIEMEBRE'!K108+'[11]INFORME FINAL NOVIEMEBRE'!K109+'[11]INFORME FINAL NOVIEMEBRE'!K110+'[11]INFORME FINAL NOVIEMEBRE'!K111+'[11]INFORME FINAL NOVIEMEBRE'!K112+'[11]INFORME FINAL NOVIEMEBRE'!K113+'[11]INFORME FINAL NOVIEMEBRE'!K114+'[11]INFORME FINAL NOVIEMEBRE'!K115+'[11]INFORME FINAL NOVIEMEBRE'!K116+'[11]INFORME FINAL NOVIEMEBRE'!K117+'[11]INFORME FINAL NOVIEMEBRE'!K118+'[11]INFORME FINAL NOVIEMEBRE'!K119+'[11]INFORME FINAL NOVIEMEBRE'!K120+'[11]INFORME FINAL NOVIEMEBRE'!K121+'[11]INFORME FINAL NOVIEMEBRE'!K122+'[11]INFORME FINAL NOVIEMEBRE'!K123+'[11]INFORME FINAL NOVIEMEBRE'!K124+'[11]INFORME FINAL NOVIEMEBRE'!K125+'[11]INFORME FINAL NOVIEMEBRE'!K126+'[11]INFORME FINAL NOVIEMEBRE'!K127+'[11]INFORME FINAL NOVIEMEBRE'!K128+'[11]INFORME FINAL NOVIEMEBRE'!K129+'[11]INFORME FINAL NOVIEMEBRE'!K130+'[11]INFORME FINAL NOVIEMEBRE'!K131+'[11]INFORME FINAL NOVIEMEBRE'!K132+'[11]INFORME FINAL NOVIEMEBRE'!K133+'[11]INFORME FINAL NOVIEMEBRE'!K136 -> 133799308 | E32: =C32-D32 -> 790011019 | G32: 133799308
A33: 6542 | B33: 7854 | C33: =E24 -> 6560647 | D33: ='[11]INFORME FINAL NOVIEMEBRE'!K81+'[11]INFORME FINAL NOVIEMEBRE'!K82+'[11]INFORME FINAL NOVIEMEBRE'!K85+'[11]INFORME FINAL NOVIEMEBRE'!K86+'[11]INFORME FINAL NOVIEMEBRE'!K87+'[11]INFORME FINAL NOVIEMEBRE'!K99+'[11]INFORME FINAL NOVIEMEBRE'!K101+'[11]INFORME FINAL NOVIEMEBRE'!K102+'[11]INFORME FINAL NOVIEMEBRE'!K105+'[11]INFORME FINAL NOVIEMEBRE'!K106+'[11]INFORME FINAL NOVIEMEBRE'!K107 -> 2224165 | E33: =C33-D33 -> 4336482 | G33: 2224165
A34: 6541 | B34: SAF- 5119 | C34: =E25 -> 4725259 | D34: ='[11]INFORME FINAL NOVIEMEBRE'!K94+'[11]INFORME FINAL NOVIEMEBRE'!K135 -> 636769 | E34: =C34-D34 -> 4088490 | G34: 636769
A35: TOTAL CONTRATO | E35: =SUM(E30:E34) -> 873855857
C36: =SUM(C30:C34) -> 1018340967 | D36: =SUM(D30:D34) -> 144485110
A37: SEGUIMIENTO CONTRATO 1916 / 2022
A38: RP | B38: RUBRO | C38: VALOR RP | D38: SERVICIO DICIEMBRE | E38: SALDO
A39: 6539 | B39: 7850 | C39: =E30 -> 26188749 | D39: =SUM('[12]INFORME FINAL DICIEMBRE'!$K$77,'[12]INFORME FINAL DICIEMBRE'!$K$78,'[12]INFORME FINAL DICIEMBRE'!$K$81,'[12]INFORME FINAL DICIEMBRE'!$K$85,'[12]INFORME FINAL DICIEMBRE'!$K$86,'[12]INFORME FINAL DICIEMBRE'!$K$87,'[12]INFORME FINAL DICIEMBRE'!$K$88,'[12]INFORME FINAL DICIEMBRE'!$K$89,'[12]INFORME FINAL DICIEMBRE'!$K$90,'[12]INFORME FINAL DICIEMBRE'!$K$91,'[12]INFORME FINAL DICIEMBRE'!$K$92,'[12]INFORME FINAL DICIEMBRE'!$K$93,'[12]INFORME FINAL DICIEMBRE'!$K$94,'[12]INFORME FINAL DICIEMBRE'!$K$98,'[12]INFORME FINAL DICIEMBRE'!$K$99,'[12]INFORME FINAL DICIEMBRE'!$K$103,'[12]INFORME FINAL DICIEMBRE'!$K$106,'[12]INFORME FINAL DICIEMBRE'!$K$110,'[12]INFORME FINAL DICIEMBRE'!$K$112,'[12]INFORME FINAL DICIEMBRE'!$K$113) -> 8625016 | E39: =C39-D39 -> 17563733 | G39: 8625016
A40: 6540 | B40: 7851 | C40: =E31 -> 49231117 | D40: 4036889 | E40: =C40-D40 -> 45194228 | G40: 4036889
A41: 6538 | B41: 7852 | C41: =E32 -> 790011019 | D41: 120547069 | E41: =C41-D41 -> 669463950 | G41: 120547069
A42: 6542 | B42: 7854 | C42: =E33 -> 4336482 | D42: 1327507 | E42: =C42-D42 -> 3008975 | G42: 1327507
A43: 6541 | B43: SAF- 5119 | C43: =E34 -> 4088490 | D43: 0 | E43: =C43-D43 -> 4088490 | G43: 0
A44: TOTAL CONTRATO | E44: =SUM(E39:E43) -> 739319376
C45: =SUM(C39:C43) -> 873855857 | D45: =SUM(D39:D43) -> 134536481
A46: SEGUIMIENTO CONTRATO 1916 / 2022
A47: RP | B47: RUBRO | C47: VALOR RP | D47: SERVICIO ENERO - FEB 07 | E47: SALDO
A48: 6539 | B48: 7850 | C48: =E39 -> 17563733 | D48: 0 | E48: =C48-D48 -> 17563733
A49: 6540 | B49: 7851 | C49: =E40 -> 45194228 | D49: 6132711 | E49: =C49-D49 -> 39061517
A50: 6538 | B50: 7852 | C50: =E41 -> 669463950 | D50: 146637987 | E50: =C50-D50 -> 522825963
A51: 6542 | B51: 7854 | C51: =E42 -> 3008975 | D51: 1512734 | E51: =C51-D51 -> 1496241
A52: 6541 | B52: SAF- 5119 | C52: =E43 -> 4088490 | D52: 0 | E52: =C52-D52 -> 4088490
A53: TOTAL CONTRATO | E53: =SUM(E48:E52) -> 585035944
C54: =SUM(C48:C52) -> 739319376 | D54: =SUM(D48:D52) -> 154283432
A55: SEGUIMIENTO CONTRATO 1916 / 2022
A56: RP | B56: RUBRO | C56: VALOR RP | D56: SERVICIO - FEB 08 - FEB 28 | E56: SALDO
A57: 6539 | B57: 7850 | C57: =E48 -> 17563733 | D57: 608893 | E57: =C57-D57 -> 16954840
A58: 6540 | B58: 7851 | C58: =E49 -> 39061517 | D58: 2236066 | E58: =C58-D58 -> 36825451
A59: 6538 | B59: 7852 | C59: =E50 -> 522825963 | D59: 69663725 | E59: =C59-D59 -> 453162238
A60: 6542 | B60: 7854 | C60: =E51 -> 1496241 | D60: 0 | E60: =C60-D60 -> 1496241
A61: 6541 | B61: SAF- 5119 | C61: =E52 -> 4088490 | D61: 0 | E61: =C61-D61 -> 4088490
A62: TOTAL CONTRATO | E62: =SUM(E57:E61) -> 512527260
C63: =SUM(C57:C61) -> 585035944 | D63: =SUM(D57:D61) -> 72508684
A64: SEGUIMIENTO CONTRATO 1916 / 2022
A65: RP | B65: RUBRO | C65: VALOR RP | D65: SERVICIO - MARZO | E65: SALDO
A66: 6539 | B66: 7850 | C66: =E57 -> 16954840 | D66: 9680560 | E66: =C66-D66 -> 7274280 | G66: =SUM('[9]INFORME FINAL MARZ'!K112,'[9]INFORME FINAL MARZ'!K113,'[9]INFORME FINAL MARZ'!K114,'[9]INFORME FINAL MARZ'!K115,'[9]INFORME FINAL MARZ'!K116,'[9]INFORME FINAL MARZ'!K124,'[9]INFORME FINAL MARZ'!K125,'[9]INFORME FINAL MARZ'!K126,'[9]INFORME FINAL MARZ'!K127,'[9]INFORME FINAL MARZ'!K128,'[9]INFORME FINAL MARZ'!K129,'[9]INFORME FINAL MARZ'!K130,'[9]INFORME FINAL MARZ'!K131,'[9]INFORME FINAL MARZ'!K132,'[9]INFORME FINAL MARZ'!K133,'[9]INFORME FINAL MARZ'!K134,'[9]INFORME FINAL MARZ'!K135,'[9]INFORME FINAL MARZ'!K136,'[9]INFORME FINAL MARZ'!K137,'[9]INFORME FINAL MARZ'!K138,'[9]INFORME FINAL MARZ'!K139,'[9]INFORME FINAL MARZ'!K140,'[9]INFORME FINAL MARZ'!K141,'[9]INFORME FINAL MARZ'!K143,'[9]INFORME FINAL MARZ'!K144,'[9]INFORME FINAL MARZ'!K146,'[9]INFORME FINAL MARZ'!K147) -> 7108864
A67: 6540 | B67: 7851 | C67: =E58 -> 36825451 | D67: 6333198 | E67: =C67-D67 -> 30492253 | G67: =SUM('[9]INFORME FINAL MARZ'!K106,'[9]INFORME FINAL MARZ'!K107,'[9]INFORME FINAL MARZ'!K108,'[9]INFORME FINAL MARZ'!K109,'[9]INFORME FINAL MARZ'!K110,'[9]INFORME FINAL MARZ'!K111,'[9]INFORME FINAL MARZ'!K117,'[9]INFORME FINAL MARZ'!K120,'[9]INFORME FINAL MARZ'!K121,'[9]INFORME FINAL MARZ'!K142,'[9]INFORME FINAL MARZ'!K145,'[9]INFORME FINAL MARZ'!K148,'[9]INFORME FINAL MARZ'!K149,'[9]INFORME FINAL MARZ'!K150,'[9]INFORME FINAL MARZ'!K151) -> 4833042
A68: 6538 | B68: 7852 | C68: =E59 -> 453162238 | D68: 107459553 | E68: =C68-D68 -> 345702685 | G68: =SUM('[9]INFORME FINAL MARZ'!H78,'[9]INFORME FINAL MARZ'!L82,'[9]INFORME FINAL MARZ'!K83,'[9]INFORME FINAL MARZ'!K84,'[9]INFORME FINAL MARZ'!K85,'[9]INFORME FINAL MARZ'!K86,'[9]INFORME FINAL MARZ'!K87,'[9]INFORME FINAL MARZ'!K88,'[9]INFORME FINAL MARZ'!K89,'[9]INFORME FINAL MARZ'!K90,'[9]INFORME FINAL MARZ'!K91,'[9]INFORME FINAL MARZ'!K92,'[9]INFORME FINAL MARZ'!K93,'[9]INFORME FINAL MARZ'!K94,'[9]INFORME FINAL MARZ'!K95,'[9]INFORME FINAL MARZ'!K96,'[9]INFORME FINAL MARZ'!K97,'[9]INFORME FINAL MARZ'!K98,'[9]INFORME FINAL MARZ'!K99,'[9]INFORME FINAL MARZ'!K100,'[9]INFORME FINAL MARZ'!K101,'[9]INFORME FINAL MARZ'!K102,'[9]INFORME FINAL MARZ'!K103,'[9]INFORME FINAL MARZ'!K104,'[9]INFORME FINAL MARZ'!K105,'[9]INFORME FINAL MARZ'!K122,'[9]INFORME FINAL MARZ'!K123) -> 107459553
A69: 6542 | B69: 7854 | C69: =E60 -> 1496241 | D69: 296116 | E69: =C69-D69 -> 1200125 | G69: =SUM('[9]INFORME FINAL MARZ'!K118,'[9]INFORME FINAL MARZ'!K119) -> 296116
A70: 6541 | B70: SAF- 5119 | C70: =E61 -> 4088490 | D70: 0 | E70: =C70-D70 -> 4088490 | G70: 0
A71: TOTAL CONTRATO | E71: =SUM(E66:E70) -> 388757833
C72: =SUM(C66:C70) -> 512527260 | D72: =SUM(D66:D70) -> 123769427
A73: SEGUIMIENTO CONTRATO 1916 / 2022
A74: RP | B74: RUBRO | C74: VALOR RP | D74: SERVICIO - ABRIL | E74: SALDO
A75: 6539 | B75: 7850 | C75: =E66 -> 7274280 | D75: 6191878 | E75: =C75-D75 -> 1082402 | G75: =SUM('[13]INFORME FINAL ABRIL'!K83,'[13]INFORME FINAL ABRIL'!K84,'[13]INFORME FINAL ABRIL'!K104,'[13]INFORME FINAL ABRIL'!K105,'[13]INFORME FINAL ABRIL'!K111,'[13]INFORME FINAL ABRIL'!K112,'[13]INFORME FINAL ABRIL'!K113,'[13]INFORME FINAL ABRIL'!K114,'[13]INFORME FINAL ABRIL'!K115,'[13]INFORME FINAL ABRIL'!K116,'[13]INFORME FINAL ABRIL'!K123,'[13]INFORME FINAL ABRIL'!K124,'[13]INFORME FINAL ABRIL'!K125,'[13]INFORME FINAL ABRIL'!K126,'[13]INFORME FINAL ABRIL'!K127,'[13]INFORME FINAL ABRIL'!K128,'[13]INFORME FINAL ABRIL'!K134,'[13]INFORME FINAL ABRIL'!K136,'[13]INFORME FINAL ABRIL'!K141,'[13]INFORME FINAL ABRIL'!K142,'[13]INFORME FINAL ABRIL'!K143,'[13]INFORME FINAL ABRIL'!K144) -> 6191878
A76: 6540 | B76: 7851 | C76: =E67 -> 30492253 | D76: 3020130 | E76: =C76-D76 -> 27472123 | G76: =SUM('[13]INFORME FINAL ABRIL'!K110,'[13]INFORME FINAL ABRIL'!K117,'[13]INFORME FINAL ABRIL'!K122,'[13]INFORME FINAL ABRIL'!K133,'[13]INFORME FINAL ABRIL'!K137,'[13]INFORME FINAL ABRIL'!K138,'[13]INFORME FINAL ABRIL'!K145,'[13]INFORME FINAL ABRIL'!K146) -> 3020130
A77: 6538 | B77: 7852 | C77: =E68 -> 345702685 | D77: 127724796 | E77: =C77-D77 -> 217977889 | G77: =SUM('[13]INFORME FINAL ABRIL'!K9:K12,'[13]INFORME FINAL ABRIL'!O79,'[13]INFORME FINAL ABRIL'!K85,'[13]INFORME FINAL ABRIL'!K86,'[13]INFORME FINAL ABRIL'!K87,'[13]INFORME FINAL ABRIL'!K88,'[13]INFORME FINAL ABRIL'!K89,'[13]INFORME FINAL ABRIL'!K90,'[13]INFORME FINAL ABRIL'!K91,'[13]INFORME FINAL ABRIL'!K92,'[13]INFORME FINAL ABRIL'!K93,'[13]INFORME FINAL ABRIL'!K94,'[13]INFORME FINAL ABRIL'!K95,'[13]INFORME FINAL ABRIL'!K96,'[13]INFORME FINAL ABRIL'!K97,'[13]INFORME FINAL ABRIL'!K98,'[13]INFORME FINAL ABRIL'!K99,'[13]INFORME FINAL ABRIL'!K100,'[13]INFORME FINAL ABRIL'!K101,'[13]INFORME FINAL ABRIL'!K102,'[13]INFORME FINAL ABRIL'!K103,'[13]INFORME FINAL ABRIL'!K106,'[13]INFORME FINAL ABRIL'!K107,'[13]INFORME FINAL ABRIL'!K108,'[13]INFORME FINAL ABRIL'!K109,'[13]INFORME FINAL ABRIL'!K118,'[13]INFORME FINAL ABRIL'!K119,'[13]INFORME FINAL ABRIL'!K120,'[13]INFORME FINAL ABRIL'!K121,'[13]INFORME FINAL ABRIL'!K139,'[13]INFORME FINAL ABRIL'!K140,'[13]INFORME FINAL ABRIL'!K147,'[13]INFORME FINAL ABRIL'!K148) -> 127724796
A78: 6542 | B78: 7854 | C78: =E69 -> 1200125 | D78: 927837 | E78: =C78-D78 -> 272288 | G78: =SUM('[13]INFORME FINAL ABRIL'!K129,'[13]INFORME FINAL ABRIL'!K130,'[13]INFORME FINAL ABRIL'!K131,'[13]INFORME FINAL ABRIL'!K135) -> 927837
A79: 6541 | B79: SAF- 5119 | C79: =E70 -> 4088490 | D79: 290841 | E79: =C79-D79 -> 3797649 | G79: =SUM('[13]INFORME FINAL ABRIL'!K132) -> 290841
A80: TOTAL CONTRATO | E80: =SUM(E75:E79) -> 250602351
C81: =SUM(C75:C79) -> 388757833 | D81: =SUM(D75:D79) -> 138155482
A82: SEGUIMIENTO CONTRATO 1916 / 2022
A83: RP | B83: RUBRO | C83: VALOR RP | D83: SERVICIO - MAYO | E83: SALDO
A84: 6539 | B84: 7850 | C84: =E75 -> 1082402 | D84: 997515 | E84: =C84-D84 -> 84887 | G84: =SUM('[14]INFORME FINAL MAYO'!K84,'[14]INFORME FINAL MAYO'!K85,'[14]INFORME FINAL MAYO'!K87) -> 997515
A85: 6540 | B85: 7851 | C85: =E76 -> 27472123 | D85: 9711039 | E85: =C85-D85 -> 17761084 | G85: =SUM('[14]INFORME FINAL MAYO'!K86,'[14]INFORME FINAL MAYO'!K89,'[14]INFORME FINAL MAYO'!K90,'[14]INFORME FINAL MAYO'!K91,'[14]INFORME FINAL MAYO'!K92,'[14]INFORME FINAL MAYO'!K97,'[14]INFORME FINAL MAYO'!K98,'[14]INFORME FINAL MAYO'!K99,'[14]INFORME FINAL MAYO'!K101,'[14]INFORME FINAL MAYO'!K102,'[14]INFORME FINAL MAYO'!K103,'[14]INFORME FINAL MAYO'!K104,'[14]INFORME FINAL MAYO'!K105,'[14]INFORME FINAL MAYO'!K106,'[14]INFORME FINAL MAYO'!K107,'[14]INFORME FINAL MAYO'!K108,'[14]INFORME FINAL MAYO'!K110,'[14]INFORME FINAL MAYO'!K114,'[14]INFORME FINAL MAYO'!K115,'[14]INFORME FINAL MAYO'!K119,'[14]INFORME FINAL MAYO'!K124,'[14]INFORME FINAL MAYO'!K125,'[14]INFORME FINAL MAYO'!K126,'[14]INFORME FINAL MAYO'!K127,'[14]INFORME FINAL MAYO'!K128,'[14]INFORME FINAL MAYO'!K129,'[14]INFORME FINAL MAYO'!K132,'[14]INFORME FINAL MAYO'!K133,'[14]INFORME FINAL MAYO'!K134,'[14]INFORME FINAL MAYO'!K135,'[14]INFORME FINAL MAYO'!K136) -> 9711039
A86: 6538 | B86: 7852 | C86: =E77 -> 217977889 | D86: 139893413 | E86: =C86-D86 -> 78084476 | G86: =SUM('[14]INFORME FINAL MAYO'!K9:K12,'[14]INFORME FINAL MAYO'!O79,'[14]INFORME FINAL MAYO'!K83,'[14]INFORME FINAL MAYO'!K94,'[14]INFORME FINAL MAYO'!K95,'[14]INFORME FINAL MAYO'!K96,'[14]INFORME FINAL MAYO'!K111,'[14]INFORME FINAL MAYO'!K112,'[14]INFORME FINAL MAYO'!K113,'[14]INFORME FINAL MAYO'!K117,'[14]INFORME FINAL MAYO'!K118,'[14]INFORME FINAL MAYO'!K120,'[14]INFORME FINAL MAYO'!K121,'[14]INFORME FINAL MAYO'!K122,'[14]INFORME FINAL MAYO'!K130,'[14]INFORME FINAL MAYO'!K131,'[14]INFORME FINAL MAYO'!K137,'[14]INFORME FINAL MAYO'!K138,'[14]INFORME FINAL MAYO'!K139,'[14]INFORME FINAL MAYO'!K140,'[14]INFORME FINAL MAYO'!K141,'[14]INFORME FINAL MAYO'!K142,'[14]INFORME FINAL MAYO'!K143,'[14]INFORME FINAL MAYO'!K144,'[14]INFORME FINAL MAYO'!K145,'[14]INFORME FINAL MAYO'!K146,'[14]INFORME FINAL MAYO'!K147,'[14]INFORME FINAL MAYO'!K148,'[14]INFORME FINAL MAYO'!K149,'[14]INFORME FINAL MAYO'!K150,'[14]INFORME FINAL MAYO'!K151,'[14]INFORME FINAL MAYO'!K152,'[14]INFORME FINAL MAYO'!K153,'[14]INFORME FINAL MAYO'!K154,'[14]INFORME FINAL MAYO'!K155,'[14]INFORME FINAL MAYO'!K156,'[14]INFORME FINAL MAYO'!K157,'[14]INFORME FINAL MAYO'!K158,'[14]INFORME FINAL MAYO'!K159) -> 139893413
A87: 6542 | B87: 7854 | C87: =E78 -> 272288 | D87: 225849 | E87: =C87-D87 -> 46439 | G87: ='[14]INFORME FINAL MAYO'!K88 -> 225849
A88: 6541 | B88: SAF- 5119 | C88: =E79 -> 3797649 | D88: 1486553 | E88: =C88-D88 -> 2311096 | G88: =SUM('[14]INFORME FINAL MAYO'!K93,'[14]INFORME FINAL MAYO'!K100,'[14]INFORME FINAL MAYO'!K109,'[14]INFORME FINAL MAYO'!K116,'[14]INFORME FINAL MAYO'!K123) -> 1486553
A89: TOTAL CONTRATO | E89: =SUM(E84:E88) -> 98287982
C90: =SUM(C84:C88) -> 250602351 | D90: =SUM(D84:D88) -> 152314369 | H90: ADICIÓN 08/06/2023
A91: SEGUIMIENTO CONTRATO 1916 / 2022 | H91: 699161500
A92: RP | B92: RUBRO | C92: VALOR RP | D92: SERVICIO - JUNIO | E92: SALDO
A93: 6539 | B93: 7850 | C93: =E84+29244315 -> 29329202 | D93: 2698436 | E93: =C93-D93 -> 26630766 | G93: =SUM('INFORME FINAL JUNIO'!K87,'INFORME FINAL JUNIO'!K117,'INFORME FINAL JUNIO'!K118,'INFORME FINAL JUNIO'!K119,'INFORME FINAL JUNIO'!K120,'INFORME FINAL JUNIO'!K121,'INFORME FINAL JUNIO'!K122,'INFORME FINAL JUNIO'!K123,'INFORME FINAL JUNIO'!K124) -> 2698436
A94: 6540 | B94: 7851 | C94: =E85+22009333 -> 39770417 | D94: 7770113 | E94: =C94-D94 -> 32000304 | G94: =SUM('INFORME FINAL JUNIO'!K85,'INFORME FINAL JUNIO'!K86,'INFORME FINAL JUNIO'!K89,'INFORME FINAL JUNIO'!K90,'INFORME FINAL JUNIO'!K91,'INFORME FINAL JUNIO'!K92,'INFORME FINAL JUNIO'!K93,'INFORME FINAL JUNIO'!K94,'INFORME FINAL JUNIO'!K98,'INFORME FINAL JUNIO'!K99,'INFORME FINAL JUNIO'!K100,'INFORME FINAL JUNIO'!K101,'INFORME FINAL JUNIO'!K102,'INFORME FINAL JUNIO'!K103,'INFORME FINAL JUNIO'!K104,'INFORME FINAL JUNIO'!K105,'INFORME FINAL JUNIO'!K106,'INFORME FINAL JUNIO'!K107,'INFORME FINAL JUNIO'!K108,'INFORME FINAL JUNIO'!K109,'INFORME FINAL JUNIO'!K110,'INFORME FINAL JUNIO'!K111,'INFORME FINAL JUNIO'!K112,'INFORME FINAL JUNIO'!K113,'INFORME FINAL JUNIO'!K114,'INFORME FINAL JUNIO'!K125,'INFORME FINAL JUNIO'!K126) -> 7770113
A95: 6538 | B95: 7852 | C95: =E86+647907852 -> 725992328 | D95: 140360793 | E95: =C95-G95 -> 585631535 | G95: =SUM('INFORME FINAL JUNIO'!O79,'INFORME FINAL JUNIO'!K9:K12,'INFORME FINAL JUNIO'!K83,'INFORME FINAL JUNIO'!K84,'INFORME FINAL JUNIO'!K88,'INFORME FINAL JUNIO'!K96,'INFORME FINAL JUNIO'!K97,'INFORME FINAL JUNIO'!K115,'INFORME FINAL JUNIO'!K116,'INFORME FINAL JUNIO'!K127,'INFORME FINAL JUNIO'!K128,'INFORME FINAL JUNIO'!K129,'INFORME FINAL JUNIO'!K130,'INFORME FINAL JUNIO'!K131,'INFORME FINAL JUNIO'!K132,'INFORME FINAL JUNIO'!K133,'INFORME FINAL JUNIO'!K134,'INFORME FINAL JUNIO'!K135,'INFORME FINAL JUNIO'!K136,'INFORME FINAL JUNIO'!K137,'INFORME FINAL JUNIO'!K138,'INFORME FINAL JUNIO'!K139,'INFORME FINAL JUNIO'!K140,'INFORME FINAL JUNIO'!K141,'INFORME FINAL JUNIO'!K142,'INFORME FINAL JUNIO'!K143,'INFORME FINAL JUNIO'!K144,'INFORME FINAL JUNIO'!K145,'INFORME FINAL JUNIO'!K146,'INFORME FINAL JUNIO'!K147,'INFORME FINAL JUNIO'!K148,'INFORME FINAL JUNIO'!K149,'INFORME FINAL JUNIO'!K150,'INFORME FINAL JUNIO'!K151) -> 140360793
A96: 6542 | B96: 7854 | C96: =E87 -> 46439 | D96: 0 | E96: =C96-D96 -> 46439 | G96: 0
A97: 6541 | B97: SAF- 5119 | C97: =E88 -> 2311096 | D97: 290841 | E97: =C97-D97 -> 2020255 | G97: =SUM('INFORME FINAL JUNIO'!K95) -> 290841
E98: =SUM(E93:E97) -> 646329299
C99: =SUM(C93:C97) -> 797449482 | D99: =SUM(D93:D97) -> 151120183
A100: RP | B100: RUBRO | C100: VALOR RP | D100: SERVICIO - JULIO | E100: SALDO
...

Sheet PLANTILLA
A1: ZONA NORTE
A2: RUTAS CICLOVÍA 40 M3 | I2: LUDICA CICLOVÍA, ESCUELA DE LA BICI, ADICIONALES 25 M3 | R2: CONOS CICLOVÍA 25 M3
A3: CORREDOR | B3: # OPERARIOS | C3: # CAMIONES | D3: MODELO | E3: DISPONIBILIDAD | F3: TIPO DE SERVICIO | G3: $ | I3: ZONA | J3: CORREDOR | K3: # OPERARIOS | L3: # CAMIONES | M3: MODELO | N3: DISPONIBILIDAD | O3: TIPO DE SERVICIO | P3: $ | R3: ZONA | S3: CORREDOR | T3: # OPERARIOS | U3: # CAMIONES | V3: MODELO | W3: DISPONIBILIDAD | X3: TIPO DE SERVICIO | Y3: $
A4: NORTE 1 | B4: =+IF(F4=0,0,MID(F4,LEN(F4)-3,1)) -> 0 | C4: 1 | D4: 2014-2020 | E4: =+IF(F4=0,0,CONCATENATE(MID(F4,FIND("-",F4,1)+1,4),"ORAS")) -> 0 | F4: 0 | G4: =+IF(F4="","",VLOOKUP(F4,$H$139:$I$191,2,FALSE)) -> 0 | I4: CENTRO | J4: CAMIONETA FURGONADA PENDONES CALLE 26 | K4: 0 | L4: 1 | M4: 2014-2020 | N4: =+IF(O4=0,0,CONCATENATE(MID(O4,FIND("-",O4,1)+1,4),"ORAS")) -> 0 | O4: 0 | P4: =+IF(O4="","",VLOOKUP(O4,$H$139:$I$191,2,FALSE)) -> 0 | R4: CENTRO | S4: CENTRO 5 CAMION 1 UNICONOS | T4: =+IF(X4=0,0,MID(X4,LEN(X4)-3,1)) -> 0 | U4: 1 | V4: 2014-2020 | W4: =+IF(X4=0,0,CONCATENATE(MID(X4,FIND("-",X4,1)+1,4),"ORAS")) -> 0 | X4: 0 | Y4: =+IF(X4="","",VLOOKUP(X4,$H$139:$I$191,2,FALSE)) -> 0
A5: NORTE 2 | B5: =+IF(F5=0,0,MID(F5,LEN(F5)-3,1)) -> 0 | C5: 1 | D5: 2014-2020 | E5: =+IF(F5=0,0,CONCATENATE(MID(F5,FIND("-",F5,1)+1,4),"ORAS")) -> 0 | F5: 0 | G5: =+IF(F5="","",VLOOKUP(F5,$H$139:I$191,2,FALSE)) -> 0 | I5: CENTRO | J5: ESCUELA | K5: 3 | L5: 1 | M5: 2014-2020 | N5: =+IF(O5=0,0,CONCATENATE(MID(O5,FIND("-",O5,1)+1,4),"ORAS")) -> 0 | O5: 0 | P5: =+IF(O5="","",VLOOKUP(O5,$H$139:$I$191,2,FALSE)) -> 0 | R5: CENTRO | S5: CENTRO 5 CAMION 2 UNICONOS | T5: =+IF(X5=0,0,MID(X5,LEN(X5)-3,1)) -> 0 | U5: 1 | V5: 2014-2020 | W5: =+IF(X5=0,0,CONCATENATE(MID(X5,FIND("-",X5,1)+1,4),"ORAS")) -> 0 | X5: 0 | Y5: =+IF(X5="","",VLOOKUP(X5,$H$139:$I$191,2,FALSE)) -> 0
A6: NORTE 3 | B6: =+IF(F6=0,0,MID(F6,LEN(F6)-3,1)) -> 0 | C6: 1 | D6: 2014-2020 | E6: =+IF(F6=0,0,CONCATENATE(MID(F6,FIND("-",F6,1)+1,4),"ORAS")) -> 0 | F6: 0 | G6: =+IF(F6="","",VLOOKUP(F6,$H$139:I$191,2,FALSE)) -> 0 | N6: =+IF(O6=0,0,CONCATENATE(MID(O6,FIND("-",O6,1)+1,4),"ORAS")) -> 0 | O6: 0 | P6: =+IF(O6="","",VLOOKUP(O6,$H$139:$I$191,2,FALSE)) -> 0 | R6: CENTRO | S6: CENTRO 4 CAMION 3 UNICONOS | T6: =+IF(X6=0,0,MID(X6,LEN(X6)-3,1)) -> 0 | U6: 1 | V6: 2014-2020 | W6: =+IF(X6=0,0,CONCATENATE(MID(X6,FIND("-",X6,1)+1,4),"ORAS")) -> 0 | X6: 0 | Y6: =+IF(X6="","",VLOOKUP(X6,$H$139:$I$191,2,FALSE)) -> 0
A7: NORTE 4 | B7: =+IF(F7=0,0,MID(F7,LEN(F7)-3,1)) -> 0 | C7: 1 | D7: 2014-2020 | E7: =+IF(F7=0,0,CONCATENATE(MID(F7,FIND("-",F7,1)+1,4),"ORAS")) -> 0 | F7: 0 | G7: =+IF(F7="","",VLOOKUP(F7,$H$139:I$191,2,FALSE)) -> 0 | O7: 0 | P7: =+IF(O7="","",VLOOKUP(O7,$H$139:$I$191,2,FALSE)) -> 0 | X7: 0 | Y7: =+IF(X7="","",VLOOKUP(X7,$H$139:$I$185,2,FALSE)) -> 0
A8: NORTE 5 ZONA 1 | B8: =+IF(F8=0,0,MID(F8,LEN(F8)-3,1)) -> 0 | C8: 1 | D8: 2014-2020 | E8: =+IF(F8=0,0,CONCATENATE(MID(F8,FIND("-",F8,1)+1,4),"ORAS")) -> 0 | F8: 0 | G8: =+IF(F8="","",VLOOKUP(F8,$H$139:I$191,2,FALSE)) -> 0 | O8: 0 | P8: =+IF(O8="","",VLOOKUP(O8,$H$139:$I$191,2,FALSE)) -> 0 | U8: =+U4+U5+U6+U7 -> 3
A9: NORTE 1 MALETINES | B9: =+IF(F9=0,0,MID(F9,LEN(F9)-3,1)) -> 0 | C9: 1 | D9: 2014-2020 | E9: =+IF(F9=0,0,CONCATENATE(MID(F9,FIND("-",F9,1)+1,4),"ORAS")) -> 0 | F9: 0 | G9: =+IF(F9="","",VLOOKUP(F9,$H$139:I$191,2,FALSE)) -> 0
A10: NORTE 1 DIVISORES | B10: =+IF(F10=0,0,MID(F10,LEN(F10)-3,1)) -> 0 | C10: 1 | D10: 2014-2020 | E10: =+IF(F10=0,0,CONCATENATE(MID(F10,FIND("-",F10,1)+1,4),"ORAS")) -> 0 | F10: 0 | G10: =+IF(F10="","",VLOOKUP(F10,$H$139:I$191,2,FALSE)) -> 0
B13: =+B10+B9+B8+B7+B6+B5+B4 -> 0 | C13: =+C10+C9+C8+C7+C6+C5+C4 -> 7 | G13: =SUM(G4:G12) -> 0 | R13: OPERARIOS ADICIONALES
A14: RUTAS CICLOVÍA 25 M3 | R14: ZONA | S14: CORREDOR | T14: # OPERARIOS | U14: # CAMIONES | V14: MODELO | W14: DISPONIBILIDAD | X14: TIPO DE SERVICIO | Y14: $
A15: CORREDOR | B15: # OPERARIOS | C15: # CAMIONES | D15: MODELO | E15: DISPONIBILIDAD | F15: TIPO DE SERVICIO | G15: $ | R15: CENTRO | S15: APOYO CICLOVÍA | T15: 3 | U15: 0 | V15: NA | W15: =+IF(X15=0,0,CONCATENATE(MID(X15,FIND("-",X15,1)+1,4),"ORAS")) -> 0 | X15: 0 | Y15: =+IF(X15="","",VLOOKUP(X15,$H$139:$I$191,2,FALSE)) -> 0
A16: NORTE 5 ZONA 2 | B16: =+IF(F16=0,0,MID(F16,LEN(F16)-3,1)) -> 0 | C16: 1 | D16: 2014-2020 | E16: =+IF(F16=0,0,CONCATENATE(MID(F16,FIND("-",F16,1)+1,4),"ORAS")) -> 0 | F16: 0 | G16: =+IF(F16="","",VLOOKUP(F16,$H$139:I$191,2,FALSE)) -> 0 | I16: ATN CICLOVÍA, ESCUELA DE LA BICI, ADICIONALES 40 M3 | R16: CENTRO | S16: ADICIONALES | T16: 2 | U16: 0 | V16: NA | W16: =+IF(X16=0,0,CONCATENATE(MID(X16,FIND("-",X16,1)+1,4),"ORAS")) -> 0 | X16: 0 | Y16: =+IF(X16="","",VLOOKUP(X16,$H$139:$I$191,2,FALSE)) -> 0
I17: ZONA | J17: CORREDOR | K17: # OPERARIOS | L17: # CAMIONES | M17: MODELO | N17: DISPONIBILIDAD | O17: TIPO DE SERVICIO | P17: $
I18: CENTRO | J18: TRASLADO DE ELEMENTOS | L18: 1 | M18: 2014-2020 | N18: =+IF(O18=0,0,CONCATENATE(MID(O18,FIND("-",O18,1)+1,4),"ORAS")) -> 0 | O18: 0 | P18: =+IF(O18="","",VLOOKUP(O18,$H$139:$I$191,2,FALSE)) -> 0 | R18: CAMIONETA 4 X4 DOBLE CABINA CON PLATON
N19: =+IF(O19=0,0,CONCATENATE(MID(O19,FIND("-",O19,1)+1,4),"ORAS")) -> 0 | O19: 0 | P19: =+IF(O19="","",VLOOKUP(O19,$H$139:$I$191,2,FALSE)) -> 0 | R19: ZONA | S19: CORREDOR | T19: # OPERARIOS | U19: # CAMIONES | V19: MODELO | W19: DISPONIBILIDAD | X19: TIPO DE SERVICIO | Y19: $
R20: NORTE | S20: APOYO CICLOVÍA | T20: NA | U20: NA | V20: 2014-2020 | W20: =+IF(X20=0,0,CONCATENATE(MID(X20,FIND("-",X20,1)+1,4),"ORAS")) -> 0 | X20: 0 | Y20: =+IF(X20="","",VLOOKUP(X20,$H$139:$I$191,2,FALSE)) -> 0
R21: CENTRO | S21: APOYO CICLOVÍA | T21: NA | U21: 1 | V21: 2014-2020 | W21: =+IF(X21=0,0,CONCATENATE(MID(X21,FIND("-",X21,1)+1,4),"ORAS")) -> 0 | X21: 0 | Y21: =+IF(X21="","",VLOOKUP(X21,$H$139:$I$191,2,FALSE)) -> 0
A22: valor total | B22: =SUM(B4:B13)+B16+B17+B18+B19+B20+B21 -> 0 | C22: =+C4+C5+C6+C7+C8+C9+C10+C16 -> 8 | G22: =SUM(G13,G16:G21) -> 0 | R22: CENTRO | S22: APOYO CICLOVÍA | T22: NA | U22: NA | V22: 2014-2020 | W22: =+IF(X22=0,0,CONCATENATE(MID(X22,FIND("-",X22,1)+1,4),"ORAS")) -> 0 | X22: 0 | Y22: =+IF(X22="","",VLOOKUP(X22,$H$139:$I$191,2,FALSE)) -> 0
A23: ZONA CENTRO | R23: SUR | S23: APOYO CICLOVÍA | T23: NA | U23: NA | V23: 2014-2020 | W23: =+IF(X23=0,0,CONCATENATE(MID(X23,FIND("-",X23,1)+1,4),"ORAS")) -> 0 | X23: 0 | Y23: =+IF(X23="","",VLOOKUP(X23,$H$139:$I$191,2,FALSE)) -> 0
A24: RUTAS CICLOVÍA 40 M3
A25: CORREDOR | B25: # OPERARIOS | C25: # CAMIONES | D25: MODELO | E25: DISPONIBILIDAD | F25: TIPO DE SERVICIO | G25: $ | J25: TOTAL | K25: =SUM(K4:K15,K18:K24) -> 3 | L25: =SUM(L4:L24) -> 3 | P25: =SUM(P4:P24) -> 0 | S25: TOTAL | T25: =+T15+T16+T4+T5+T6+T7 -> 5 | U25: =SUM(U4:U7,U21) -> 4 | Y25: =SUM(Y4:Y23) -> 0
A26: CENTRO 1 | B26: =+IF(F26=0,0,MID(F26,LEN(F26)-3,1)) -> 0 | C26: 1 | D26: 2014-2020 | E26: =+IF(F26=0,0,CONCATENATE(MID(F26,FIND("-",F26,1)+1,4),"ORAS")) -> 0 | F26: 0 | G26: =+IF(F26="","",VLOOKUP(F26,$H$139:I$191,2,FALSE)) -> 0
A27: CENTRO 2 | B27: =+IF(F27=0,0,MID(F27,LEN(F27)-3,1)) -> 0 | C27: 1 | D27: 2014-2020 | E27: =+IF(F27=0,0,CONCATENATE(MID(F27,FIND("-",F27,1)+1,4),"ORAS")) -> 0 | F27: 0 | G27: =+IF(F27="","",VLOOKUP(F27,$H$139:I$191,2,FALSE)) -> 0
A28: CENTRO 5 | B28: =+IF(F28=0,0,MID(F28,LEN(F28)-3,1)) -> 0 | C28: 1 | D28: 2014-2020 | E28: =+IF(F28=0,0,CONCATENATE(MID(F28,FIND("-",F28,1)+1,4),"ORAS")) -> 0 | F28: 0 | G28: =+IF(F28="","",VLOOKUP(F28,$H$139:I$191,2,FALSE)) -> 0
A32: RUTAS CICLOVÍA 25 M3
B33: # OPERARIOS | C33: # CAMIONES | D33: MODELO | F33: TIPO DE SERVICIO | G33: $
A34: CENTRO 3 ZONA 1 | B34: =+IF(F34=0,0,MID(F34,LEN(F34)-3,1)) -> 0 | C34: 1 | D34: 2014-2020 | E34: =+IF(F34=0,0,CONCATENATE(MID(F34,FIND("-",F34,1)+1,4),"ORAS")) -> 0 | F34: 0 | G34: =+IF(F34="","",VLOOKUP(F34,$H$139:I$191,2,FALSE)) -> 0
A35: CENTRO 3 ZONA 2 | B35: =+IF(F35=0,0,MID(F35,LEN(F35)-3,1)) -> 0 | C35: 1 | D35: 2014-2020 | E35: =+IF(F35=0,0,CONCATENATE(MID(F35,FIND("-",F35,1)+1,4),"ORAS")) -> 0 | F35: 0 | G35: =+IF(F35="","",VLOOKUP(F35,$H$139:I$191,2,FALSE)) -> 0
A36: CENTRO 4 | B36: =+IF(F36=0,0,MID(F36,LEN(F36)-3,1)) -> 0 | C36: 1 | D36: 2014-2020 | E36: =+IF(F36=0,0,CONCATENATE(MID(F36,FIND("-",F36,1)+1,4),"ORAS")) -> 0 | F36: 0 | G36: =+IF(F36="","",VLOOKUP(F36,$H$139:I$191,2,FALSE)) -> 0
A37: CENTRO 6 ZONA 1 | B37: =+IF(F37=0,0,MID(F37,LEN(F37)-3,1)) -> 0 | C37: 1 | D37: 2014-2020 | E37: =+IF(F37=0,0,CONCATENATE(MID(F37,FIND("-",F37,1)+1,4),"ORAS")) -> 0 | F37: 0 | G37: =+IF(F37="","",VLOOKUP(F37,$H$139:I$191,2,FALSE)) -> 0
A38: CENTRO 6 ZONA 2 | B38: =+IF(F38=0,0,MID(F38,LEN(F38)-3,1)) -> 0 | C38: 1 | D38: 2014-2020 | E38: =+IF(F38=0,0,CONCATENATE(MID(F38,FIND("-",F38,1)+1,4),"ORAS")) -> 0 | F38: 0 | G38: =+IF(F38="","",VLOOKUP(F38,$H$139:I$191,2,FALSE)) -> 0
A40: valor total | B40: =+B26+B27+B28+B34+B35+B36+B37+B38 -> 0 | C40: =SUM(C26:C32)+C34+C35+C36+C37+C38+C39 -> 8 | E40: =+IF(F40=0,0,CONCATENATE(MID(F40,FIND("-",F40,1)+1,3),"ORAS")) -> 0 | G40: =SUM(G26:G31,G34:G39) -> 0
A41: ZONA SUR
A42: RUTAS CICLOVÍA 40 M3
A43: CORREDOR | B43: # OPERARIOS | C43: # CAMIONES | D43: MODELO | E43: DISPONIBILIDAD | F43: TIPO DE SERVICIO | G43: $
A52: RUTAS CICLOVÍA 25 M3
A53: CORREDOR | B53: # OPERARIOS | C53: # CAMIONES | D53: MODELO | E53: DISPONIBILIDAD | F53: TIPO DE SERVICIO | G53: $
A54: SUR 1 ZONA 1 | B54: =+IF(F54=0,0,MID(F54,LEN(F54)-3,1)) -> 0 | C54: 1 | D54: 2014-2020 | E54: =+IF(F54=0,0,CONCATENATE(MID(F54,FIND("-",F54,1)+1,4),"ORAS")) -> 0 | F54: 0 | G54: =+IF(F54="","",VLOOKUP(F54,$H$139:I$191,2,FALSE)) -> 0
A55: SUR 1 ZONA 2 | B55: =+IF(F55=0,0,MID(F55,LEN(F55)-3,1)) -> 0 | C55: 1 | D55: 2014-2020 | E55: =+IF(F55=0,0,CONCATENATE(MID(F55,FIND("-",F55,1)+1,4),"ORAS")) -> 0 | F55: 0 | G55: =+IF(F55="","",VLOOKUP(F55,$H$139:I$191,2,FALSE)) -> 0
A56: SUR 1 MALETINES | B56: =+IF(F56=0,0,MID(F56,LEN(F56)-3,1)) -> 0 | C56: 1 | D56: 2014-2020 | E56: =+IF(F56=0,0,CONCATENATE(MID(F56,FIND("-",F56,1)+1,4),"ORAS")) -> 0 | F56: 0 | G56: =+IF(F56="","",VLOOKUP(F56,$H$139:I$191,2,FALSE)) -> 0
A57: SUR 2 | B57: =+IF(F57=0,0,MID(F57,LEN(F57)-3,1)) -> 0 | C57: 1 | D57: 2014-2020 | E57: =+IF(F57=0,0,CONCATENATE(MID(F57,FIND("-",F57,1)+1,4),"ORAS")) -> 0 | F57: 0 | G57: =+IF(F57="","",VLOOKUP(F57,$H$139:I$191,2,FALSE)) -> 0
A58: SUR 2 CANECAS 1 | B58: =+IF(F58=0,0,MID(F58,LEN(F58)-3,1)) -> 0 | C58: 1 | D58: 2014-2020 | E58: =+IF(F58=0,0,CONCATENATE(MID(F58,FIND("-",F58,1)+1,4),"ORAS")) -> 0 | F58: 0 | G58: =+IF(F58="","",VLOOKUP(F58,$H$139:I$191,2,FALSE)) -> 0
A59: SUR 2 CANECAS 2 | B59: =+IF(F59=0,0,MID(F59,LEN(F59)-3,1)) -> 0 | C59: 1 | D59: 2014-2020 | E59: =+IF(F59=0,0,CONCATENATE(MID(F59,FIND("-",F59,1)+1,4),"ORAS")) -> 0 | F59: 0 | G59: =+IF(F59="","",VLOOKUP(F59,$H$139:I$191,2,FALSE)) -> 0
A60: SUR 2 CANECAS 3 | B60: =+IF(F60=0,0,MID(F60,LEN(F60)-3,1)) -> 0 | C60: 1 | D60: 2014-2020 | E60: =+IF(F60=0,0,CONCATENATE(MID(F60,FIND("-",F60,1)+1,4),"ORAS")) -> 0 | F60: 0 | G60: =+IF(F60="","",VLOOKUP(F60,$H$139:I$191,2,FALSE)) -> 0
A61: SUR 2 CANECAS 4 | B61: =+IF(F61=0,0,MID(F61,LEN(F61)-3,1)) -> 0 | C61: 1 | D61: 2014-2020 | E61: =+IF(F61=0,0,CONCATENATE(MID(F61,FIND("-",F61,1)+1,4),"ORAS")) -> 0 | F61: 0 | G61: =+IF(F61="","",VLOOKUP(F61,$H$139:I$191,2,FALSE)) -> 0
A62: SUR 3 ZONA 1 | B62: =+IF(F62=0,0,MID(F62,LEN(F62)-3,1)) -> 0 | C62: 1 | D62: 2014-2020 | E62: =+IF(F62=0,0,CONCATENATE(MID(F62,FIND("-",F62,1)+1,4),"ORAS")) -> 0 | F62: 0 | G62: =+IF(F62="","",VLOOKUP(F62,$H$139:I$191,2,FALSE)) -> 0
A63: SUR 3 ZONA 2 | B63: =+IF(F63=0,0,MID(F63,LEN(F63)-3,1)) -> 0 | C63: 1 | D63: 2014-2020 | E63: =+IF(F63=0,0,CONCATENATE(MID(F63,FIND("-",F63,1)+1,4),"ORAS")) -> 0 | F63: 0 | G63: =+IF(F63="","",VLOOKUP(F63,$H$139:I$191,2,FALSE)) -> 0
A65: valor total | B65: =+B54+B55+B56+B57+B58+B64+B59+B60+B61+B62+B63+B46+B47+B48+B49+B50+B51 -> 0 | C65: =C59+C60+C61+C62+C63+C46+C47+C48+C49+C50+C54+C55+C56+C57+C58+C64 -> 10 | G65: =SUM(G46:G51,G54:G64) -> 0
A67: TOTAL | B67: =B65+B40+B22 -> 0 | C67: =C65+C40+C22 -> 26 | D67: =D65+D40+D22 -> 0 | G67: =SUM(G22,G40,G65) -> 0
J68: GRAN TOTAL OPERA | K68: =K25+B67+T25+AB25 -> 8
J69: GRAN TOTAL CAMIONES | K69: =L25+C67+U25+AC25 -> 33 | M69: ZONA NORTE | N69: ZONA CENTRO | O69: ZONA SUR
J70: VALOR $ | K70: =SUM(G67,P25,Y25) -> 0 | M70: =SUM(G22,Y20) -> 0 | N70: =SUM(G40,P4:P15,P18:P24,Y4:Y8,Y15:Y16,Y21:Y22) -> 0 | O70: =SUM(G46:G51,G54:G63,Y23) -> 0 | P70: =SUM(M70:O70) -> 0
A72: OTRAS NOVEDADES DE JORNADA
A73: MOVIMIENTOS: * SE REQUIERE QUE LOS DOS OPERARI@S PARA APOYO DE CICLOVÍA LLEGUEN A PLAZA DE LOS ARTESANOS Carrera 60 #63A-52 A LAS 10:00 AM Y ESTEN DISPONIBLES 05 PM. ENCARGADO EDDY CAMACHO 3163678143 * LA CAMIONETA FURGONADA DE PENDONES DE CALLE 26 DEBE LLEGAR A LAS 4:00 AM A LA PLAZA DE ARTESANOS, JUNTO CON LOS DOS OPERARIOS ADICIONALES. CAMIONETA 1: CAMIONETA DEBE LLEGAR A LAS 4:00 AM A CALLE 3 QUEDA DISPONIBLE. ENCARGADO KEVIN SILVA 3214765973 CAMIONETA 2: CAMIONETA DEBE LLEGAR A LAS 4:00 AM A CALLE 3 QUEDA DISPONIBLE. ENCARGADO KEVIN SILVA 3214765973 CAMIONETA 3: CAMIONETA DEBE LLEGAR A LAS 4:00 AM A CALLE 3 QUEDA DISPONIBLE. ENCARGADO KEVIN SILVA 3214765973 FURGONADA: CAMIONETA DEBE LLEGAR A LAS 5:30 AM A CALLE 3 QUEDA DISPONIBLE. ENCARGADO KEVIN SILVA 3214765973 ESCUELA DE LA BICI: EL VEHÍCULO DE ESCUELA. SE ACALARA QUE DEBEN COMUNICARSE CON EL TALENTO HUMANO DE EL PROGRAMA DE ESCUELA DE LA BICICLETA SERGIO PRIETO CEL 3167160204, LO ANTERIOR PARA COORDINAR LOS PUNTOS Y LOS DESPLAZAMIENTOS. DISPONIBLES: SE DEBE DEJAR DOS CAMIONES DE 25m2 CON 3 OPERARIOS LOS CUALES DEBEN REGRESAR A LA CALLE 3 A LAS 8:30 AM, ENCARGADO EDDY CAMACHO 3163678143. 3012802342
A93: Apoyan Guardaines ATN Norte 4, Norte 2 y Norte 3 Apoan Guardianes ATN Norte 1, Centro 1 y Centro 5 Apoyan Guardianes ATN Centro 4, Centro 3 y Sur 3 Apoyan Guardianes ATN Sur 1, Sur 2 y Centro 2
J138: TIPO DE DISPONIBILIDAD | K138: OPERARIOS
F139: 0 | G139: 0 | H139: 0 | I139: 0 | J139: 0 | K139: 0 | L139: 0 | M139: 0 | N139: =+CONCATENATE(G139,"VEHICULO",M139) -> 0VEHICULO0
F140: 40m³-15H-4OP | G140: 1. | H140: 1.CAMION TIPO40m³-15 HORAS-4 OP | I140: 582964 | J140: C | K140: 4 | L140: 1 SENCILLO 15H 4OP | M140: . | N140: =+CONCATENATE(G140,F140) -> 1.40m³-15H-4OP
F141: 40m³-15H-3OP | G141: 2. | H141: 2.CAMION TIPO40m³-15 HORAS-3 OP | I141: 514916 | J141: C | K141: 3 | L141: 2 SENCILLO 15H 3OP | M141: . | N141: =+CONCATENATE(G141,F141) -> 2.40m³-15H-3OP
F142: 40m³-15H-2OP | G142: 3. | H142: 3.CAMION TIPO40m³-15 HORAS-2 OP | I142: 448638 | J142: C | K142: 2 | L142: 3 SENCILLO 15H 2OP | M142: . | N142: =+CONCATENATE(G142,F142) -> 3.40m³-15H-2OP
F143: 40m³-15H-1OP | G143: 4. | H143: 4.CAMION TIPO40m³-15 HORAS-1 OP | I143: 381163 | J143: C | K143: 1 | L143: 4 SENCILLO 15H 1OP | M143: . | N143: =+CONCATENATE(G143,F143) -> 4.40m³-15H-1OP
F144: 40m³-15H-0OP | G144: 5. | H144: 5.CAMION TIPO40m³-15 HORAS-0 OP | I144: 321680 | J144: C | K144: 0 | L144: 5 SENCILLO 15H 0OP | M144: . | N144: =+CONCATENATE(G144,F144) -> 5.40m³-15H-0OP
F145: 40m³-9H-4OP | G145: 6. | H145: 6.CAMION TIPO40m³-09 HORAS-4 OP | I145: 509192 | J145: M | K145: 4 | L145: 6 SENCILLO M 4OP | M145: . | N145: =+CONCATENATE(G145,F145) -> 6.40m³-9H-4OP
F146: 40m³-9H-3OP | G146: 7. | H146: 7.CAMION TIPO40m³-09 HORAS-3 OP | I146: 450204 | J146: M | K146: 3 | L146: 7 SENCILLO M 3OP | M146: . | N146: =+CONCATENATE(G146,F146) -> 7.40m³-9H-3OP
F147: 40m³-9H-2OP | G147: 8. | H147: 8.CAMION TIPO40m³-09 HORAS-2 OP | I147: 392186 | J147: M | K147: 2 | L147: 8 SENCILLO M 2OP | M147: . | N147: =+CONCATENATE(G147,F147) -> 8.40m³-9H-2OP
F148: 40m³-9H-1OP | G148: 9. | H148: 9.CAMION TIPO40m³-09 HORAS-1 OP | I148: 329397 | J148: M | K148: 1 | L148: 9 SENCILLO M 1OP | M148: . | N148: =+CONCATENATE(G148,F148) -> 9.40m³-9H-1OP
F149: 40m³-9H-0OP | G149: 10. | H149: 10.CAMION TIPO40m³-09 HORAS-0 OP | I149: 280919 | J149: M | K149: 0 | L149: 10 SENCILLO M 0OP | M149: . | N149: =+CONCATENATE(G149,F149) -> 10.40m³-9H-0OP
F150: 40m³-4H-4OP | G150: 11. | H150: 11.CAMION TIPO40m³-04 HORAS-4 OP | I150: 420585 | J150: R | K150: 4 | L150: 11 SENCILLO R 4OP | M150: . | N150: =+CONCATENATE(G150,F150) -> 11.40m³-4H-4OP
F151: 40m³-4H-3OP | G151: 12. | H151: 12.CAMION TIPO40m³-04 HORAS-3 OP | I151: 369327 | J151: R | K151: 3 | L151: 12 SENCILLO R 3OP | M151: . | N151: =+CONCATENATE(G151,F151) -> 12.40m³-4H-3OP
... F181: OPERARIO-6-H | G181: 42. | H181: 42.OPERARIO-06 HORAS | I181: 41562 | J181: H | K181: 0 | L181: 42 OPERARIO 6 H | M181: . | N181: =+CONCATENATE(G181,F181) -> 42.OPERARIO-6-H
F182: BOGOTA-REGION-40m³- | G182: 43. | H182: 43.BOGOTA-REGION-40m³-9 HORAS | I182: 628232 | N182: =+CONCATENATE(G182,F182) -> 43.BOGOTA-REGION-40m³-
F183: BOGOTA-REGION-25m³- | G183: 44. | H183: 44.BOGOTA-REGION-25m³-9 HORAS | I183: 562619 | N183: =+CONCATENATE(G183,F183) -> 44.BOGOTA-REGION-25m³-
F184: BOGOTA-REGION-FURGON- | G184: 45. | H184: 45.BOGOTA-REGION-FURGON-9 HORAS | I184: 418264 | N184: =+CONCATENATE(G184,F184) -> 45.BOGOTA-REGION-FURGON-
F185: BOGOTA-REGION-4X4 | G185: 46. | H185: 46.BOGOTA-REGION-4X4-9 HORAS | I185: 288714 | N185: =+CONCATENATE(G185,F185) -> 46.BOGOTA-REGION-4X4
H186: 47. 6 OPERARIO-06 HORAS | I186: =41562*6 -> 249372 | J186: H | N186: =+CONCATENATE(G186,F186)
H187: 48. 8 OPERARIO-06 HORAS | I187: =41562*8 -> 332496 | J187: H
H188: 49. 10 OPERARIO-06 HORAS | I188: =41562*10 -> 415620 | J188: H
H189: 50. 6 OPERARIO-08 HORAS | I189: =53577*6 -> 321462 | J189: H
H190: 51. 8 OPERARIO-08 HORAS | I190: =53577*8 -> 428616 | J190: H
H191: 52. 10 OPERARIO-08 HORAS | I191: =53577*10 -> 535770 | J191: H
